Workbook
Name Afectación_Económica: '3 PROBABIL E IMPACTO INHERENTE'!$X$9:$X$14
Name Definicion_tratamiento: '11 FORMULAS'!#REF!
Name E_Relaciones_Laborales: '11 FORMULAS'!$C$12:$C$17
Name Ejecución_administración_de_procesos: Tabla2[Ejecución_administración_de_procesos]
Name Evento_externo: '11 FORMULAS'!$F$39:$F$42
Name F_Usuarios_Productos_y_Prácticas_Organizacionales: '11 FORMULAS'!$C$18:$C$23
Name Fiscal: '11 FORMULAS'!$B$32:$B$35
Name Fiscal_A: '11 FORMULAS'!#REF!
Name Fiscal_B: '11 FORMULAS'!#REF!
Name G_Daños_Activos_Físicos: '11 FORMULAS'!$C$24:$C$26
Name Gestión: '11 FORMULAS'!$A$32:$A$34
Name Gestiòn: '11 FORMULAS'!#REF!
Name Gestión_A: '11 FORMULAS'!#REF!
Name Gestión_B: '11 FORMULAS'!#REF!
Name IMPACTO_PROCESOS: '[1]LISTAS FORMULAS'!$C$3:$C$7
Name IMPACTO_PROCESOS: '[1]LISTAS FORMULAS'!$C$3:$C$7
Name IMPACTO_PROCESOS: '[1]LISTAS FORMULAS'!$C$3:$C$7
Name IMPACTO_PROCESOS: '[1]LISTAS FORMULAS'!$C$3:$C$7
Name IMPACTO_PROCESOS: '[1]LISTAS FORMULAS'!$C$3:$C$7
Name IMPACTO_PROCESOS: '[1]LISTAS FORMULAS'!$C$3:$C$7
Name Infraestructura: '11 FORMULAS'!$E$39:$E$42
Name Integridad_Pública_Corrupción: '11 FORMULAS'!$D$32:$D$34
Name Integridad_Pública_LA_FT_FP: '11 FORMULAS'!$E$32:$E$34
Name IntegridadPública_Corrupción: '11 FORMULAS'!#REF!
Name IntegridadPública_LA_FT_FP: '11 FORMULAS'!#REF!
Name opciones: '[1]LISTAS FORMULAS'!$F$3:$F$4
Name opciones: '[1]LISTAS FORMULAS'!$F$3:$F$4
Name opciones: '[1]LISTAS FORMULAS'!$F$3:$F$4
Name opciones: '[1]LISTAS FORMULAS'!$F$3:$F$4
Name opciones: '[1]LISTAS FORMULAS'!$F$3:$F$4
Name opciones: '[1]LISTAS FORMULAS'!$F$3:$F$4
Name opciones2: '[1]LISTAS FORMULAS'!$G$3:$G$5
Name opciones2: '[1]LISTAS FORMULAS'!$G$3:$G$5
Name opciones2: '[1]LISTAS FORMULAS'!$G$3:$G$5
Name opciones2: '[1]LISTAS FORMULAS'!$G$3:$G$5
Name opciones2: '[1]LISTAS FORMULAS'!$G$3:$G$5
Name opciones2: '[1]LISTAS FORMULAS'!$G$3:$G$5
Name Plan_accion: '11 FORMULAS'!#REF!
Name Plan_acción: '11 FORMULAS'!#REF!
Name Plan_de_acción: '11 FORMULAS'!#REF!
Name Posibilidad__de_efecto_dañoso_sobre_el_interes_patrimonial: '11 FORMULAS'!#REF!
Name Posibilidad_de_pérdida_Económica: '11 FORMULAS'!#REF!
Name Quince_Cero: '[1]LISTAS FORMULAS'!$F$14:$F$15
Name Quince_Cero: '[1]LISTAS FORMULAS'!$F$14:$F$15
Name Quince_Cero: '[1]LISTAS FORMULAS'!$F$14:$F$15
Name Quince_Cero: '[1]LISTAS FORMULAS'!$F$14:$F$15
Name Quince_Cero: '[1]LISTAS FORMULAS'!$F$14:$F$15
Name Quince_Cero: '[1]LISTAS FORMULAS'!$F$14:$F$15
Name Rango_Calificacion_Ejecucion: '[1]LISTAS FORMULAS'!$H$3:$H$5
Name Rango_Calificacion_Ejecucion: '[1]LISTAS FORMULAS'!$H$3:$H$5
Name Rango_Calificacion_Ejecucion: '[1]LISTAS FORMULAS'!$H$3:$H$5
Name Rango_Calificacion_Ejecucion: '[1]LISTAS FORMULAS'!$H$3:$H$5
Name Rango_Calificacion_Ejecucion: '[1]LISTAS FORMULAS'!$H$3:$H$5
Name Rango_Calificacion_Ejecucion: '[1]LISTAS FORMULAS'!$H$3:$H$5
Name Reducir_mitigar_Transferir_Evitar: '8 MAPA RIESGOS'!$AJ$16:$AJ$18
Name Reputacional: '3 PROBABIL E IMPACTO INHERENTE'!$Y$9:$Y$14
Name Requiere_Plan_de_Acción: '8 MAPA RIESGOS'!$AJ$16:$AJ$18
Name Seg.Información: '11 FORMULAS'!#REF!
Name Seguridad_Información: '11 FORMULAS'!$C$32:$C$34
Name Talento_Humano: '11 FORMULAS'!$C$39:$C$42

Sheet 1 INSTRUCTIVO
B2: Matriz Mapa de Riesgos
B4: Con la expedición del Decreto 1499 de 2017 “Por medio del cual se modifica el Decreto 1083 de 2015, Decreto Único Reglamentario del Sector Función Pública, en lo relacionado con el Sistema de Gestión establecido en el artículo 133 de la Ley 1753 de 2015”, se crea un solo Sistema de Gestión y se alinea con el Sistema de Control Interno, hoy todas las entidades públicas requieren actualizar y/o implementar el Modelo Integrado de Planeación y Gestión MIPG, modelo que incorpora el Modelo Estándar de Control Interno MECI a través de la 7a dimensión del mismo. En este marco general, el proceso de administración del riesgo es un esfuerzo conjunto entre la Alta Dirección y los servidores en todos sus niveles, ejercicio que inicia con la formulación de la política de Administración del Riesgo, la cual incluye los niveles de responsabilidad frente al seguimiento y evaluación, aspectos que deberán definirse acorde con el Esquema de Líneas de Defensa vinculado a la Dimensión 7. Teniendo en cuenta lo anterior y dada la necesidad de las entidades frente a la estructuración de los mapas de riesgos, como herramienta fundamental frente a la gestión del riesgo, el presente formato desarrolla un esquema completo acorde con los contenidos metodológicos de la Guía para la Administración del Riesgo y el diseño de controles V5. El formato cuenta con celdas parametrizadas y permite contar con los respectivos mapas de calor para riesgo inherente y riesgo residual.
B6: Orientaciones Generales
B7: Antes de iniciar con el diligenciamiento de la información en la matriz, se requiere haber avanzado en el análisis del proceso, su objetivo, alcance, actividades clave, considere los lineamientos establecidos en el Paso 2: identificación del riesgo, donde se explica ampliamente las bases para adelantar este análisis. Así mismo, considere en el Paso 3: valoración del riesgo los lineamientos para definir el No. de veces que se hace la actividad con la cual se relaciona el riesgo y su impacto en términos económicos o reputacionales. En este mismo paso se analizan los controles que deben responder a los atributos de eficiencia e informativos.
B9: Las hojas se encuentran protegidas para evidar dañar las formulas, para desprotegerlas no se requiere contraseña
B11: Se debe ingresar información solo en las celdas identificadas con color NARANJA CLARO, las demás contienen formulas de autollenado
B13: El formato de fecha es: DD/MM/AAAA
B15: El archivo contiene las siguientes hojas:
B17: 1 INSTRUCTIVO: Identifica el contenido del archivo y su funcionalidad
B19: 2 CONTEXTO E IDENTIFICACIÓN: Se establece el Número, Descripción y Factor del riesgo
C21: Columna | E21: Descripción - Lineamientos para el diligenciamiento
C22: Proceso | E22: Diligencie el nombre del proceso al cual se le identificarán y valorarán los riesgos.
C23: Objetivo del Proceso | E23: Diligencie el objetivo del proceso.
C24: Elaboración o Actualización: | E24: Fecha en la que realiza el diligenciamiento o actualización del mapa de riesgos, formato (DD/MM/AAAA)
C25: Vigencia: | E25: Vigencia que tiene el mapa de riesgos fecha inicio fecha final, formato (DD/MM/AAAA)
C26: No. de Riesgo | E26: Permite definir unl consecutivo de riesgos. Una entidad puede ir en el riesgo 150, pero tener 70 riesgos, lo que permite llevar una traza de los riesgos. Esta información la debe administrar la oficina asesora de planeación o gerencia de riesgos. Cuando un el riesgo salga del mapa no existirá otro riesgo con el mismo número.
C27: ¿QUÉ? IMPACTO | E27: Analice las consecuencias que puede ocasionar a la organización la materialización del riesgo, Seleccione de la lista desplegable entre: Posibilidad de pérdida Económica Posibilidad de pérdida Reputacional Posibilidad de pérdida Económica y Reputacional
C28: ¿CÓMO? CAUSA INMEDIATA | E28: Circunstancias bajo las cuales se presenta el riesgo, es la situación más evidente frente al riesgo, redacte de la forma más concreta posible. (Iniciar con la palabra por)
C29: ¿PORQUÉ? CAUSA RAÍZ | E29: Causa principal o básica, corresponde a las razones por la cuales se puede presentar el riesgo, redacte de la forma más concreta posible. (Iniciar con debido a)
C30: DESCRIPCIÓN DEL RIESGO | E30: Consolida o resume los análisis sobre impacto + causa inmediata + causa raíz, permitiendo contar con una redacción clara y concreta del riesgo indentificado. Tenga en cuenta la estructura de alto nivel establecida en al guía, inicia con POSIBILIDAD DE + Impacto para la entidad (Qué) + Causa Inmediata (Cómo) + Causa Raíz (Por qué) (Se genera automáticamente)
C31: FACTOR DEL RIESGO / TIPO | E31: Seleccione de la lista desplegable entre las opiciones: A_Ejecución_y_Administración_de_procesos B_Fraude_Externo C_Fraude_Interno D_Fallas_Tecnológicas E_Relaciones_Laborales F_Usuarios_Productos_y_Prácticas_Organizacionales G_Daños_Activos_Físicos
C32: FACTOR DEL RIESGO / SELECCIONE FUENTE GENERADORA DEL EVENTO PARA TIPO E,F,G | E32: Si en TIPO seleccioneó las opiciones: E_Relaciones_Laborales F_Usuarios_Productos_y_Prácticas_Organizacionales G_Daños_Activos_Físicos Debe definir la fuente generadora de la lista desplegable
C33: RESULTADO FUENTE GENERADORA DEL EVENTO | E33: Se rellena automáticamente según lo seleccinado de FACTOR DEL RIESGO
B35: 3 PROBABIL E IMPACTO INHERENTE:
C37: Columna | E37: Descripción - Lineamientos para el diligenciamiento
C38: No. veces que realiza la actividad al año | E38: Defina el número de veces que se ejecuta la actividad durante el año, (Recuerde la probabilidad e ocurrencia del riesgo se define como el No. de veces que se pasa por el punto de riesgo en el periodo de 1 año). La matriz automáticamente hará el cálculo para el nivel de probabilidad inherente. La matriz calcula automáticamente: Frecuencia de la Actividad % Probabilidad Nivel Probabilidad
C39: Afectación Económica | E39: Selecciona de la lista desplegable el rango de afectación económica y la matriz calcula: % Nivel
C40: Reputacional | E40: Selecciona de la lista desplegable el rango de afectación reputacional y la matriz calcula: % Nivel
C41: Resultado / Porcentaje de Impacto / Nivel de Impacto | E41: Se calcula automáticamente según la información de afectación económica y reputacional
B43: 4 MAPA CALOR INHERENTE: Representación gráfica de la ubicación de cada riesgo inherente en el mapa de calor (En esta hoja no se ingresan datos)
B45: 5 VALORACIÓN DEL CONTROL: Se realiza la descripción y atributos del control, calcula automáticamente el Valor Total del Control, Probabilidad residual e Impacto Residual
C47: Columna | E47: Descripción - Lineamientos para el diligenciamiento
C48: Descripción del Control | E48: Recuerde que el control se define como la medida que permite reducir o mitigar un riesgo. Defina el control (es) que atacan la causa raíz del riesgo, considere la estructura explicada en la guía: Responsable de ejecutar el control + Acción + Complemento
C49: Tipo de control | E49: Debe seleccionar de lista desplegable entre: Preventivo Detectivo Correctivo
C50: Peso del Control | E50: Se calcula automáticamente según lo seleccionado en Tipo de Control Preventivo: 25 % Detectivo: 15 % Correctivo: 10 %
C51: Afectación o Desplazamiento en la Matriz | E51: Se calcula automáticamente según lo seleccionado en Tipo de Control Preventivo: 25 % Detectivo: 15 % Correctivo: 10 %
C52: Implementación | E52: Debe seleccionar de lista desplegable entre: Automático: 25 % Manual: 15 %
C53: Peso de la implementación | E53: Se calcula automáticamente según lo seleccionado en Implementación Manual Automático
C54: Informativos | E54: Debe seleccionar de listas desplegables Documentación: Documentado - Sin Documentar Frecuencia: Continua - Aleatoria Evidencia: Con registro - Sin registro
C55: Valor Total del Control | E55: Se calcula automáticamente: Peso del Control + Peso de la implementación
C56: Probabilidad residual | E56: Se calcula automáticamente: % Probabilidad Riesgo Inherente-(% Probabilidad Riesgo Inherente*Valor Total del Control)
C57: Impacto Residual | E57: % Impacto Riesgo Inherente-(% Impacto Riesgo Inherente*Valor Total del Control)
B59: 6 MAPA CALOR RESIDUAL: Representación gráfica de la ubicación de cada riesgo residual en el mapa de calor (En esta hoja no se ingresan datos)
B61: 7 MAPA CALOR INHEREN Y RESIDUAL: Comparación gráfica de la ubicación de cada riesgo inherente y residual en el mapa de calor (En esta hoja no se ingresan dados)
B63: 8 MAPA RIESGOS: Establece el Tratamiento, Plan de Acción, Seguimientos por parte del Líder del Proceso, Verificación por parte de segunda línea de defensa o quien haga sus veces, Verificación por parte de la Oficina de Control Interno o quien haga sus veces y el estado de la acción.
C65: Columna | E65: Descripción - Lineamientos para el diligenciamiento
C66: SEVERIDAD (NIVEL DE RIESGO) | E66: Se calcula automáticamente según CALIFICACIÓN RIESGO RESIDUAL / PROBABILIDAD E IMPACTO
C67: Tratamiento | E67: Se calcula automáticamente según SEVERIDAD (NIVEL DE RIESGO): Extremo, Alto, Moderado: Reducir, mitigar, Transferir, Evitar Bajo: Aceptar
C68: ¿Requiere Plan de Acción? | E68: Se calcula automáticamente según Tratamiento Reducir, mitigar, Transferir, Evitar: Requiere plan de acción Aceptar: No requiere plan de acción
C69: Plan de Acción Descripción de la Acción, basado en el análisis de causas Responsable (Cargo) Fecha de Inicio Fecha de Finalización | E69: Esta casilla dependerá del tratamiento establecido, si es Aceptar no se requieren acciones adicionales, en caso de escoger Reducir (mitigar) se deben diligenciar las acciones que se adelantarán como complemento a los controles establecidos, no necesariamente son controles adicionales. Para Reducir (compartir), es viable diligenciar la acción que deriva de esta (ejemplo póliza seguros, terceración), indicando información relevante.
C70: Seguimientos por parte del Líder del Proceso | E70: Realizar descripción de los seguimientos por parte del proceso
C71: Verificación por parte de segunda línea de defensa o quien haga sus veces (Fecha y Descripción) | E71: Realizar descripción de las verificaciones de la segunda línea de defensa
C72: Verificación por parte de la Oficina de Control Interno o quien haga sus veces (Fecha y Descripción) | E72: Realizar descripción de las verificaciones que realiza Control Interno o quien haga sus veces.
C73: Estado | E73: Utilice la lista de despligue que se encuentra parametrizada, le aparecerán las opciones: Sin Iniciar, En proceso, Cerrado, la selección en este caso dependerá de las acciones del plan que se hayan establecido en cada caso.
B75: 9 RIESGO DEL PROCESO: Calcula el nivel de riesgo del proceso (En esta hoja no se ingresan datos)
B77: 10 CONTROL DE CAMBIOS: En ella se debe registrar los cambios al formato y al contenido del mismo
B79: 11 FORMULAS: La información que contiene se utiliza para realizar operaciones en las demás hojas (En esta hoja no se ingresan datos)
B82: Lista de datos de la matriz:
B85: Hoja | C85: Columna | E85: Descripción - Lineamientos para el diligenciamiento
B86: 2 | C86: Proceso | E86: Diligencie el nombre del proceso al cual se le identificarán y valorarán los riesgos.
B87: 2 | C87: Objetivo del Proceso | E87: Diligencie el objetivo del proceso.
B88: 2 | C88: Elaboración o Actualización: | E88: Fecha en la que realiza el diligenciamiento o actualización del mapa de riesgos, formato (DD/MM/AAAA)
B89: 2 | C89: Vigencia: | E89: Vigencia que tiene el mapa de riesgos fecha inicio fecha final, formato (DD/MM/AAAA)
B90: 2 | C90: No. de Riesgo | E90: Permite definir unl consecutivo de riesgos. Una entidad puede ir en el riesgo 150, pero tener 70 riesgos, lo que permite llevar una traza de los riesgos. Esta información la debe administrar la oficina asesora de planeación o gerencia de riesgos. Cuando un el riesgo salga del mapa no existirá otro riesgo con el mismo número.
B91: 2 | C91: ¿QUÉ? IMPACTO | E91: Analice las consecuencias que puede ocasionar a la organización la materialización del riesgo, Seleccione de la lista desplegable entre: Posibilidad de pérdida Económica Posibilidad de pérdida Reputacional Posibilidad de pérdida Económica y Reputacional
B92: 2 | C92: ¿CÓMO? CAUSA INMEDIATA | E92: Circunstancias bajo las cuales se presenta el riesgo, es la situación más evidente frente al riesgo, redacte de la forma más concreta posible. (Iniciar con la palabra por)
B93: 2 | C93: ¿PORQUÉ? CAUSA RAÍZ | E93: Causa principal o básica, corresponde a las razones por la cuales se puede presentar el riesgo, redacte de la forma más concreta posible. (Iniciar con debido a)
B94: 2 | C94: DESCRIPCIÓN DEL RIESGO | E94: Consolida o resume los análisis sobre impacto + causa inmediata + causa raíz, permitiendo contar con una redacción clara y concreta del riesgo indentificado. Tenga en cuenta la estructura de alto nivel establecida en al guía, inicia con POSIBILIDAD DE + Impacto para la entidad (Qué) + Causa Inmediata (Cómo) + Causa Raíz (Por qué) (Se genera automáticamente)
B95: 2 | C95: FACTOR DEL RIESGO / TIPO | E95: Seleccione de la lista desplegable entre las opiciones: A_Ejecución_y_Administración_de_procesos B_Fraude_Externo C_Fraude_Interno D_Fallas_Tecnológicas E_Relaciones_Laborales F_Usuarios_Productos_y_Prácticas_Organizacionales G_Daños_Activos_Físicos
B96: 2 | C96: FACTOR DEL RIESGO / SELECCIONE FUENTE GENERADORA DEL EVENTO PARA TIPO E,F,G | E96: Si en TIPO seleccioneó las opiciones: E_Relaciones_Laborales F_Usuarios_Productos_y_Prácticas_Organizacionales G_Daños_Activos_Físicos Debe definir la fuente generadora de la lista desplegable
B97: 2 | C97: RESULTADO FUENTE GENERADORA DEL EVENTO | E97: Se rellena automáticamente según lo seleccinado de FACTOR DEL RIESGO
... B119: 8 | C119: Estado | E119: Utilice la lista de despligue que se encuentra parametrizada, le aparecerán las opciones: Sin Iniciar, En proceso, Cerrado, la selección en este caso dependerá de las acciones del plan que se hayan establecido en cada caso.
B126: Archivo creado por:

Sheet 11 FORMULAS
A1: Esta hoja se utiliza para realizar cálculos en las demás, en ella no se ingresan datos | E1: NO REQUIERE CLAVE PARA DESBLOQUEAR LAS HOJAS
B2: FACTOR DEL RIESGO | E2: Eficiencia | K2: Atributos formalización del control | P2: Afectación o Desplazamiento en la Matriz | S2: Tratamiento | U2: ¿QUÉ? IMPACTO | W2: Estado
A3: TIPO | B3: TIPO | C3: FACTOR DEL RIESGO | E3: Tipo de control | F3: Peso del Control | H3: Implementación | I3: Peso de la implementación | K3: Documentación | L3: Frecuencia | M3: Evidencia | N3: Ejecuión | P3: Tipo de control | Q3: Afecta | S3: Reducir | U3: Posibilidad de pérdida Económica | W3: Sin Iniciar
A4: A_Ejecución_y_Administración_de_procesos | B4: A_Ejecución_y_Administración_de_procesos | C4: Procesos | E4: Preventivo | F4: 0.25 | H4: Automático | I4: 0.25 | K4: Procedimientos | L4: Siempre que se ejecuta la actividad | M4: Con registro manual | N4: Interna | P4: Preventivo | Q4: Probabilidad | S4: Mitigar | U4: Posibilidad de pérdida Reputacional | W4: En proceso
A5: B_Fraude_Externo | E5: Detectivo | F5: 0.15 | H5: Manual | I5: 0.15 | K5: Sistemas de información | L5: Periódicamente (diario, mensual, bimestral, trimestral, semestral). | M5: Con registro electrónico | N5: Externa | P5: Detectivo | Q5: Probabilidad | S5: Transferir | U5: Posibilidad de pérdida Económica y Reputacional | W5: Cerrado
A6: C_Fraude_Interno | B6: B_Fraude_Externo | C6: Evento_Externo | E6: Correctivo | F6: 0.1 | K6: Otros Esquemas | N6: Mixta | P6: Correctivo | Q6: Impacto | S6: Aceptar | U6: Posibilidad de pérdida Reputacional y Económica
A7: D_Fallas_Tecnológicas | S7: Evitar
A8: E_Relaciones_Laborales | B8: C_Fraude_Interno | C8: Talento_Humano
A9: F_Usuarios_Productos_y_Prácticas_Organizacionales
A10: G_Daños_Activos_Físicos | B10: D_Fallas_Tecnológicas | C10: Tecnologías
B12: E_Relaciones_Laborales | C12: Procesos
A13: TIPOLOGÍA | C13: Evento_Externo
A14: Gestión | C14: Talento_Humano
A15: Fiscal | C15: Tecnologías
A16: Seg. de la Información | C16: Infraestructura
A17: Integridad Pùblica - Corrupción
A18: Integridad Pùblica - LA/FT/FP | B18: F_Usuarios_Productos_y_Prácticas_Organizacionales | C18: Procesos
C19: Evento_Externo
C20: Talento_Humano
C21: Tecnologías
C22: Infraestructura
B24: G_Daños_Activos_Físicos | C24: Infraestructura
C25: Evento_Externo
A31: Gestión | B31: Fiscal | C31: Seguridad_Información | D31: Integridad_Pública_Corrupción | E31: Integridad_Pública_LA_FT_FP
A32: Posibilidad de afectación económica | B32: Posibilidad de efecto dañoso sobre el recurso público | C32: Posibilidad de perdida de integridad | D32: Posibilidad de pérdida económica | E32: Posibilidad de pérdida económica
A33: Posibilidad de afectación reputacional | B33: Posibilidad de efecto dañoso sobre bienes de uso público | C33: Posibilidad de perdida de confidencialidad | D33: Posibilidad de pérdida reputacional | E33: Posibilidad de pérdida reputacional
A34: Posibilidad de afectación económica y reputacional | B34: Posibilidad de efecto dañoso sobre bienes de uso fiscal | C34: Posibilidad de perdida de disponibilidad | D34: Posibilidad de pérdida económica y reputacional | E34: Posibilidad de pérdida económica y reputacional
B35: Posibilidad de efecto dañoso sobre el interes patrimonial
H37: FACTOR DE RIESGO | I37: Descripción
A38: Ejecución_administración_de_procesos | B38: Transacción_u_Operación_aplica_para_LA_FT_FP | C38: Talento_Humano | D38: Tecnología | E38: Infraestructura | F38: Evento_externo | H38: Ejecución_administración_de_procesos | I38: Eventos relacionados con la ejecución de los procesos y procedimientos determinados para la operación de la entidad, uso de sistemas de información, por errores en las actividades que deben realizar los servidores de la organización. Estructura organizacional que afecta la capacidad organizacional
A39: Falta de aplicación de los procedimientos | B39: Contrapartes de la entidad (naturales o jurídicas) | C39: Fraude interno | D39: Daño de equipos | E39: Derrumbes | F39: Fraude Externo | H39: Transacción_u_Operación_aplica_para_LA_FT_FP | I39: Eventos relacionados con transacciones y Operaciones realizadas por un cliente o usuario, que accede o entrega un bien o servicio a la entidad, a través de los canales dispuestos y en una jurisdicción específica.
A40: Falta segregación de funciones | B40: Productos (bienes o servicios) que oferta/requiere | C40: Soborno | D40: Caída de sistemas de información y aplicaciones | E40: Incendios | F40: Suplantación de identidad | H40: Talento_Humano | I40: Eventos relacionados con las conductas o comportamientos de los empleados que afectan la Integridad Pública
A41: Errores de grabación, autorización | B41: Canales utilizados para la operación | C41: Gestión inadecuada de conflicto de Intereses | D41: Caída de redes | E41: Inundaciones | F41: Asalto a la oficina | H41: Tecnología | I41: Eventos relacionados con la infraestructura tecnológica de la entidad.
A42: Errores en cálculos para pagos internos y externos | B42: Jurisdicciones (nacional o territorial) | C42: Corrupción | D42: Errores en hardware o software | E42: Daños a activos fijos | F42: Atentados, vandalismo, orden público | H42: Infraestructura | I42: Eventos relacionados con la infraestructura física de la entidad.
A43: Falta de supervisión o interventoría | D43: Errores en programas | H43: Evento_externo | I43: Eventos por situaciones externas que afectan la entidad.
A44: Alta rotación o insuficiencia de personal
A45: Acciones contrarias a las leyes o acuerdos de empleo, salud o seguridad en el trabajo
A46: Acciones contrarias a las leyes o acuerdos contractuales
A47: Falta de capacitación y otros temas relacionados con el personal
A50: Características de Eficiencia | C50: Peso | D50: Factor
A51: Tipo | B51: Preventivo | C51: 0.25 | D51: Probabilidad
B52: Detectivo | C52: 0.15 | D52: Probabilidad
B53: Correctivo | C53: 0.1 | D53: Impacto
A54: *Implementación | B54: Automático | C54: 0.25
A55: *Nota: En implementación no se tienen controles semiautomáticos. | B55: Manual | C55: 0.15
A58: Atributos adicionales del control no tienen valoración pero deben cumplir con todos
A59: Características de Eficiencia | C59: Descripción
A60: Documentación | B60: Procedimientos | C60: Basados en la estructura del Modelo de Operación por procesos, despliegue desde cada proceso, sus procedimientos y esquemas asociados, que se encuentren documentados.
B61: Sistemas de información | C61: Sistemas de información de apoyo a la ejecución del control (si existen).
B62: Otros Esquemas | C62: Políticas de operación, manuales o guías específicas.
A63: Frecuencia | B63: Diario | C63: La oportunidad en que se ejecuta el control debe ayudar a prevenir la mitigación del riesgo o a detectar la materialización del riesgo de manera oportuna.
B64: Mensual
B65: Bimestral
B66: Trimestral
B67: Semestral
A68: Evidencia (Trazabilidad de la ejecución) | B68: Con registro manual | C68: Se deja evidencia o rastro de la ejecución del control.
B69: Con registro electrónico
A70: Ejecución (Fuentes de información internas o externas) | B70: Interna | C70: Formatos o registros internos formales.
B71: Externa | C71: Registros externos confiables (extractos bancarios, confirmaciones de autenticidad de documentos, SECOP, SIIF, SIGEP, bases de datos).
B72: Mixta | C72: Combinación de datos de fuentes internas y externas formales.

Sheet 2 CONTEXTO E IDENTIFICACIÓN
A1: MAPA DE RIESGOS
A2: VERSIÓN: | B2: 1
A4: ENTIDAD: | B4: SUPERSOLIDARIA | E4: PROCESO: | F4: GEGI | I4: Elaboración o Actualización: | J4: 9 de diciembre de 2025
A5: OBJETIVO DEL PROCESO: | B5: Gestionar estrategias, lineamiento y planes en materia de relacionamiento con la ciudadanía, a través de acciones encaminadas a mejorar el servicio al ciudadano, transparencia y acceso a la información pública, simplificación y racionalización de trámites y participación ciudadana con el fin de fortalecer el posicionamiento, la gestión y desempeño institucional y la generación de confianza en los grupos de valor de interés. | E5: Vigencia: 2026 | F5: Del | G5: 1 de enero de 2026 | I5: Al | J5: 31 de diciembre de 2026
A7: No. de Riesgo (Mismo consecutivo para toda la entidad) | B7: FACTOR DEL RIESGO
B8: FACTOR DE RIESGO | C8: SELECCIONE FUENTE GENERADORA DEL EVENTO PARA TIPO E,F,G | D8: VALIDACIÓN FUENTE GENERADORA DEL EVENTO PARA TIPO A,B,C,D | E8: DESCRIPCIÓN DEL TIPO DE FACTOR DE RIESGO | F8: TIPOLOGÍA | G8: ¿QUÉ? IMPACTO | H8: ¿CÓMO? CAUSA INMEDIATA (Iniciar con la palabra por) | I8: ¿PORQUÉ? CAUSA RAÍZ (Iniciar con debido a/a causa de) | J8: DESCRIPCIÓN DEL RIESGO | K8: SUB CAUSAS (Si aplica)
A9: GEGI-1 | B9: Ejecución_administración_de_procesos | C9: Falta de aplicación de los procedimientos | D9: =+IF(B9='[3]11 FORMULAS'!$B$4,'[3]11 FORMULAS'!$C$4,IF(B9='[3]11 FORMULAS'!$B$6,'[3]11 FORMULAS'!$C$6,IF(B9='[3]11 FORMULAS'!$B$8,'[3]11 FORMULAS'!$C$8,IF(B9='[3]11 FORMULAS'!$B$10,'[3]11 FORMULAS'!$C$10,"")))) | E9: =+IFERROR(VLOOKUP(B9,Tabla3[],2,0),"") -> Eventos relacionados con la ejecución de los procesos y procedimientos determinados para la operación de la entidad, uso de sistemas de información, por errores en las actividades que deben realizar los servidores de la organización. Estructura organizacional que afecta la capacidad organizacional | F9: Gestión | G9: Posibilidad de afectación reputacional | H9: por insatisfacción de los grupos de valor | I9: una orientación inadecuada en la prestación del servicio | J9: =(CONCATENATE(Tabla1[[#This Row],[¿QUÉ? IMPACTO]]," ","por",Tabla1[[#This Row],[¿CÓMO? CAUSA INMEDIATA (Iniciar con la palabra por)]]," ","a causa de"," ",Tabla1[[#This Row],[¿PORQUÉ? CAUSA RAÍZ (Iniciar con debido a/a causa de)]])) -> Posibilidad de afectación reputacional porpor insatisfacción de los grupos de valor a causa de una orientación inadecuada en la prestación del servicio
A10: GEGI-2 | B10: Ejecución_administración_de_procesos | C10: Falta de aplicación de los procedimientos | D10: =+IF(B10='11 FORMULAS'!$B$4,'11 FORMULAS'!$C$4,IF(B10='11 FORMULAS'!$B$6,'11 FORMULAS'!$C$6,IF(B10='11 FORMULAS'!$B$8,'11 FORMULAS'!$C$8,IF(B10='11 FORMULAS'!$B$10,'11 FORMULAS'!$C$10,"")))) | E10: =+IFERROR(VLOOKUP(B10,Tabla3[],2,0),"") -> Eventos relacionados con la ejecución de los procesos y procedimientos determinados para la operación de la entidad, uso de sistemas de información, por errores en las actividades que deben realizar los servidores de la organización. Estructura organizacional que afecta la capacidad organizacional | F10: Gestión | G10: Posibilidad de afectación reputacional | H10: insatisfacción de los grupos de valor y/o sanciones de entes de control | I10: incumplimiento de los términos de ley para la gestión de solicitudes. | J10: =(CONCATENATE(Tabla1[[#This Row],[¿QUÉ? IMPACTO]]," ","por",Tabla1[[#This Row],[¿CÓMO? CAUSA INMEDIATA (Iniciar con la palabra por)]]," ","a causa de"," ",Tabla1[[#This Row],[¿PORQUÉ? CAUSA RAÍZ (Iniciar con debido a/a causa de)]])) -> Posibilidad de afectación reputacional porinsatisfacción de los grupos de valor y/o sanciones de entes de control a causa de incumplimiento de los términos de ley para la gestión de solicitudes.
A11: GEGI-10 | B11: Ejecución_administración_de_procesos | C11: Falta de aplicación de los procedimientos | D11: =+IF(B11='11 FORMULAS'!$B$4,'11 FORMULAS'!$C$4,IF(B11='11 FORMULAS'!$B$6,'11 FORMULAS'!$C$6,IF(B11='11 FORMULAS'!$B$8,'11 FORMULAS'!$C$8,IF(B11='11 FORMULAS'!$B$10,'11 FORMULAS'!$C$10,"")))) | E11: =+IFERROR(VLOOKUP(B11,Tabla3[],2,0),"") -> Eventos relacionados con la ejecución de los procesos y procedimientos determinados para la operación de la entidad, uso de sistemas de información, por errores en las actividades que deben realizar los servidores de la organización. Estructura organizacional que afecta la capacidad organizacional | F11: Gestión | G11: Posibilidad de afectación reputacional | H11: falta de comunicación y credibilidad en la SES | I11: la publicación de información emitida sin la correcta divulgación al interior de la entidad. | J11: =(CONCATENATE(Tabla1[[#This Row],[¿QUÉ? IMPACTO]]," ","por",Tabla1[[#This Row],[¿CÓMO? CAUSA INMEDIATA (Iniciar con la palabra por)]]," ","a causa de"," ",Tabla1[[#This Row],[¿PORQUÉ? CAUSA RAÍZ (Iniciar con debido a/a causa de)]])) -> Posibilidad de afectación reputacional porfalta de comunicación y credibilidad en la SES a causa de la publicación de información emitida sin la correcta divulgación al interior de la entidad.
A12: GEGI-13 | B12: Ejecución_administración_de_procesos | C12: Falta de aplicación de los procedimientos | D12: =+IF(B12='11 FORMULAS'!$B$4,'11 FORMULAS'!$C$4,IF(B12='11 FORMULAS'!$B$6,'11 FORMULAS'!$C$6,IF(B12='11 FORMULAS'!$B$8,'11 FORMULAS'!$C$8,IF(B12='11 FORMULAS'!$B$10,'11 FORMULAS'!$C$10,"")))) | E12: =+IFERROR(VLOOKUP(B12,Tabla3[],2,0),"") -> Eventos relacionados con la ejecución de los procesos y procedimientos determinados para la operación de la entidad, uso de sistemas de información, por errores en las actividades que deben realizar los servidores de la organización. Estructura organizacional que afecta la capacidad organizacional | F12: Gestión | G12: Posibilidad de afectación económica y reputacional | H12: afectación a los asistentes a actividades organizadas por la SES | I12: falta de planeación previa a la ejecución de las actividades organizadas con 100 o hasta 500 personas. | J12: =(CONCATENATE(Tabla1[[#This Row],[¿QUÉ? IMPACTO]]," ","por",Tabla1[[#This Row],[¿CÓMO? CAUSA INMEDIATA (Iniciar con la palabra por)]]," ","a causa de"," ",Tabla1[[#This Row],[¿PORQUÉ? CAUSA RAÍZ (Iniciar con debido a/a causa de)]])) -> Posibilidad de afectación económica y reputacional porafectación a los asistentes a actividades organizadas por la SES a causa de falta de planeación previa a la ejecución de las actividades organizadas con 100 o hasta 500 personas.
A13: GEGI-14 | B13: Talento_Humano | C13: Soborno | D13: =+IF(B13='11 FORMULAS'!$B$4,'11 FORMULAS'!$C$4,IF(B13='11 FORMULAS'!$B$6,'11 FORMULAS'!$C$6,IF(B13='11 FORMULAS'!$B$8,'11 FORMULAS'!$C$8,IF(B13='11 FORMULAS'!$B$10,'11 FORMULAS'!$C$10,"")))) | E13: =+IFERROR(VLOOKUP(B13,Tabla3[],2,0),"") -> Eventos relacionados con las conductas o comportamientos de los empleados que afectan la Integridad Pública | F13: Integridad_Pública_Corrupción | G13: Posibilidad de pérdida reputacional | H13: solicitar o recibir dádivas para adelantar trámites ante la Supersolidaria | I13: desconocimiento de los servicios dispuestos por la SES por parte de las entidades de economía solidaria, asociados y ciudadanía en general en la solicitud de trámites. | J13: =(CONCATENATE(Tabla1[[#This Row],[¿QUÉ? IMPACTO]]," ","por",Tabla1[[#This Row],[¿CÓMO? CAUSA INMEDIATA (Iniciar con la palabra por)]]," ","a causa de"," ",Tabla1[[#This Row],[¿PORQUÉ? CAUSA RAÍZ (Iniciar con debido a/a causa de)]])) -> Posibilidad de pérdida reputacional porsolicitar o recibir dádivas para adelantar trámites ante la Supersolidaria a causa de desconocimiento de los servicios dispuestos por la SES por parte de las entidades de economía solidaria, asociados y ciudadanía en general en la solicitud de trámites.
A14: GEGI-15 | B14: Talento_Humano | C14: Soborno | D14: =+IF(B14='11 FORMULAS'!$B$4,'11 FORMULAS'!$C$4,IF(B14='11 FORMULAS'!$B$6,'11 FORMULAS'!$C$6,IF(B14='11 FORMULAS'!$B$8,'11 FORMULAS'!$C$8,IF(B14='11 FORMULAS'!$B$10,'11 FORMULAS'!$C$10,"")))) | E14: =+IFERROR(VLOOKUP(B14,Tabla3[],2,0),"") -> Eventos relacionados con las conductas o comportamientos de los empleados que afectan la Integridad Pública | F14: Integridad_Pública_Corrupción | G14: Posibilidad de pérdida reputacional | H14: falta de interiorización de los valores institucionales señalados en el Código de Integridad por parte de los servidores de la entidad | I14: desconocimiento y/o falta de apropiación de la politica de conflictos de interés de la SES lo que podria generar recibir beneficios particulares o para un tercero por suministrar a traves de los canales de atención y comunicación de la SES información especifica de alguna organización solidaria vigilada o sus asociados. | J14: =(CONCATENATE(Tabla1[[#This Row],[¿QUÉ? IMPACTO]]," ","por",Tabla1[[#This Row],[¿CÓMO? CAUSA INMEDIATA (Iniciar con la palabra por)]]," ","a causa de"," ",Tabla1[[#This Row],[¿PORQUÉ? CAUSA RAÍZ (Iniciar con debido a/a causa de)]])) -> Posibilidad de pérdida reputacional porfalta de interiorización de los valores institucionales señalados en el Código de Integridad por parte de los servidores de la entidad a causa de desconocimiento y/o falta de apropiación de la politica de conflictos de interés de la SES lo que podria generar recibir beneficios particulares o para un tercero por suministrar a traves de los canales de atención y comunicación de la SES información especifica de alguna organización solidaria vigilada o sus asociados.
A15: GEGI-12 | B15: Talento_Humano | C15: Soborno | D15: =+IF(B15='11 FORMULAS'!$B$4,'11 FORMULAS'!$C$4,IF(B15='11 FORMULAS'!$B$6,'11 FORMULAS'!$C$6,IF(B15='11 FORMULAS'!$B$8,'11 FORMULAS'!$C$8,IF(B15='11 FORMULAS'!$B$10,'11 FORMULAS'!$C$10,"")))) | E15: =+IFERROR(VLOOKUP(B15,Tabla3[],2,0),"") -> Eventos relacionados con las conductas o comportamientos de los empleados que afectan la Integridad Pública | F15: Integridad_Pública_Corrupción | G15: Posibilidad de pérdida reputacional | H15: recibir un beneficio particular o para un tercero | I15: suministrar a través de los canales de atención y comunicación de la SES información especifica de alguna organización solidaria vigilada o sus asociados. | J15: =(CONCATENATE(Tabla1[[#This Row],[¿QUÉ? IMPACTO]]," ","por",Tabla1[[#This Row],[¿CÓMO? CAUSA INMEDIATA (Iniciar con la palabra por)]]," ","a causa de"," ",Tabla1[[#This Row],[¿PORQUÉ? CAUSA RAÍZ (Iniciar con debido a/a causa de)]])) -> Posibilidad de pérdida reputacional porrecibir un beneficio particular o para un tercero a causa de suministrar a través de los canales de atención y comunicación de la SES información especifica de alguna organización solidaria vigilada o sus asociados.
A16: R8 | D16: =+IF(B16='11 FORMULAS'!$B$4,'11 FORMULAS'!$C$4,IF(B16='11 FORMULAS'!$B$6,'11 FORMULAS'!$C$6,IF(B16='11 FORMULAS'!$B$8,'11 FORMULAS'!$C$8,IF(B16='11 FORMULAS'!$B$10,'11 FORMULAS'!$C$10,"")))) | E16: =+IFERROR(VLOOKUP(B16,Tabla3[],2,0),"") | J16: =(CONCATENATE(Tabla1[[#This Row],[¿QUÉ? IMPACTO]]," ","por",Tabla1[[#This Row],[¿CÓMO? CAUSA INMEDIATA (Iniciar con la palabra por)]]," ","a causa de"," ",Tabla1[[#This Row],[¿PORQUÉ? CAUSA RAÍZ (Iniciar con debido a/a causa de)]])) -> por a causa de
A17: R9 | D17: =+IF(B17='11 FORMULAS'!$B$4,'11 FORMULAS'!$C$4,IF(B17='11 FORMULAS'!$B$6,'11 FORMULAS'!$C$6,IF(B17='11 FORMULAS'!$B$8,'11 FORMULAS'!$C$8,IF(B17='11 FORMULAS'!$B$10,'11 FORMULAS'!$C$10,"")))) | E17: =+IFERROR(VLOOKUP(B17,Tabla3[],2,0),"") | J17: =(CONCATENATE(Tabla1[[#This Row],[¿QUÉ? IMPACTO]]," ","por",Tabla1[[#This Row],[¿CÓMO? CAUSA INMEDIATA (Iniciar con la palabra por)]]," ","a causa de"," ",Tabla1[[#This Row],[¿PORQUÉ? CAUSA RAÍZ (Iniciar con debido a/a causa de)]])) -> por a causa de
A18: R10 | D18: =+IF(B18='11 FORMULAS'!$B$4,'11 FORMULAS'!$C$4,IF(B18='11 FORMULAS'!$B$6,'11 FORMULAS'!$C$6,IF(B18='11 FORMULAS'!$B$8,'11 FORMULAS'!$C$8,IF(B18='11 FORMULAS'!$B$10,'11 FORMULAS'!$C$10,"")))) | E18: =+IFERROR(VLOOKUP(B18,Tabla3[],2,0),"") | J18: =(CONCATENATE(Tabla1[[#This Row],[¿QUÉ? IMPACTO]]," ","por",Tabla1[[#This Row],[¿CÓMO? CAUSA INMEDIATA (Iniciar con la palabra por)]]," ","a causa de"," ",Tabla1[[#This Row],[¿PORQUÉ? CAUSA RAÍZ (Iniciar con debido a/a causa de)]])) -> por a causa de
A19: R11 | D19: =+IF(B19='11 FORMULAS'!$B$4,'11 FORMULAS'!$C$4,IF(B19='11 FORMULAS'!$B$6,'11 FORMULAS'!$C$6,IF(B19='11 FORMULAS'!$B$8,'11 FORMULAS'!$C$8,IF(B19='11 FORMULAS'!$B$10,'11 FORMULAS'!$C$10,"")))) | E19: =+IFERROR(VLOOKUP(B19,Tabla3[],2,0),"") | J19: =(CONCATENATE(Tabla1[[#This Row],[¿QUÉ? IMPACTO]]," ","por",Tabla1[[#This Row],[¿CÓMO? CAUSA INMEDIATA (Iniciar con la palabra por)]]," ","a causa de"," ",Tabla1[[#This Row],[¿PORQUÉ? CAUSA RAÍZ (Iniciar con debido a/a causa de)]])) -> por a causa de
A20: R12 | D20: =+IF(B20='11 FORMULAS'!$B$4,'11 FORMULAS'!$C$4,IF(B20='11 FORMULAS'!$B$6,'11 FORMULAS'!$C$6,IF(B20='11 FORMULAS'!$B$8,'11 FORMULAS'!$C$8,IF(B20='11 FORMULAS'!$B$10,'11 FORMULAS'!$C$10,"")))) | E20: =+IFERROR(VLOOKUP(B20,Tabla3[],2,0),"") | J20: =(CONCATENATE(Tabla1[[#This Row],[¿QUÉ? IMPACTO]]," ","por",Tabla1[[#This Row],[¿CÓMO? CAUSA INMEDIATA (Iniciar con la palabra por)]]," ","a causa de"," ",Tabla1[[#This Row],[¿PORQUÉ? CAUSA RAÍZ (Iniciar con debido a/a causa de)]])) -> por a causa de
A21: R13 | D21: =+IF(B21='11 FORMULAS'!$B$4,'11 FORMULAS'!$C$4,IF(B21='11 FORMULAS'!$B$6,'11 FORMULAS'!$C$6,IF(B21='11 FORMULAS'!$B$8,'11 FORMULAS'!$C$8,IF(B21='11 FORMULAS'!$B$10,'11 FORMULAS'!$C$10,"")))) | E21: =+IFERROR(VLOOKUP(B21,Tabla3[],2,0),"") | J21: =(CONCATENATE(Tabla1[[#This Row],[¿QUÉ? IMPACTO]]," ","por",Tabla1[[#This Row],[¿CÓMO? CAUSA INMEDIATA (Iniciar con la palabra por)]]," ","a causa de"," ",Tabla1[[#This Row],[¿PORQUÉ? CAUSA RAÍZ (Iniciar con debido a/a causa de)]])) -> por a causa de
A22: R14 | D22: =+IF(B22='11 FORMULAS'!$B$4,'11 FORMULAS'!$C$4,IF(B22='11 FORMULAS'!$B$6,'11 FORMULAS'!$C$6,IF(B22='11 FORMULAS'!$B$8,'11 FORMULAS'!$C$8,IF(B22='11 FORMULAS'!$B$10,'11 FORMULAS'!$C$10,"")))) | E22: =+IFERROR(VLOOKUP(B22,Tabla3[],2,0),"") | J22: =(CONCATENATE(Tabla1[[#This Row],[¿QUÉ? IMPACTO]]," ","por",Tabla1[[#This Row],[¿CÓMO? CAUSA INMEDIATA (Iniciar con la palabra por)]]," ","a causa de"," ",Tabla1[[#This Row],[¿PORQUÉ? CAUSA RAÍZ (Iniciar con debido a/a causa de)]])) -> por a causa de
A23: R15 | D23: =+IF(B23='11 FORMULAS'!$B$4,'11 FORMULAS'!$C$4,IF(B23='11 FORMULAS'!$B$6,'11 FORMULAS'!$C$6,IF(B23='11 FORMULAS'!$B$8,'11 FORMULAS'!$C$8,IF(B23='11 FORMULAS'!$B$10,'11 FORMULAS'!$C$10,"")))) | E23: =+IFERROR(VLOOKUP(B23,Tabla3[],2,0),"") | J23: =(CONCATENATE(Tabla1[[#This Row],[¿QUÉ? IMPACTO]]," ","por",Tabla1[[#This Row],[¿CÓMO? CAUSA INMEDIATA (Iniciar con la palabra por)]]," ","a causa de"," ",Tabla1[[#This Row],[¿PORQUÉ? CAUSA RAÍZ (Iniciar con debido a/a causa de)]])) -> por a causa de
A24: R16 | D24: =+IF(B24='11 FORMULAS'!$B$4,'11 FORMULAS'!$C$4,IF(B24='11 FORMULAS'!$B$6,'11 FORMULAS'!$C$6,IF(B24='11 FORMULAS'!$B$8,'11 FORMULAS'!$C$8,IF(B24='11 FORMULAS'!$B$10,'11 FORMULAS'!$C$10,"")))) | E24: =+IFERROR(VLOOKUP(B24,Tabla3[],2,0),"") | J24: =(CONCATENATE(Tabla1[[#This Row],[¿QUÉ? IMPACTO]]," ","por",Tabla1[[#This Row],[¿CÓMO? CAUSA INMEDIATA (Iniciar con la palabra por)]]," ","a causa de"," ",Tabla1[[#This Row],[¿PORQUÉ? CAUSA RAÍZ (Iniciar con debido a/a causa de)]])) -> por a causa de
A25: R17 | D25: =+IF(B25='11 FORMULAS'!$B$4,'11 FORMULAS'!$C$4,IF(B25='11 FORMULAS'!$B$6,'11 FORMULAS'!$C$6,IF(B25='11 FORMULAS'!$B$8,'11 FORMULAS'!$C$8,IF(B25='11 FORMULAS'!$B$10,'11 FORMULAS'!$C$10,"")))) | E25: =+IFERROR(VLOOKUP(B25,Tabla3[],2,0),"") | J25: =(CONCATENATE(Tabla1[[#This Row],[¿QUÉ? IMPACTO]]," ","por",Tabla1[[#This Row],[¿CÓMO? CAUSA INMEDIATA (Iniciar con la palabra por)]]," ","a causa de"," ",Tabla1[[#This Row],[¿PORQUÉ? CAUSA RAÍZ (Iniciar con debido a/a causa de)]])) -> por a causa de

Sheet 3 PROBABIL E IMPACTO INHERENTE
B1: =+'2 CONTEXTO E IDENTIFICACIÓN'!A1 -> MAPA DE RIESGOS
C2: =+'2 CONTEXTO E IDENTIFICACIÓN'!A2 -> VERSIÓN: | D2: ='2 CONTEXTO E IDENTIFICACIÓN'!B2 -> 1 | G2: =+'2 CONTEXTO E IDENTIFICACIÓN'!$I$4 -> Elaboración o Actualización: | H2: ='2 CONTEXTO E IDENTIFICACIÓN'!J4 -> 9 de diciembre de 2025
A4: ENTIDAD: | B4: ='2 CONTEXTO E IDENTIFICACIÓN'!B4 -> SUPERSOLIDARIA | G4: =+'2 CONTEXTO E IDENTIFICACIÓN'!$E$5 -> Vigencia: 2026 | H4: ='2 CONTEXTO E IDENTIFICACIÓN'!G5 -> 1 de enero de 2026 | I4: Al | J4: ='2 CONTEXTO E IDENTIFICACIÓN'!J5 -> 31 de diciembre de 2026
A5: PROCESO: | B5: ='2 CONTEXTO E IDENTIFICACIÓN'!F4 -> GEGI
G6: IMPACTO INHERENTE
C7: PROBABILIDAD INHERENTE | G7: Afectación Económica | J7: Reputacional | M7: Resultado | P7: PROBABILIDAD | V7: IMPACTO
A8: No. Riesgo | B8: Riesgo | C8: No. veces que realiza la actividad al año | D8: Frecuencia de la Actividad | E8: % Probabilidad | F8: Nivel Probabilidad | G8: Afectación Económica | H8: % | I8: Nivel | J8: Reputacional | K8: % | L8: Nivel | M8: Porcentaje de Impacto | N8: Nivel de Impacto | P8: Nivel | Q8: Frecuencia de la Actividad | R8: Mínimo | S8: Máximo | T8: Probabilidad | V8: Nivel | W8: % Impacto | X8: Afectación_Económica | Y8: Reputacional
A9: ='2 CONTEXTO E IDENTIFICACIÓN'!A9 -> GEGI-1 | B9: =+'2 CONTEXTO E IDENTIFICACIÓN'!J9 -> Posibilidad de afectación reputacional porpor insatisfacción de los grupos de valor a causa de una orientación inadecuada en la prestación del servicio | C9: 250 | D9: =+IF(C9="","",IF(C9<=$S$9,$Q$9,IF(C9<=$S$10,$Q$10,IF(C9<=$S$11,$Q$11,IF(C9<=$S$12,$Q$12,IF(C9>=$R$13,$Q$13,"")))))) -> La actividad que conlleva el riesgo se ejecuta de 24 a 500 veces por año | E9: =+IF(D9="","",IF(D9=$Q$9,$T$9,IF(D9=$Q$10,$T$10,IF(D9=$Q$11,$T$11,IF(D9=$Q$12,$T$12,IF(D9=$Q$13,$T$13)))))) -> 0.6 | F9: =+IF(D9="","",IF(D9=$Q$9,$P$9,IF(D9=$Q$10,$P$10,IF(D9=$Q$11,$P$11,IF(D9=$Q$12,$P$12,IF(D9=$Q$13,$P$13)))))) -> Media | G9: Menor a 10 SMLMV | H9: =+IF(G9="","",IF(G9="N/A","",IF(OR(G9=$X$9,G9=$Y$9),$W$9,IF(OR(G9=$X$10,G9=$Y$10),$W$10,IF(OR(G9=$X$11,G9=$Y$11),$W$11,IF(OR(G9=$X$12,G9=$Y$12),$W$12,IF(OR(G9=$X$13,G9=$Y$13),$W$13))))))) -> 0.2 | I9: =+IF(G9="","",IF(G9="N/A","",IF(OR(G9=$X$9,G9=$Y$9),$V$9,IF(OR(G9=$X$10,G9=$Y$10),$V$10,IF(OR(G9=$X$11,G9=$Y$11),$V$11,IF(OR(G9=$X$12,G9=$Y$12),$V$12,IF(OR(G9=$X$13,G9=$Y$13),$V$13))))))) -> Leve | J9: El riesgo afecta la imagen de la entidad internamente, de conocimiento general nivel interno, de junta directiva y accionistas y/o de proveedores. | K9: =+IF(J9="","",IF(J9="N/A","",IF(OR(J9=$X$9,J9=$Y$9),$W$9,IF(OR(J9=$X$10,J9=$Y$10),$W$10,IF(OR(J9=$X$11,J9=$Y$11),$W$11,IF(OR(J9=$X$12,J9=$Y$12),$W$12,IF(OR(J9=$X$13,J9=$Y$13),$W$13))))))) -> 0.4 | L9: =+IF(J9="","",IF(J9="N/A","",IF(OR(J9=$X$9,J9=$Y$9),$V$9,IF(OR(J9=$X$10,J9=$Y$10),$V$10,IF(OR(J9=$X$11,J9=$Y$11),$V$11,IF(OR(J9=$X$12,J9=$Y$12),$V$12,IF(OR(J9=$X$13,J9=$Y$13),$V$13))))))) -> Menor | M9: =+IF(H9="",K9,IF(K9="",H9,IF(H9>K9,H9,K9))) -> 0.4 | N9: =+IF(M9="","",IF(M9=$W$9,$V$9,IF(M9=$W$10,$V$10,IF(M9=$W$11,$V$11,IF(M9=$W$12,$V$12,IF(M9=$W$13,$V$13)))))) -> Menor | P9: Muy Baja | Q9: La actividad que conlleva el riesgo se ejecuta como máximos 2 veces por año | R9: 0 | S9: 2 | T9: 0.2 | V9: Leve | W9: 0.2 | X9: Menor a 10 SMLMV | Y9: El riesgo afecta la imagen de algún área de la organización.
A10: ='2 CONTEXTO E IDENTIFICACIÓN'!A10 -> GEGI-2 | B10: =+'2 CONTEXTO E IDENTIFICACIÓN'!J10 -> Posibilidad de afectación reputacional porinsatisfacción de los grupos de valor y/o sanciones de entes de control a causa de incumplimiento de los términos de ley para la gestión de solicitudes. | C10: 250 | D10: =+IF(C10="","",IF(C10<=$S$9,$Q$9,IF(C10<=$S$10,$Q$10,IF(C10<=$S$11,$Q$11,IF(C10<=$S$12,$Q$12,IF(C10>=$R$13,$Q$13,"")))))) -> La actividad que conlleva el riesgo se ejecuta de 24 a 500 veces por año | E10: =+IF(D10="","",IF(D10=$Q$9,$T$9,IF(D10=$Q$10,$T$10,IF(D10=$Q$11,$T$11,IF(D10=$Q$12,$T$12,IF(D10=$Q$13,$T$13)))))) -> 0.6 | F10: =+IF(D10="","",IF(D10=$Q$9,$P$9,IF(D10=$Q$10,$P$10,IF(D10=$Q$11,$P$11,IF(D10=$Q$12,$P$12,IF(D10=$Q$13,$P$13)))))) -> Media | G10: Menor a 10 SMLMV | H10: =+IF(G10="","",IF(G10="N/A","",IF(OR(G10=$X$9,G10=$Y$9),$W$9,IF(OR(G10=$X$10,G10=$Y$10),$W$10,IF(OR(G10=$X$11,G10=$Y$11),$W$11,IF(OR(G10=$X$12,G10=$Y$12),$W$12,IF(OR(G10=$X$13,G10=$Y$13),$W$13))))))) -> 0.2 | I10: =+IF(G10="","",IF(G10="N/A","",IF(OR(G10=$X$9,G10=$Y$9),$V$9,IF(OR(G10=$X$10,G10=$Y$10),$V$10,IF(OR(G10=$X$11,G10=$Y$11),$V$11,IF(OR(G10=$X$12,G10=$Y$12),$V$12,IF(OR(G10=$X$13,G10=$Y$13),$V$13))))))) -> Leve | J10: El riesgo afecta la imagen de la entidad a nivel nacional, con efecto publicitario sostenido a nivel país | K10: =+IF(J10="","",IF(J10="N/A","",IF(OR(J10=$X$9,J10=$Y$9),$W$9,IF(OR(J10=$X$10,J10=$Y$10),$W$10,IF(OR(J10=$X$11,J10=$Y$11),$W$11,IF(OR(J10=$X$12,J10=$Y$12),$W$12,IF(OR(J10=$X$13,J10=$Y$13),$W$13))))))) -> 1 | L10: =+IF(J10="","",IF(J10="N/A","",IF(OR(J10=$X$9,J10=$Y$9),$V$9,IF(OR(J10=$X$10,J10=$Y$10),$V$10,IF(OR(J10=$X$11,J10=$Y$11),$V$11,IF(OR(J10=$X$12,J10=$Y$12),$V$12,IF(OR(J10=$X$13,J10=$Y$13),$V$13))))))) -> Catastrófico | M10: =+IF(H10="",K10,IF(K10="",H10,IF(H10>K10,H10,K10))) -> 1 | N10: =+IF(M10="","",IF(M10=$W$9,$V$9,IF(M10=$W$10,$V$10,IF(M10=$W$11,$V$11,IF(M10=$W$12,$V$12,IF(M10=$W$13,$V$13)))))) -> Catastrófico | P10: Baja | Q10: La actividad que conlleva el riesgo se ejecuta de 3 a 24 veces por año | R10: 3 | S10: 24 | T10: 0.4 | V10: Menor | W10: 0.4 | X10: Entre 10 y 50 SMLMV | Y10: El riesgo afecta la imagen de la entidad internamente, de conocimiento general nivel interno, de junta directiva y accionistas y/o de proveedores.
A11: ='2 CONTEXTO E IDENTIFICACIÓN'!A11 -> GEGI-10 | B11: =+'2 CONTEXTO E IDENTIFICACIÓN'!J11 -> Posibilidad de afectación reputacional porfalta de comunicación y credibilidad en la SES a causa de la publicación de información emitida sin la correcta divulgación al interior de la entidad. | C11: 12 | D11: =+IF(C11="","",IF(C11<=$S$9,$Q$9,IF(C11<=$S$10,$Q$10,IF(C11<=$S$11,$Q$11,IF(C11<=$S$12,$Q$12,IF(C11>=$R$13,$Q$13,"")))))) -> La actividad que conlleva el riesgo se ejecuta de 3 a 24 veces por año | E11: =+IF(D11="","",IF(D11=$Q$9,$T$9,IF(D11=$Q$10,$T$10,IF(D11=$Q$11,$T$11,IF(D11=$Q$12,$T$12,IF(D11=$Q$13,$T$13)))))) -> 0.4 | F11: =+IF(D11="","",IF(D11=$Q$9,$P$9,IF(D11=$Q$10,$P$10,IF(D11=$Q$11,$P$11,IF(D11=$Q$12,$P$12,IF(D11=$Q$13,$P$13)))))) -> Baja | G11: Menor a 10 SMLMV | H11: =+IF(G11="","",IF(G11="N/A","",IF(OR(G11=$X$9,G11=$Y$9),$W$9,IF(OR(G11=$X$10,G11=$Y$10),$W$10,IF(OR(G11=$X$11,G11=$Y$11),$W$11,IF(OR(G11=$X$12,G11=$Y$12),$W$12,IF(OR(G11=$X$13,G11=$Y$13),$W$13))))))) -> 0.2 | I11: =+IF(G11="","",IF(G11="N/A","",IF(OR(G11=$X$9,G11=$Y$9),$V$9,IF(OR(G11=$X$10,G11=$Y$10),$V$10,IF(OR(G11=$X$11,G11=$Y$11),$V$11,IF(OR(G11=$X$12,G11=$Y$12),$V$12,IF(OR(G11=$X$13,G11=$Y$13),$V$13))))))) -> Leve | J11: El riesgo afecta la imagen de algún área de la organización. | K11: =+IF(J11="","",IF(J11="N/A","",IF(OR(J11=$X$9,J11=$Y$9),$W$9,IF(OR(J11=$X$10,J11=$Y$10),$W$10,IF(OR(J11=$X$11,J11=$Y$11),$W$11,IF(OR(J11=$X$12,J11=$Y$12),$W$12,IF(OR(J11=$X$13,J11=$Y$13),$W$13))))))) -> 0.2 | L11: =+IF(J11="","",IF(J11="N/A","",IF(OR(J11=$X$9,J11=$Y$9),$V$9,IF(OR(J11=$X$10,J11=$Y$10),$V$10,IF(OR(J11=$X$11,J11=$Y$11),$V$11,IF(OR(J11=$X$12,J11=$Y$12),$V$12,IF(OR(J11=$X$13,J11=$Y$13),$V$13))))))) -> Leve | M11: =+IF(H11="",K11,IF(K11="",H11,IF(H11>K11,H11,K11))) -> 0.2 | N11: =+IF(M11="","",IF(M11=$W$9,$V$9,IF(M11=$W$10,$V$10,IF(M11=$W$11,$V$11,IF(M11=$W$12,$V$12,IF(M11=$W$13,$V$13)))))) -> Leve | P11: Media | Q11: La actividad que conlleva el riesgo se ejecuta de 24 a 500 veces por año | R11: 25 | S11: 500 | T11: 0.6 | V11: Moderado | W11: 0.6 | X11: Entre 50 y 100 SMLMV | Y11: El riesgo afecta la imagen de la entidad con algunos usuarios de relevancia frente al logro de los objetivos.
A12: ='2 CONTEXTO E IDENTIFICACIÓN'!A12 -> GEGI-13 | B12: =+'2 CONTEXTO E IDENTIFICACIÓN'!J12 -> Posibilidad de afectación económica y reputacional porafectación a los asistentes a actividades organizadas por la SES a causa de falta de planeación previa a la ejecución de las actividades organizadas con 100 o hasta 500 personas. | C12: 12 | D12: =+IF(C12="","",IF(C12<=$S$9,$Q$9,IF(C12<=$S$10,$Q$10,IF(C12<=$S$11,$Q$11,IF(C12<=$S$12,$Q$12,IF(C12>=$R$13,$Q$13,"")))))) -> La actividad que conlleva el riesgo se ejecuta de 3 a 24 veces por año | E12: =+IF(D12="","",IF(D12=$Q$9,$T$9,IF(D12=$Q$10,$T$10,IF(D12=$Q$11,$T$11,IF(D12=$Q$12,$T$12,IF(D12=$Q$13,$T$13)))))) -> 0.4 | F12: =+IF(D12="","",IF(D12=$Q$9,$P$9,IF(D12=$Q$10,$P$10,IF(D12=$Q$11,$P$11,IF(D12=$Q$12,$P$12,IF(D12=$Q$13,$P$13)))))) -> Baja | G12: Menor a 10 SMLMV | H12: =+IF(G12="","",IF(G12="N/A","",IF(OR(G12=$X$9,G12=$Y$9),$W$9,IF(OR(G12=$X$10,G12=$Y$10),$W$10,IF(OR(G12=$X$11,G12=$Y$11),$W$11,IF(OR(G12=$X$12,G12=$Y$12),$W$12,IF(OR(G12=$X$13,G12=$Y$13),$W$13))))))) -> 0.2 | I12: =+IF(G12="","",IF(G12="N/A","",IF(OR(G12=$X$9,G12=$Y$9),$V$9,IF(OR(G12=$X$10,G12=$Y$10),$V$10,IF(OR(G12=$X$11,G12=$Y$11),$V$11,IF(OR(G12=$X$12,G12=$Y$12),$V$12,IF(OR(G12=$X$13,G12=$Y$13),$V$13))))))) -> Leve | J12: El riesgo afecta la imagen de la entidad con algunos usuarios de relevancia frente al logro de los objetivos. | K12: =+IF(J12="","",IF(J12="N/A","",IF(OR(J12=$X$9,J12=$Y$9),$W$9,IF(OR(J12=$X$10,J12=$Y$10),$W$10,IF(OR(J12=$X$11,J12=$Y$11),$W$11,IF(OR(J12=$X$12,J12=$Y$12),$W$12,IF(OR(J12=$X$13,J12=$Y$13),$W$13))))))) -> 0.6 | L12: =+IF(J12="","",IF(J12="N/A","",IF(OR(J12=$X$9,J12=$Y$9),$V$9,IF(OR(J12=$X$10,J12=$Y$10),$V$10,IF(OR(J12=$X$11,J12=$Y$11),$V$11,IF(OR(J12=$X$12,J12=$Y$12),$V$12,IF(OR(J12=$X$13,J12=$Y$13),$V$13))))))) -> Moderado | M12: =+IF(H12="",K12,IF(K12="",H12,IF(H12>K12,H12,K12))) -> 0.6 | N12: =+IF(M12="","",IF(M12=$W$9,$V$9,IF(M12=$W$10,$V$10,IF(M12=$W$11,$V$11,IF(M12=$W$12,$V$12,IF(M12=$W$13,$V$13)))))) -> Moderado | P12: Alta | Q12: La actividad que conlleva el riesgo se ejecuta mínimo 500 veces al año y máximo 5.000 veces por año | R12: 5001 | S12: 5000 | T12: 0.8 | V12: Mayor | W12: 0.8 | X12: Entre 100 y 500 SMLMV | Y12: El riesgo afecta la imagen de la entidad con efecto publicitario sostenido a nivel de sector administrativo, nivel departamental o municipal.
A13: ='2 CONTEXTO E IDENTIFICACIÓN'!A13 -> GEGI-14 | B13: =+'2 CONTEXTO E IDENTIFICACIÓN'!J13 -> Posibilidad de pérdida reputacional porsolicitar o recibir dádivas para adelantar trámites ante la Supersolidaria a causa de desconocimiento de los servicios dispuestos por la SES por parte de las entidades de economía solidaria, asociados y ciudadanía en general en la solicitud de trámites. | C13: 12 | D13: =+IF(C13="","",IF(C13<=$S$9,$Q$9,IF(C13<=$S$10,$Q$10,IF(C13<=$S$11,$Q$11,IF(C13<=$S$12,$Q$12,IF(C13>=$R$13,$Q$13,"")))))) -> La actividad que conlleva el riesgo se ejecuta de 3 a 24 veces por año | E13: =+IF(D13="","",IF(D13=$Q$9,$T$9,IF(D13=$Q$10,$T$10,IF(D13=$Q$11,$T$11,IF(D13=$Q$12,$T$12,IF(D13=$Q$13,$T$13)))))) -> 0.4 | F13: =+IF(D13="","",IF(D13=$Q$9,$P$9,IF(D13=$Q$10,$P$10,IF(D13=$Q$11,$P$11,IF(D13=$Q$12,$P$12,IF(D13=$Q$13,$P$13)))))) -> Baja | G13: Menor a 10 SMLMV | H13: =+IF(G13="","",IF(G13="N/A","",IF(OR(G13=$X$9,G13=$Y$9),$W$9,IF(OR(G13=$X$10,G13=$Y$10),$W$10,IF(OR(G13=$X$11,G13=$Y$11),$W$11,IF(OR(G13=$X$12,G13=$Y$12),$W$12,IF(OR(G13=$X$13,G13=$Y$13),$W$13))))))) -> 0.2 | I13: =+IF(G13="","",IF(G13="N/A","",IF(OR(G13=$X$9,G13=$Y$9),$V$9,IF(OR(G13=$X$10,G13=$Y$10),$V$10,IF(OR(G13=$X$11,G13=$Y$11),$V$11,IF(OR(G13=$X$12,G13=$Y$12),$V$12,IF(OR(G13=$X$13,G13=$Y$13),$V$13))))))) -> Leve | J13: El riesgo afecta la imagen de la entidad internamente, de conocimiento general nivel interno, de junta directiva y accionistas y/o de proveedores. | K13: =+IF(J13="","",IF(J13="N/A","",IF(OR(J13=$X$9,J13=$Y$9),$W$9,IF(OR(J13=$X$10,J13=$Y$10),$W$10,IF(OR(J13=$X$11,J13=$Y$11),$W$11,IF(OR(J13=$X$12,J13=$Y$12),$W$12,IF(OR(J13=$X$13,J13=$Y$13),$W$13))))))) -> 0.4 | L13: =+IF(J13="","",IF(J13="N/A","",IF(OR(J13=$X$9,J13=$Y$9),$V$9,IF(OR(J13=$X$10,J13=$Y$10),$V$10,IF(OR(J13=$X$11,J13=$Y$11),$V$11,IF(OR(J13=$X$12,J13=$Y$12),$V$12,IF(OR(J13=$X$13,J13=$Y$13),$V$13))))))) -> Menor | M13: =+IF(H13="",K13,IF(K13="",H13,IF(H13>K13,H13,K13))) -> 0.4 | N13: =+IF(M13="","",IF(M13=$W$9,$V$9,IF(M13=$W$10,$V$10,IF(M13=$W$11,$V$11,IF(M13=$W$12,$V$12,IF(M13=$W$13,$V$13)))))) -> Menor | P13: Muy Alta | Q13: La actividad que conlleva el riesgo se ejecuta más de 5.000 veces por año | R13: 5001 | T13: 1 | V13: Catastrófico | W13: 1 | X13: Mayor a 500 SMLMV | Y13: El riesgo afecta la imagen de la entidad a nivel nacional, con efecto publicitario sostenido a nivel país
A14: ='2 CONTEXTO E IDENTIFICACIÓN'!A14 -> GEGI-15 | B14: =+'2 CONTEXTO E IDENTIFICACIÓN'!J14 -> Posibilidad de pérdida reputacional porfalta de interiorización de los valores institucionales señalados en el Código de Integridad por parte de los servidores de la entidad a causa de desconocimiento y/o falta de apropiación de la politica de conflictos de interés de la SES lo que podria generar recibir beneficios particulares o para un tercero por suministrar a traves de los canales de atención y comunicación de la SES información especifica de alguna organización solidaria vigilada o sus asociados. | C14: 12 | D14: =+IF(C14="","",IF(C14<=$S$9,$Q$9,IF(C14<=$S$10,$Q$10,IF(C14<=$S$11,$Q$11,IF(C14<=$S$12,$Q$12,IF(C14>=$R$13,$Q$13,"")))))) -> La actividad que conlleva el riesgo se ejecuta de 3 a 24 veces por año | E14: =+IF(D14="","",IF(D14=$Q$9,$T$9,IF(D14=$Q$10,$T$10,IF(D14=$Q$11,$T$11,IF(D14=$Q$12,$T$12,IF(D14=$Q$13,$T$13)))))) -> 0.4 | F14: =+IF(D14="","",IF(D14=$Q$9,$P$9,IF(D14=$Q$10,$P$10,IF(D14=$Q$11,$P$11,IF(D14=$Q$12,$P$12,IF(D14=$Q$13,$P$13)))))) -> Baja | G14: Menor a 10 SMLMV | H14: =+IF(G14="","",IF(G14="N/A","",IF(OR(G14=$X$9,G14=$Y$9),$W$9,IF(OR(G14=$X$10,G14=$Y$10),$W$10,IF(OR(G14=$X$11,G14=$Y$11),$W$11,IF(OR(G14=$X$12,G14=$Y$12),$W$12,IF(OR(G14=$X$13,G14=$Y$13),$W$13))))))) -> 0.2 | I14: =+IF(G14="","",IF(G14="N/A","",IF(OR(G14=$X$9,G14=$Y$9),$V$9,IF(OR(G14=$X$10,G14=$Y$10),$V$10,IF(OR(G14=$X$11,G14=$Y$11),$V$11,IF(OR(G14=$X$12,G14=$Y$12),$V$12,IF(OR(G14=$X$13,G14=$Y$13),$V$13))))))) -> Leve | J14: El riesgo afecta la imagen de algún área de la organización. | K14: =+IF(J14="","",IF(J14="N/A","",IF(OR(J14=$X$9,J14=$Y$9),$W$9,IF(OR(J14=$X$10,J14=$Y$10),$W$10,IF(OR(J14=$X$11,J14=$Y$11),$W$11,IF(OR(J14=$X$12,J14=$Y$12),$W$12,IF(OR(J14=$X$13,J14=$Y$13),$W$13))))))) -> 0.2 | L14: =+IF(J14="","",IF(J14="N/A","",IF(OR(J14=$X$9,J14=$Y$9),$V$9,IF(OR(J14=$X$10,J14=$Y$10),$V$10,IF(OR(J14=$X$11,J14=$Y$11),$V$11,IF(OR(J14=$X$12,J14=$Y$12),$V$12,IF(OR(J14=$X$13,J14=$Y$13),$V$13))))))) -> Leve | M14: =+IF(H14="",K14,IF(K14="",H14,IF(H14>K14,H14,K14))) -> 0.2 | N14: =+IF(M14="","",IF(M14=$W$9,$V$9,IF(M14=$W$10,$V$10,IF(M14=$W$11,$V$11,IF(M14=$W$12,$V$12,IF(M14=$W$13,$V$13)))))) -> Leve | X14: N/A | Y14: N/A
A15: ='2 CONTEXTO E IDENTIFICACIÓN'!A15 -> GEGI-12 | B15: =+'2 CONTEXTO E IDENTIFICACIÓN'!J15 -> Posibilidad de pérdida reputacional porrecibir un beneficio particular o para un tercero a causa de suministrar a través de los canales de atención y comunicación de la SES información especifica de alguna organización solidaria vigilada o sus asociados. | C15: 12 | D15: =+IF(C15="","",IF(C15<=$S$9,$Q$9,IF(C15<=$S$10,$Q$10,IF(C15<=$S$11,$Q$11,IF(C15<=$S$12,$Q$12,IF(C15>=$R$13,$Q$13,"")))))) -> La actividad que conlleva el riesgo se ejecuta de 3 a 24 veces por año | E15: =+IF(D15="","",IF(D15=$Q$9,$T$9,IF(D15=$Q$10,$T$10,IF(D15=$Q$11,$T$11,IF(D15=$Q$12,$T$12,IF(D15=$Q$13,$T$13)))))) -> 0.4 | F15: =+IF(D15="","",IF(D15=$Q$9,$P$9,IF(D15=$Q$10,$P$10,IF(D15=$Q$11,$P$11,IF(D15=$Q$12,$P$12,IF(D15=$Q$13,$P$13)))))) -> Baja | G15: Menor a 10 SMLMV | H15: =+IF(G15="","",IF(G15="N/A","",IF(OR(G15=$X$9,G15=$Y$9),$W$9,IF(OR(G15=$X$10,G15=$Y$10),$W$10,IF(OR(G15=$X$11,G15=$Y$11),$W$11,IF(OR(G15=$X$12,G15=$Y$12),$W$12,IF(OR(G15=$X$13,G15=$Y$13),$W$13))))))) -> 0.2 | I15: =+IF(G15="","",IF(G15="N/A","",IF(OR(G15=$X$9,G15=$Y$9),$V$9,IF(OR(G15=$X$10,G15=$Y$10),$V$10,IF(OR(G15=$X$11,G15=$Y$11),$V$11,IF(OR(G15=$X$12,G15=$Y$12),$V$12,IF(OR(G15=$X$13,G15=$Y$13),$V$13))))))) -> Leve | J15: El riesgo afecta la imagen de algún área de la organización. | K15: =+IF(J15="","",IF(J15="N/A","",IF(OR(J15=$X$9,J15=$Y$9),$W$9,IF(OR(J15=$X$10,J15=$Y$10),$W$10,IF(OR(J15=$X$11,J15=$Y$11),$W$11,IF(OR(J15=$X$12,J15=$Y$12),$W$12,IF(OR(J15=$X$13,J15=$Y$13),$W$13))))))) -> 0.2 | L15: =+IF(J15="","",IF(J15="N/A","",IF(OR(J15=$X$9,J15=$Y$9),$V$9,IF(OR(J15=$X$10,J15=$Y$10),$V$10,IF(OR(J15=$X$11,J15=$Y$11),$V$11,IF(OR(J15=$X$12,J15=$Y$12),$V$12,IF(OR(J15=$X$13,J15=$Y$13),$V$13))))))) -> Leve | M15: =+IF(H15="",K15,IF(K15="",H15,IF(H15>K15,H15,K15))) -> 0.2 | N15: =+IF(M15="","",IF(M15=$W$9,$V$9,IF(M15=$W$10,$V$10,IF(M15=$W$11,$V$11,IF(M15=$W$12,$V$12,IF(M15=$W$13,$V$13)))))) -> Leve
A16: ='2 CONTEXTO E IDENTIFICACIÓN'!A16 -> R8 | B16: =+'2 CONTEXTO E IDENTIFICACIÓN'!J16 -> por a causa de | D16: =+IF(C16="","",IF(C16<=$S$9,$Q$9,IF(C16<=$S$10,$Q$10,IF(C16<=$S$11,$Q$11,IF(C16<=$S$12,$Q$12,IF(C16>=$R$13,$Q$13,"")))))) | E16: =+IF(D16="","",IF(D16=$Q$9,$T$9,IF(D16=$Q$10,$T$10,IF(D16=$Q$11,$T$11,IF(D16=$Q$12,$T$12,IF(D16=$Q$13,$T$13)))))) | F16: =+IF(D16="","",IF(D16=$Q$9,$P$9,IF(D16=$Q$10,$P$10,IF(D16=$Q$11,$P$11,IF(D16=$Q$12,$P$12,IF(D16=$Q$13,$P$13)))))) | H16: =+IF(G16="","",IF(G16="N/A","",IF(OR(G16=$X$9,G16=$Y$9),$W$9,IF(OR(G16=$X$10,G16=$Y$10),$W$10,IF(OR(G16=$X$11,G16=$Y$11),$W$11,IF(OR(G16=$X$12,G16=$Y$12),$W$12,IF(OR(G16=$X$13,G16=$Y$13),$W$13))))))) | I16: =+IF(G16="","",IF(G16="N/A","",IF(OR(G16=$X$9,G16=$Y$9),$V$9,IF(OR(G16=$X$10,G16=$Y$10),$V$10,IF(OR(G16=$X$11,G16=$Y$11),$V$11,IF(OR(G16=$X$12,G16=$Y$12),$V$12,IF(OR(G16=$X$13,G16=$Y$13),$V$13))))))) | K16: =+IF(J16="","",IF(J16="N/A","",IF(OR(J16=$X$9,J16=$Y$9),$W$9,IF(OR(J16=$X$10,J16=$Y$10),$W$10,IF(OR(J16=$X$11,J16=$Y$11),$W$11,IF(OR(J16=$X$12,J16=$Y$12),$W$12,IF(OR(J16=$X$13,J16=$Y$13),$W$13))))))) | L16: =+IF(J16="","",IF(J16="N/A","",IF(OR(J16=$X$9,J16=$Y$9),$V$9,IF(OR(J16=$X$10,J16=$Y$10),$V$10,IF(OR(J16=$X$11,J16=$Y$11),$V$11,IF(OR(J16=$X$12,J16=$Y$12),$V$12,IF(OR(J16=$X$13,J16=$Y$13),$V$13))))))) | M16: =+IF(H16="",K16,IF(K16="",H16,IF(H16>K16,H16,K16))) | N16: =+IF(M16="","",IF(M16=$W$9,$V$9,IF(M16=$W$10,$V$10,IF(M16=$W$11,$V$11,IF(M16=$W$12,$V$12,IF(M16=$W$13,$V$13))))))
A17: ='2 CONTEXTO E IDENTIFICACIÓN'!A17 -> R9 | B17: =+'2 CONTEXTO E IDENTIFICACIÓN'!J17 -> por a causa de | D17: =+IF(C17="","",IF(C17<=$S$9,$Q$9,IF(C17<=$S$10,$Q$10,IF(C17<=$S$11,$Q$11,IF(C17<=$S$12,$Q$12,IF(C17>=$R$13,$Q$13,"")))))) | E17: =+IF(D17="","",IF(D17=$Q$9,$T$9,IF(D17=$Q$10,$T$10,IF(D17=$Q$11,$T$11,IF(D17=$Q$12,$T$12,IF(D17=$Q$13,$T$13)))))) | F17: =+IF(D17="","",IF(D17=$Q$9,$P$9,IF(D17=$Q$10,$P$10,IF(D17=$Q$11,$P$11,IF(D17=$Q$12,$P$12,IF(D17=$Q$13,$P$13)))))) | H17: =+IF(G17="","",IF(G17="N/A","",IF(OR(G17=$X$9,G17=$Y$9),$W$9,IF(OR(G17=$X$10,G17=$Y$10),$W$10,IF(OR(G17=$X$11,G17=$Y$11),$W$11,IF(OR(G17=$X$12,G17=$Y$12),$W$12,IF(OR(G17=$X$13,G17=$Y$13),$W$13))))))) | I17: =+IF(G17="","",IF(G17="N/A","",IF(OR(G17=$X$9,G17=$Y$9),$V$9,IF(OR(G17=$X$10,G17=$Y$10),$V$10,IF(OR(G17=$X$11,G17=$Y$11),$V$11,IF(OR(G17=$X$12,G17=$Y$12),$V$12,IF(OR(G17=$X$13,G17=$Y$13),$V$13))))))) | K17: =+IF(J17="","",IF(J17="N/A","",IF(OR(J17=$X$9,J17=$Y$9),$W$9,IF(OR(J17=$X$10,J17=$Y$10),$W$10,IF(OR(J17=$X$11,J17=$Y$11),$W$11,IF(OR(J17=$X$12,J17=$Y$12),$W$12,IF(OR(J17=$X$13,J17=$Y$13),$W$13))))))) | L17: =+IF(J17="","",IF(J17="N/A","",IF(OR(J17=$X$9,J17=$Y$9),$V$9,IF(OR(J17=$X$10,J17=$Y$10),$V$10,IF(OR(J17=$X$11,J17=$Y$11),$V$11,IF(OR(J17=$X$12,J17=$Y$12),$V$12,IF(OR(J17=$X$13,J17=$Y$13),$V$13))))))) | M17: =+IF(H17="",K17,IF(K17="",H17,IF(H17>K17,H17,K17))) | N17: =+IF(M17="","",IF(M17=$W$9,$V$9,IF(M17=$W$10,$V$10,IF(M17=$W$11,$V$11,IF(M17=$W$12,$V$12,IF(M17=$W$13,$V$13))))))
A18: ='2 CONTEXTO E IDENTIFICACIÓN'!A18 -> R10 | B18: =+'2 CONTEXTO E IDENTIFICACIÓN'!J18 -> por a causa de | D18: =+IF(C18="","",IF(C18<=$S$9,$Q$9,IF(C18<=$S$10,$Q$10,IF(C18<=$S$11,$Q$11,IF(C18<=$S$12,$Q$12,IF(C18>=$R$13,$Q$13,"")))))) | E18: =+IF(D18="","",IF(D18=$Q$9,$T$9,IF(D18=$Q$10,$T$10,IF(D18=$Q$11,$T$11,IF(D18=$Q$12,$T$12,IF(D18=$Q$13,$T$13)))))) | F18: =+IF(D18="","",IF(D18=$Q$9,$P$9,IF(D18=$Q$10,$P$10,IF(D18=$Q$11,$P$11,IF(D18=$Q$12,$P$12,IF(D18=$Q$13,$P$13)))))) | H18: =+IF(G18="","",IF(G18="N/A","",IF(OR(G18=$X$9,G18=$Y$9),$W$9,IF(OR(G18=$X$10,G18=$Y$10),$W$10,IF(OR(G18=$X$11,G18=$Y$11),$W$11,IF(OR(G18=$X$12,G18=$Y$12),$W$12,IF(OR(G18=$X$13,G18=$Y$13),$W$13))))))) | I18: =+IF(G18="","",IF(G18="N/A","",IF(OR(G18=$X$9,G18=$Y$9),$V$9,IF(OR(G18=$X$10,G18=$Y$10),$V$10,IF(OR(G18=$X$11,G18=$Y$11),$V$11,IF(OR(G18=$X$12,G18=$Y$12),$V$12,IF(OR(G18=$X$13,G18=$Y$13),$V$13))))))) | K18: =+IF(J18="","",IF(J18="N/A","",IF(OR(J18=$X$9,J18=$Y$9),$W$9,IF(OR(J18=$X$10,J18=$Y$10),$W$10,IF(OR(J18=$X$11,J18=$Y$11),$W$11,IF(OR(J18=$X$12,J18=$Y$12),$W$12,IF(OR(J18=$X$13,J18=$Y$13),$W$13))))))) | L18: =+IF(J18="","",IF(J18="N/A","",IF(OR(J18=$X$9,J18=$Y$9),$V$9,IF(OR(J18=$X$10,J18=$Y$10),$V$10,IF(OR(J18=$X$11,J18=$Y$11),$V$11,IF(OR(J18=$X$12,J18=$Y$12),$V$12,IF(OR(J18=$X$13,J18=$Y$13),$V$13))))))) | M18: =+IF(H18="",K18,IF(K18="",H18,IF(H18>K18,H18,K18))) | N18: =+IF(M18="","",IF(M18=$W$9,$V$9,IF(M18=$W$10,$V$10,IF(M18=$W$11,$V$11,IF(M18=$W$12,$V$12,IF(M18=$W$13,$V$13))))))
A19: ='2 CONTEXTO E IDENTIFICACIÓN'!A19 -> R11 | B19: =+'2 CONTEXTO E IDENTIFICACIÓN'!J19 -> por a causa de | D19: =+IF(C19="","",IF(C19<=$S$9,$Q$9,IF(C19<=$S$10,$Q$10,IF(C19<=$S$11,$Q$11,IF(C19<=$S$12,$Q$12,IF(C19>=$R$13,$Q$13,"")))))) | E19: =+IF(D19="","",IF(D19=$Q$9,$T$9,IF(D19=$Q$10,$T$10,IF(D19=$Q$11,$T$11,IF(D19=$Q$12,$T$12,IF(D19=$Q$13,$T$13)))))) | F19: =+IF(D19="","",IF(D19=$Q$9,$P$9,IF(D19=$Q$10,$P$10,IF(D19=$Q$11,$P$11,IF(D19=$Q$12,$P$12,IF(D19=$Q$13,$P$13)))))) | H19: =+IF(G19="","",IF(G19="N/A","",IF(OR(G19=$X$9,G19=$Y$9),$W$9,IF(OR(G19=$X$10,G19=$Y$10),$W$10,IF(OR(G19=$X$11,G19=$Y$11),$W$11,IF(OR(G19=$X$12,G19=$Y$12),$W$12,IF(OR(G19=$X$13,G19=$Y$13),$W$13))))))) | I19: =+IF(G19="","",IF(G19="N/A","",IF(OR(G19=$X$9,G19=$Y$9),$V$9,IF(OR(G19=$X$10,G19=$Y$10),$V$10,IF(OR(G19=$X$11,G19=$Y$11),$V$11,IF(OR(G19=$X$12,G19=$Y$12),$V$12,IF(OR(G19=$X$13,G19=$Y$13),$V$13))))))) | K19: =+IF(J19="","",IF(J19="N/A","",IF(OR(J19=$X$9,J19=$Y$9),$W$9,IF(OR(J19=$X$10,J19=$Y$10),$W$10,IF(OR(J19=$X$11,J19=$Y$11),$W$11,IF(OR(J19=$X$12,J19=$Y$12),$W$12,IF(OR(J19=$X$13,J19=$Y$13),$W$13))))))) | L19: =+IF(J19="","",IF(J19="N/A","",IF(OR(J19=$X$9,J19=$Y$9),$V$9,IF(OR(J19=$X$10,J19=$Y$10),$V$10,IF(OR(J19=$X$11,J19=$Y$11),$V$11,IF(OR(J19=$X$12,J19=$Y$12),$V$12,IF(OR(J19=$X$13,J19=$Y$13),$V$13))))))) | M19: =+IF(H19="",K19,IF(K19="",H19,IF(H19>K19,H19,K19))) | N19: =+IF(M19="","",IF(M19=$W$9,$V$9,IF(M19=$W$10,$V$10,IF(M19=$W$11,$V$11,IF(M19=$W$12,$V$12,IF(M19=$W$13,$V$13))))))
A20: ='2 CONTEXTO E IDENTIFICACIÓN'!A20 -> R12 | B20: =+'2 CONTEXTO E IDENTIFICACIÓN'!J20 -> por a causa de | D20: =+IF(C20="","",IF(C20<=$S$9,$Q$9,IF(C20<=$S$10,$Q$10,IF(C20<=$S$11,$Q$11,IF(C20<=$S$12,$Q$12,IF(C20>=$R$13,$Q$13,"")))))) | E20: =+IF(D20="","",IF(D20=$Q$9,$T$9,IF(D20=$Q$10,$T$10,IF(D20=$Q$11,$T$11,IF(D20=$Q$12,$T$12,IF(D20=$Q$13,$T$13)))))) | F20: =+IF(D20="","",IF(D20=$Q$9,$P$9,IF(D20=$Q$10,$P$10,IF(D20=$Q$11,$P$11,IF(D20=$Q$12,$P$12,IF(D20=$Q$13,$P$13)))))) | H20: =+IF(G20="","",IF(G20="N/A","",IF(OR(G20=$X$9,G20=$Y$9),$W$9,IF(OR(G20=$X$10,G20=$Y$10),$W$10,IF(OR(G20=$X$11,G20=$Y$11),$W$11,IF(OR(G20=$X$12,G20=$Y$12),$W$12,IF(OR(G20=$X$13,G20=$Y$13),$W$13))))))) | I20: =+IF(G20="","",IF(G20="N/A","",IF(OR(G20=$X$9,G20=$Y$9),$V$9,IF(OR(G20=$X$10,G20=$Y$10),$V$10,IF(OR(G20=$X$11,G20=$Y$11),$V$11,IF(OR(G20=$X$12,G20=$Y$12),$V$12,IF(OR(G20=$X$13,G20=$Y$13),$V$13))))))) | K20: =+IF(J20="","",IF(J20="N/A","",IF(OR(J20=$X$9,J20=$Y$9),$W$9,IF(OR(J20=$X$10,J20=$Y$10),$W$10,IF(OR(J20=$X$11,J20=$Y$11),$W$11,IF(OR(J20=$X$12,J20=$Y$12),$W$12,IF(OR(J20=$X$13,J20=$Y$13),$W$13))))))) | L20: =+IF(J20="","",IF(J20="N/A","",IF(OR(J20=$X$9,J20=$Y$9),$V$9,IF(OR(J20=$X$10,J20=$Y$10),$V$10,IF(OR(J20=$X$11,J20=$Y$11),$V$11,IF(OR(J20=$X$12,J20=$Y$12),$V$12,IF(OR(J20=$X$13,J20=$Y$13),$V$13))))))) | M20: =+IF(H20="",K20,IF(K20="",H20,IF(H20>K20,H20,K20))) | N20: =+IF(M20="","",IF(M20=$W$9,$V$9,IF(M20=$W$10,$V$10,IF(M20=$W$11,$V$11,IF(M20=$W$12,$V$12,IF(M20=$W$13,$V$13))))))
A21: ='2 CONTEXTO E IDENTIFICACIÓN'!A21 -> R13 | B21: =+'2 CONTEXTO E IDENTIFICACIÓN'!J21 -> por a causa de | D21: =+IF(C21="","",IF(C21<=$S$9,$Q$9,IF(C21<=$S$10,$Q$10,IF(C21<=$S$11,$Q$11,IF(C21<=$S$12,$Q$12,IF(C21>=$R$13,$Q$13,"")))))) | E21: =+IF(D21="","",IF(D21=$Q$9,$T$9,IF(D21=$Q$10,$T$10,IF(D21=$Q$11,$T$11,IF(D21=$Q$12,$T$12,IF(D21=$Q$13,$T$13)))))) | F21: =+IF(D21="","",IF(D21=$Q$9,$P$9,IF(D21=$Q$10,$P$10,IF(D21=$Q$11,$P$11,IF(D21=$Q$12,$P$12,IF(D21=$Q$13,$P$13)))))) | H21: =+IF(G21="","",IF(G21="N/A","",IF(OR(G21=$X$9,G21=$Y$9),$W$9,IF(OR(G21=$X$10,G21=$Y$10),$W$10,IF(OR(G21=$X$11,G21=$Y$11),$W$11,IF(OR(G21=$X$12,G21=$Y$12),$W$12,IF(OR(G21=$X$13,G21=$Y$13),$W$13))))))) | I21: =+IF(G21="","",IF(G21="N/A","",IF(OR(G21=$X$9,G21=$Y$9),$V$9,IF(OR(G21=$X$10,G21=$Y$10),$V$10,IF(OR(G21=$X$11,G21=$Y$11),$V$11,IF(OR(G21=$X$12,G21=$Y$12),$V$12,IF(OR(G21=$X$13,G21=$Y$13),$V$13))))))) | K21: =+IF(J21="","",IF(J21="N/A","",IF(OR(J21=$X$9,J21=$Y$9),$W$9,IF(OR(J21=$X$10,J21=$Y$10),$W$10,IF(OR(J21=$X$11,J21=$Y$11),$W$11,IF(OR(J21=$X$12,J21=$Y$12),$W$12,IF(OR(J21=$X$13,J21=$Y$13),$W$13))))))) | L21: =+IF(J21="","",IF(J21="N/A","",IF(OR(J21=$X$9,J21=$Y$9),$V$9,IF(OR(J21=$X$10,J21=$Y$10),$V$10,IF(OR(J21=$X$11,J21=$Y$11),$V$11,IF(OR(J21=$X$12,J21=$Y$12),$V$12,IF(OR(J21=$X$13,J21=$Y$13),$V$13))))))) | M21: =+IF(H21="",K21,IF(K21="",H21,IF(H21>K21,H21,K21))) | N21: =+IF(M21="","",IF(M21=$W$9,$V$9,IF(M21=$W$10,$V$10,IF(M21=$W$11,$V$11,IF(M21=$W$12,$V$12,IF(M21=$W$13,$V$13))))))
A22: ='2 CONTEXTO E IDENTIFICACIÓN'!A22 -> R14 | B22: =+'2 CONTEXTO E IDENTIFICACIÓN'!J22 -> por a causa de | D22: =+IF(C22="","",IF(C22<=$S$9,$Q$9,IF(C22<=$S$10,$Q$10,IF(C22<=$S$11,$Q$11,IF(C22<=$S$12,$Q$12,IF(C22>=$R$13,$Q$13,"")))))) | E22: =+IF(D22="","",IF(D22=$Q$9,$T$9,IF(D22=$Q$10,$T$10,IF(D22=$Q$11,$T$11,IF(D22=$Q$12,$T$12,IF(D22=$Q$13,$T$13)))))) | F22: =+IF(D22="","",IF(D22=$Q$9,$P$9,IF(D22=$Q$10,$P$10,IF(D22=$Q$11,$P$11,IF(D22=$Q$12,$P$12,IF(D22=$Q$13,$P$13)))))) | H22: =+IF(G22="","",IF(G22="N/A","",IF(OR(G22=$X$9,G22=$Y$9),$W$9,IF(OR(G22=$X$10,G22=$Y$10),$W$10,IF(OR(G22=$X$11,G22=$Y$11),$W$11,IF(OR(G22=$X$12,G22=$Y$12),$W$12,IF(OR(G22=$X$13,G22=$Y$13),$W$13))))))) | I22: =+IF(G22="","",IF(G22="N/A","",IF(OR(G22=$X$9,G22=$Y$9),$V$9,IF(OR(G22=$X$10,G22=$Y$10),$V$10,IF(OR(G22=$X$11,G22=$Y$11),$V$11,IF(OR(G22=$X$12,G22=$Y$12),$V$12,IF(OR(G22=$X$13,G22=$Y$13),$V$13))))))) | K22: =+IF(J22="","",IF(J22="N/A","",IF(OR(J22=$X$9,J22=$Y$9),$W$9,IF(OR(J22=$X$10,J22=$Y$10),$W$10,IF(OR(J22=$X$11,J22=$Y$11),$W$11,IF(OR(J22=$X$12,J22=$Y$12),$W$12,IF(OR(J22=$X$13,J22=$Y$13),$W$13))))))) | L22: =+IF(J22="","",IF(J22="N/A","",IF(OR(J22=$X$9,J22=$Y$9),$V$9,IF(OR(J22=$X$10,J22=$Y$10),$V$10,IF(OR(J22=$X$11,J22=$Y$11),$V$11,IF(OR(J22=$X$12,J22=$Y$12),$V$12,IF(OR(J22=$X$13,J22=$Y$13),$V$13))))))) | M22: =+IF(H22="",K22,IF(K22="",H22,IF(H22>K22,H22,K22))) | N22: =+IF(M22="","",IF(M22=$W$9,$V$9,IF(M22=$W$10,$V$10,IF(M22=$W$11,$V$11,IF(M22=$W$12,$V$12,IF(M22=$W$13,$V$13))))))
A23: ='2 CONTEXTO E IDENTIFICACIÓN'!A23 -> R15 | B23: =+'2 CONTEXTO E IDENTIFICACIÓN'!J23 -> por a causa de | D23: =+IF(C23="","",IF(C23<=$S$9,$Q$9,IF(C23<=$S$10,$Q$10,IF(C23<=$S$11,$Q$11,IF(C23<=$S$12,$Q$12,IF(C23>=$R$13,$Q$13,"")))))) | E23: =+IF(D23="","",IF(D23=$Q$9,$T$9,IF(D23=$Q$10,$T$10,IF(D23=$Q$11,$T$11,IF(D23=$Q$12,$T$12,IF(D23=$Q$13,$T$13)))))) | F23: =+IF(D23="","",IF(D23=$Q$9,$P$9,IF(D23=$Q$10,$P$10,IF(D23=$Q$11,$P$11,IF(D23=$Q$12,$P$12,IF(D23=$Q$13,$P$13)))))) | H23: =+IF(G23="","",IF(G23="N/A","",IF(OR(G23=$X$9,G23=$Y$9),$W$9,IF(OR(G23=$X$10,G23=$Y$10),$W$10,IF(OR(G23=$X$11,G23=$Y$11),$W$11,IF(OR(G23=$X$12,G23=$Y$12),$W$12,IF(OR(G23=$X$13,G23=$Y$13),$W$13))))))) | I23: =+IF(G23="","",IF(G23="N/A","",IF(OR(G23=$X$9,G23=$Y$9),$V$9,IF(OR(G23=$X$10,G23=$Y$10),$V$10,IF(OR(G23=$X$11,G23=$Y$11),$V$11,IF(OR(G23=$X$12,G23=$Y$12),$V$12,IF(OR(G23=$X$13,G23=$Y$13),$V$13))))))) | K23: =+IF(J23="","",IF(J23="N/A","",IF(OR(J23=$X$9,J23=$Y$9),$W$9,IF(OR(J23=$X$10,J23=$Y$10),$W$10,IF(OR(J23=$X$11,J23=$Y$11),$W$11,IF(OR(J23=$X$12,J23=$Y$12),$W$12,IF(OR(J23=$X$13,J23=$Y$13),$W$13))))))) | L23: =+IF(J23="","",IF(J23="N/A","",IF(OR(J23=$X$9,J23=$Y$9),$V$9,IF(OR(J23=$X$10,J23=$Y$10),$V$10,IF(OR(J23=$X$11,J23=$Y$11),$V$11,IF(OR(J23=$X$12,J23=$Y$12),$V$12,IF(OR(J23=$X$13,J23=$Y$13),$V$13))))))) | M23: =+IF(H23="",K23,IF(K23="",H23,IF(H23>K23,H23,K23))) | N23: =+IF(M23="","",IF(M23=$W$9,$V$9,IF(M23=$W$10,$V$10,IF(M23=$W$11,$V$11,IF(M23=$W$12,$V$12,IF(M23=$W$13,$V$13))))))
A24: ='2 CONTEXTO E IDENTIFICACIÓN'!A24 -> R16 | B24: =+'2 CONTEXTO E IDENTIFICACIÓN'!J24 -> por a causa de | D24: =+IF(C24="","",IF(C24<=$S$9,$Q$9,IF(C24<=$S$10,$Q$10,IF(C24<=$S$11,$Q$11,IF(C24<=$S$12,$Q$12,IF(C24>=$R$13,$Q$13,"")))))) | E24: =+IF(D24="","",IF(D24=$Q$9,$T$9,IF(D24=$Q$10,$T$10,IF(D24=$Q$11,$T$11,IF(D24=$Q$12,$T$12,IF(D24=$Q$13,$T$13)))))) | F24: =+IF(D24="","",IF(D24=$Q$9,$P$9,IF(D24=$Q$10,$P$10,IF(D24=$Q$11,$P$11,IF(D24=$Q$12,$P$12,IF(D24=$Q$13,$P$13)))))) | H24: =+IF(G24="","",IF(G24="N/A","",IF(OR(G24=$X$9,G24=$Y$9),$W$9,IF(OR(G24=$X$10,G24=$Y$10),$W$10,IF(OR(G24=$X$11,G24=$Y$11),$W$11,IF(OR(G24=$X$12,G24=$Y$12),$W$12,IF(OR(G24=$X$13,G24=$Y$13),$W$13))))))) | I24: =+IF(G24="","",IF(G24="N/A","",IF(OR(G24=$X$9,G24=$Y$9),$V$9,IF(OR(G24=$X$10,G24=$Y$10),$V$10,IF(OR(G24=$X$11,G24=$Y$11),$V$11,IF(OR(G24=$X$12,G24=$Y$12),$V$12,IF(OR(G24=$X$13,G24=$Y$13),$V$13))))))) | K24: =+IF(J24="","",IF(J24="N/A","",IF(OR(J24=$X$9,J24=$Y$9),$W$9,IF(OR(J24=$X$10,J24=$Y$10),$W$10,IF(OR(J24=$X$11,J24=$Y$11),$W$11,IF(OR(J24=$X$12,J24=$Y$12),$W$12,IF(OR(J24=$X$13,J24=$Y$13),$W$13))))))) | L24: =+IF(J24="","",IF(J24="N/A","",IF(OR(J24=$X$9,J24=$Y$9),$V$9,IF(OR(J24=$X$10,J24=$Y$10),$V$10,IF(OR(J24=$X$11,J24=$Y$11),$V$11,IF(OR(J24=$X$12,J24=$Y$12),$V$12,IF(OR(J24=$X$13,J24=$Y$13),$V$13))))))) | M24: =+IF(H24="",K24,IF(K24="",H24,IF(H24>K24,H24,K24))) | N24: =+IF(M24="","",IF(M24=$W$9,$V$9,IF(M24=$W$10,$V$10,IF(M24=$W$11,$V$11,IF(M24=$W$12,$V$12,IF(M24=$W$13,$V$13))))))
A25: ='2 CONTEXTO E IDENTIFICACIÓN'!A25 -> R17 | B25: =+'2 CONTEXTO E IDENTIFICACIÓN'!J25 -> por a causa de | D25: =+IF(C25="","",IF(C25<=$S$9,$Q$9,IF(C25<=$S$10,$Q$10,IF(C25<=$S$11,$Q$11,IF(C25<=$S$12,$Q$12,IF(C25>=$R$13,$Q$13,"")))))) | E25: =+IF(D25="","",IF(D25=$Q$9,$T$9,IF(D25=$Q$10,$T$10,IF(D25=$Q$11,$T$11,IF(D25=$Q$12,$T$12,IF(D25=$Q$13,$T$13)))))) | F25: =+IF(D25="","",IF(D25=$Q$9,$P$9,IF(D25=$Q$10,$P$10,IF(D25=$Q$11,$P$11,IF(D25=$Q$12,$P$12,IF(D25=$Q$13,$P$13)))))) | H25: =+IF(G25="","",IF(G25="N/A","",IF(OR(G25=$X$9,G25=$Y$9),$W$9,IF(OR(G25=$X$10,G25=$Y$10),$W$10,IF(OR(G25=$X$11,G25=$Y$11),$W$11,IF(OR(G25=$X$12,G25=$Y$12),$W$12,IF(OR(G25=$X$13,G25=$Y$13),$W$13))))))) | I25: =+IF(G25="","",IF(G25="N/A","",IF(OR(G25=$X$9,G25=$Y$9),$V$9,IF(OR(G25=$X$10,G25=$Y$10),$V$10,IF(OR(G25=$X$11,G25=$Y$11),$V$11,IF(OR(G25=$X$12,G25=$Y$12),$V$12,IF(OR(G25=$X$13,G25=$Y$13),$V$13))))))) | K25: =+IF(J25="","",IF(J25="N/A","",IF(OR(J25=$X$9,J25=$Y$9),$W$9,IF(OR(J25=$X$10,J25=$Y$10),$W$10,IF(OR(J25=$X$11,J25=$Y$11),$W$11,IF(OR(J25=$X$12,J25=$Y$12),$W$12,IF(OR(J25=$X$13,J25=$Y$13),$W$13))))))) | L25: =+IF(J25="","",IF(J25="N/A","",IF(OR(J25=$X$9,J25=$Y$9),$V$9,IF(OR(J25=$X$10,J25=$Y$10),$V$10,IF(OR(J25=$X$11,J25=$Y$11),$V$11,IF(OR(J25=$X$12,J25=$Y$12),$V$12,IF(OR(J25=$X$13,J25=$Y$13),$V$13))))))) | M25: =+IF(H25="",K25,IF(K25="",H25,IF(H25>K25,H25,K25))) | N25: =+IF(M25="","",IF(M25=$W$9,$V$9,IF(M25=$W$10,$V$10,IF(M25=$W$11,$V$11,IF(M25=$W$12,$V$12,IF(M25=$W$13,$V$13))))))
A26: ='2 CONTEXTO E IDENTIFICACIÓN'!A26 -> 0 | B26: =+'2 CONTEXTO E IDENTIFICACIÓN'!J26 -> 0 | D26: =+IF(C26="","",IF(C26<=$S$9,$Q$9,IF(C26<=$S$10,$Q$10,IF(C26<=$S$11,$Q$11,IF(C26<=$S$12,$Q$12,IF(C26>=$R$13,$Q$13,"")))))) | E26: =+IF(D26="","",IF(D26=$Q$9,$T$9,IF(D26=$Q$10,$T$10,IF(D26=$Q$11,$T$11,IF(D26=$Q$12,$T$12,IF(D26=$Q$13,$T$13)))))) | F26: =+IF(D26="","",IF(D26=$Q$9,$P$9,IF(D26=$Q$10,$P$10,IF(D26=$Q$11,$P$11,IF(D26=$Q$12,$P$12,IF(D26=$Q$13,$P$13)))))) | H26: =+IF(G26="","",IF(G26="N/A","",IF(OR(G26=$X$9,G26=$Y$9),$W$9,IF(OR(G26=$X$10,G26=$Y$10),$W$10,IF(OR(G26=$X$11,G26=$Y$11),$W$11,IF(OR(G26=$X$12,G26=$Y$12),$W$12,IF(OR(G26=$X$13,G26=$Y$13),$W$13))))))) | I26: =+IF(G26="","",IF(G26="N/A","",IF(OR(G26=$X$9,G26=$Y$9),$V$9,IF(OR(G26=$X$10,G26=$Y$10),$V$10,IF(OR(G26=$X$11,G26=$Y$11),$V$11,IF(OR(G26=$X$12,G26=$Y$12),$V$12,IF(OR(G26=$X$13,G26=$Y$13),$V$13))))))) | K26: =+IF(J26="","",IF(J26="N/A","",IF(OR(J26=$X$9,J26=$Y$9),$W$9,IF(OR(J26=$X$10,J26=$Y$10),$W$10,IF(OR(J26=$X$11,J26=$Y$11),$W$11,IF(OR(J26=$X$12,J26=$Y$12),$W$12,IF(OR(J26=$X$13,J26=$Y$13),$W$13))))))) | L26: =+IF(J26="","",IF(J26="N/A","",IF(OR(J26=$X$9,J26=$Y$9),$V$9,IF(OR(J26=$X$10,J26=$Y$10),$V$10,IF(OR(J26=$X$11,J26=$Y$11),$V$11,IF(OR(J26=$X$12,J26=$Y$12),$V$12,IF(OR(J26=$X$13,J26=$Y$13),$V$13))))))) | M26: =+IF(H26="",K26,IF(K26="",H26,IF(H26>K26,H26,K26))) | N26: =+IF(M26="","",IF(M26=$W$9,$V$9,IF(M26=$W$10,$V$10,IF(M26=$W$11,$V$11,IF(M26=$W$12,$V$12,IF(M26=$W$13,$V$13))))))
A27: ='2 CONTEXTO E IDENTIFICACIÓN'!A27 -> 0 | B27: =+'2 CONTEXTO E IDENTIFICACIÓN'!J27 -> 0 | D27: =+IF(C27="","",IF(C27<=$S$9,$Q$9,IF(C27<=$S$10,$Q$10,IF(C27<=$S$11,$Q$11,IF(C27<=$S$12,$Q$12,IF(C27>=$R$13,$Q$13,"")))))) | E27: =+IF(D27="","",IF(D27=$Q$9,$T$9,IF(D27=$Q$10,$T$10,IF(D27=$Q$11,$T$11,IF(D27=$Q$12,$T$12,IF(D27=$Q$13,$T$13)))))) | F27: =+IF(D27="","",IF(D27=$Q$9,$P$9,IF(D27=$Q$10,$P$10,IF(D27=$Q$11,$P$11,IF(D27=$Q$12,$P$12,IF(D27=$Q$13,$P$13)))))) | H27: =+IF(G27="","",IF(G27="N/A","",IF(OR(G27=$X$9,G27=$Y$9),$W$9,IF(OR(G27=$X$10,G27=$Y$10),$W$10,IF(OR(G27=$X$11,G27=$Y$11),$W$11,IF(OR(G27=$X$12,G27=$Y$12),$W$12,IF(OR(G27=$X$13,G27=$Y$13),$W$13))))))) | I27: =+IF(G27="","",IF(G27="N/A","",IF(OR(G27=$X$9,G27=$Y$9),$V$9,IF(OR(G27=$X$10,G27=$Y$10),$V$10,IF(OR(G27=$X$11,G27=$Y$11),$V$11,IF(OR(G27=$X$12,G27=$Y$12),$V$12,IF(OR(G27=$X$13,G27=$Y$13),$V$13))))))) | K27: =+IF(J27="","",IF(J27="N/A","",IF(OR(J27=$X$9,J27=$Y$9),$W$9,IF(OR(J27=$X$10,J27=$Y$10),$W$10,IF(OR(J27=$X$11,J27=$Y$11),$W$11,IF(OR(J27=$X$12,J27=$Y$12),$W$12,IF(OR(J27=$X$13,J27=$Y$13),$W$13))))))) | L27: =+IF(J27="","",IF(J27="N/A","",IF(OR(J27=$X$9,J27=$Y$9),$V$9,IF(OR(J27=$X$10,J27=$Y$10),$V$10,IF(OR(J27=$X$11,J27=$Y$11),$V$11,IF(OR(J27=$X$12,J27=$Y$12),$V$12,IF(OR(J27=$X$13,J27=$Y$13),$V$13))))))) | M27: =+IF(H27="",K27,IF(K27="",H27,IF(H27>K27,H27,K27))) | N27: =+IF(M27="","",IF(M27=$W$9,$V$9,IF(M27=$W$10,$V$10,IF(M27=$W$11,$V$11,IF(M27=$W$12,$V$12,IF(M27=$W$13,$V$13))))))
A28: ='2 CONTEXTO E IDENTIFICACIÓN'!A28 -> 0 | B28: =+'2 CONTEXTO E IDENTIFICACIÓN'!J28 -> 0 | D28: =+IF(C28="","",IF(C28<=$S$9,$Q$9,IF(C28<=$S$10,$Q$10,IF(C28<=$S$11,$Q$11,IF(C28<=$S$12,$Q$12,IF(C28>=$R$13,$Q$13,"")))))) | E28: =+IF(D28="","",IF(D28=$Q$9,$T$9,IF(D28=$Q$10,$T$10,IF(D28=$Q$11,$T$11,IF(D28=$Q$12,$T$12,IF(D28=$Q$13,$T$13)))))) | F28: =+IF(D28="","",IF(D28=$Q$9,$P$9,IF(D28=$Q$10,$P$10,IF(D28=$Q$11,$P$11,IF(D28=$Q$12,$P$12,IF(D28=$Q$13,$P$13)))))) | H28: =+IF(G28="","",IF(G28="N/A","",IF(OR(G28=$X$9,G28=$Y$9),$W$9,IF(OR(G28=$X$10,G28=$Y$10),$W$10,IF(OR(G28=$X$11,G28=$Y$11),$W$11,IF(OR(G28=$X$12,G28=$Y$12),$W$12,IF(OR(G28=$X$13,G28=$Y$13),$W$13))))))) | I28: =+IF(G28="","",IF(G28="N/A","",IF(OR(G28=$X$9,G28=$Y$9),$V$9,IF(OR(G28=$X$10,G28=$Y$10),$V$10,IF(OR(G28=$X$11,G28=$Y$11),$V$11,IF(OR(G28=$X$12,G28=$Y$12),$V$12,IF(OR(G28=$X$13,G28=$Y$13),$V$13))))))) | K28: =+IF(J28="","",IF(J28="N/A","",IF(OR(J28=$X$9,J28=$Y$9),$W$9,IF(OR(J28=$X$10,J28=$Y$10),$W$10,IF(OR(J28=$X$11,J28=$Y$11),$W$11,IF(OR(J28=$X$12,J28=$Y$12),$W$12,IF(OR(J28=$X$13,J28=$Y$13),$W$13))))))) | L28: =+IF(J28="","",IF(J28="N/A","",IF(OR(J28=$X$9,J28=$Y$9),$V$9,IF(OR(J28=$X$10,J28=$Y$10),$V$10,IF(OR(J28=$X$11,J28=$Y$11),$V$11,IF(OR(J28=$X$12,J28=$Y$12),$V$12,IF(OR(J28=$X$13,J28=$Y$13),$V$13))))))) | M28: =+IF(H28="",K28,IF(K28="",H28,IF(H28>K28,H28,K28))) | N28: =+IF(M28="","",IF(M28=$W$9,$V$9,IF(M28=$W$10,$V$10,IF(M28=$W$11,$V$11,IF(M28=$W$12,$V$12,IF(M28=$W$13,$V$13))))))

Sheet 4 MAPA CALOR INHERENTE
B1: =+'2 CONTEXTO E IDENTIFICACIÓN'!A1 -> MAPA DE RIESGOS
C2: =+'2 CONTEXTO E IDENTIFICACIÓN'!A2 -> VERSIÓN: | D2: ='2 CONTEXTO E IDENTIFICACIÓN'!B2 -> 1 | I2: =+'2 CONTEXTO E IDENTIFICACIÓN'!$I$4 -> Elaboración o Actualización: | J2: ='2 CONTEXTO E IDENTIFICACIÓN'!J4 -> 9 de diciembre de 2025
I3: =+'2 CONTEXTO E IDENTIFICACIÓN'!$E$5 -> Vigencia: 2026 | J3: ='2 CONTEXTO E IDENTIFICACIÓN'!G5 -> 1 de enero de 2026 | K3: Al | L3: ='2 CONTEXTO E IDENTIFICACIÓN'!J5 -> 31 de diciembre de 2026
A4: ENTIDAD: | B4: ='2 CONTEXTO E IDENTIFICACIÓN'!B4 -> SUPERSOLIDARIA
A5: PROCESO: | B5: ='2 CONTEXTO E IDENTIFICACIÓN'!F4 -> GEGI
G6: MAPA DE CALOR RIESGO INHERENTE | R6: Impacto
C7: CALIFICACIÓN RIESGO INHERENTE | I7: Impacto | R7: 0.2 | S7: 0.4 | T7: 0.6 | U7: 0.8 | V7: 1
A8: No. DEL RIESGO | B8: RIESGO | C8: PROBABILIDAD | D8: IMPACTO | E8: SEVERIDAD (NIVEL DE RIESGO) | I8: Leve | J8: Menor | K8: Moderado | L8: Mayor | M8: Catastrófico | R8: Leve | S8: Menor | T8: Moderado | U8: Mayor | V8: Catastrófico
A9: ='2 CONTEXTO E IDENTIFICACIÓN'!A9 -> GEGI-1 | B9: =+'2 CONTEXTO E IDENTIFICACIÓN'!J9 -> Posibilidad de afectación reputacional porpor insatisfacción de los grupos de valor a causa de una orientación inadecuada en la prestación del servicio | C9: =+'3 PROBABIL E IMPACTO INHERENTE'!F9 -> Media | D9: =+'3 PROBABIL E IMPACTO INHERENTE'!N9 -> Menor | E9: =+IF(C9=$Q$9,IF(D9=$R$8,$R$9,IF(D9=$S$8,$S$9,IF(D9=$T$8,$T$9,IF(D9=$U$8,$U$9,IF(D9=$V$8,$V$9))))),IF(C9=$Q$10,IF(D9=$R$8,$R$10,IF(D9=$S$8,$S$10,IF(D9=$T$8,$T$10,IF(D9=$U$8,$U$10,IF(D9=$V$8,$V$10))))),IF(C9=$Q$11,IF(D9=$R$8,$R$11,IF(D9=$S$8,$S$11,IF(D9=$T$8,$T$11,IF(D9=$U$8,$U$11,IF(D9=$V$8,$V$11))))),IF(C9=$Q$12,IF(D9=$R$8,$R$12,IF(D9=$S$8,$S$12,IF(D9=$T$8,$T$12,IF(D9=$U$8,$U$12,IF(D9=$V$8,$V$12))))),IF(C9=$Q$13,IF(D9=$R$8,$R$13,IF(D9=$S$8,$S$13,IF(D9=$T$8,$T$13,IF(D9=$U$8,$U$13,IF(D9=$V$8,$V$13))))),""))))) -> Moderado | G9: Probabilidad | H9: Muy Alta | I9: =+IF(AND(C9=$Q$9,D9=$R$8),A9,"")&" "&IF(AND(C10=$Q$9,D10=$R$8),A10,"")&" "&IF(AND(C11=$Q$9,D11=$R$8),A11,"")&" "&IF(AND(C12=$Q$9,D12=$R$8),A12,"")&" "&IF(AND(C13=$Q$9,D13=$R$8),A13,"")&" "&IF(AND(C14=$Q$9,D14=$R$8),A14,"")&" "&IF(AND(C15=$Q$9,D15=$R$8),A15,"")&" "&IF(AND(C16=$Q$9,D16=$R$8),A16,"")&" "&IF(AND(C17=$Q$9,D17=$R$8),A17,"")&" "&IF(AND(C18=$Q$9,D18=$R$8),A18,"")&" "&IF(AND(C19=$Q$9,D19=$R$8),A19,"")&" "&IF(AND(C20=$Q$9,D20=$R$8),A20,"")&" "&IF(AND(C21=$Q$9,D21=$R$8),A21,"")&" "&IF(AND(C22=$Q$9,D22=$R$8),A22,"")&" "&IF(AND(C23=$Q$9,D23=$R$8),A23,"")&" "&IF(AND(C24=$Q$9,D24=$R$8),A24,"")&" "&IF(AND(C25=$Q$9,D25=$R$8),A25,"")&" "&IF(AND(C26=$Q$9,D26=$R$8),A26,"")&" "&IF(AND(C27=$Q$9,D27=$R$8),A27,"")&" "&IF(AND(C28=$Q$9,D28=$R$8),A28,"") | J9: =+IF(AND(C9=$Q$9,D9=$S$8),A9,"")&" "&IF(AND(C10=$Q$9,D10=$S$8),A10,"")&" "&IF(AND(C11=$Q$9,D11=$S$8),A11,"")&" "&IF(AND(C12=$Q$9,D12=$S$8),A12,"")&" "&IF(AND(C13=$Q$9,D13=$S$8),A13,"")&" "&IF(AND(C14=$Q$9,D14=$S$8),A14,"")&" "&IF(AND(C15=$Q$9,D15=$S$8),A15,"")&" "&IF(AND(C16=$Q$9,D16=$S$8),A16,"")&" "&IF(AND(C17=$Q$9,D17=$S$8),A17,"")&" "&IF(AND(C18=$Q$9,D18=$S$8),A18,"")&" "&IF(AND(C19=$Q$9,D19=$S$8),A19,"")&" "&IF(AND(C20=$Q$9,D20=$S$8),A20,"")&" "&IF(AND(C21=$Q$9,D21=$S$8),A21,"")&" "&IF(AND(C22=$Q$9,D22=$S$8),A22,"")&" "&IF(AND(C23=$Q$9,D23=$S$8),A23,"")&" "&IF(AND(C24=$Q$9,D24=$S$8),A24,"")&" "&IF(AND(C25=$Q$9,D25=$S$8),A25,"")&" "&IF(AND(C26=$Q$9,D26=$S$8),A26,"")&" "&IF(AND(C27=$Q$9,D27=$S$8),A27,"")&" "&IF(AND(C28=$Q$9,D28=$S$8),A28,"") | K9: =+IF(AND(C9=$Q$9,D9=$T$8),A9,"")&" "&IF(AND(C10=$Q$9,D10=$T$8),A10,"")&" "&IF(AND(C11=$Q$9,D11=$T$8),A11,"")&" "&IF(AND(C12=$Q$9,D12=$T$8),A12,"")&" "&IF(AND(C13=$Q$9,D13=$T$8),A13,"")&" "&IF(AND(C14=$Q$9,D14=$T$8),A14,"")&" "&IF(AND(C15=$Q$9,D15=$T$8),A15,"")&" "&IF(AND(C16=$Q$9,D16=$T$8),A16,"")&" "&IF(AND(C17=$Q$9,D17=$T$8),A17,"")&" "&IF(AND(C18=$Q$9,D18=$T$8),A18,"")&" "&IF(AND(C19=$Q$9,D19=$T$8),A19,"")&" "&IF(AND(C20=$Q$9,D20=$T$8),A20,"")&" "&IF(AND(C21=$Q$9,D21=$T$8),A21,"")&" "&IF(AND(C22=$Q$9,D22=$T$8),A22,"")&" "&IF(AND(C23=$Q$9,D23=$T$8),A23,"")&" "&IF(AND(C24=$Q$9,D24=$T$8),A24,"")&" "&IF(AND(C25=$Q$9,D25=$T$8),A25,"")&" "&IF(AND(C26=$Q$9,D26=$T$8),A26,"")&" "&IF(AND(C27=$Q$9,D27=$T$8),A27,"")&" "&IF(AND(C28=$Q$9,D28=$T$8),A28,"") | L9: =+IF(AND(C9=$Q$9,D9=$U$8),A9,"")&" "&IF(AND(C10=$Q$9,D10=$U$8),A10,"")&" "&IF(AND(C11=$Q$9,D11=$U$8),A11,"")&" "&IF(AND(C12=$Q$9,D12=$U$8),A12,"")&" "&IF(AND(C13=$Q$9,D13=$U$8),A13,"")&" "&IF(AND(C14=$Q$9,D14=$U$8),A14,"")&" "&IF(AND(C15=$Q$9,D15=$U$8),A15,"")&" "&IF(AND(C16=$Q$9,D16=$U$8),A16,"")&" "&IF(AND(C17=$Q$9,D17=$U$8),A17,"")&" "&IF(AND(C18=$Q$9,D18=$U$8),A18,"")&" "&IF(AND(C19=$Q$9,D19=$U$8),A19,"")&" "&IF(AND(C20=$Q$9,D20=$U$8),A20,"")&" "&IF(AND(C21=$Q$9,D21=$U$8),A21,"")&" "&IF(AND(C22=$Q$9,D22=$U$8),A22,"")&" "&IF(AND(C23=$Q$9,D23=$U$8),A23,"")&" "&IF(AND(C24=$Q$9,D24=$U$8),A24,"")&" "&IF(AND(C25=$Q$9,D25=$U$8),A25,"")&" "&IF(AND(C26=$Q$9,D26=$U$8),A26,"")&" "&IF(AND(C27=$Q$9,D27=$U$8),A27,"")&" "&IF(AND(C28=$Q$9,D28=$U$8),A28,"") | M9: =+IF(AND(C9=$Q$9,D9=$V$8),A9,"")&" "&IF(AND(C10=$Q$9,D10=$V$8),A10,"")&" "&IF(AND(C11=$Q$9,D11=$V$8),A11,"")&" "&IF(AND(C12=$Q$9,D12=$V$8),A12,"")&" "&IF(AND(C13=$Q$9,D13=$V$8),A13,"")&" "&IF(AND(C14=$Q$9,D14=$V$8),A14,"")&" "&IF(AND(C15=$Q$9,D15=$V$8),A15,"")&" "&IF(AND(C16=$Q$9,D16=$V$8),A16,"")&" "&IF(AND(C17=$Q$9,D17=$V$8),A17,"")&" "&IF(AND(C18=$Q$9,D18=$V$8),A18,"")&" "&IF(AND(C19=$Q$9,D19=$V$8),A19,"")&" "&IF(AND(C20=$Q$9,D20=$V$8),A20,"")&" "&IF(AND(C21=$Q$9,D21=$V$8),A21,"")&" "&IF(AND(C22=$Q$9,D22=$V$8),A22,"")&" "&IF(AND(C23=$Q$9,D23=$V$8),A23,"")&" "&IF(AND(C24=$Q$9,D24=$V$8),A24,"")&" "&IF(AND(C25=$Q$9,D25=$V$8),A25,"")&" "&IF(AND(C26=$Q$9,D26=$V$8),A26,"")&" "&IF(AND(C27=$Q$9,D27=$V$8),A27,"")&" "&IF(AND(C28=$Q$9,D28=$V$8),A28,"") | O9: Probabilidad | P9: 1 | Q9: Muy Alta | R9: Alto | S9: Alto | T9: Alto | U9: Alto | V9: Extremo
A10: ='2 CONTEXTO E IDENTIFICACIÓN'!A10 -> GEGI-2 | B10: =+'2 CONTEXTO E IDENTIFICACIÓN'!J10 -> Posibilidad de afectación reputacional porinsatisfacción de los grupos de valor y/o sanciones de entes de control a causa de incumplimiento de los términos de ley para la gestión de solicitudes. | C10: =+'3 PROBABIL E IMPACTO INHERENTE'!F10 -> Media | D10: =+'3 PROBABIL E IMPACTO INHERENTE'!N10 -> Catastrófico | E10: =+IF(C10=$Q$9,IF(D10=$R$8,$R$9,IF(D10=$S$8,$S$9,IF(D10=$T$8,$T$9,IF(D10=$U$8,$U$9,IF(D10=$V$8,$V$9))))),IF(C10=$Q$10,IF(D10=$R$8,$R$10,IF(D10=$S$8,$S$10,IF(D10=$T$8,$T$10,IF(D10=$U$8,$U$10,IF(D10=$V$8,$V$10))))),IF(C10=$Q$11,IF(D10=$R$8,$R$11,IF(D10=$S$8,$S$11,IF(D10=$T$8,$T$11,IF(D10=$U$8,$U$11,IF(D10=$V$8,$V$11))))),IF(C10=$Q$12,IF(D10=$R$8,$R$12,IF(D10=$S$8,$S$12,IF(D10=$T$8,$T$12,IF(D10=$U$8,$U$12,IF(D10=$V$8,$V$12))))),IF(C10=$Q$13,IF(D10=$R$8,$R$13,IF(D10=$S$8,$S$13,IF(D10=$T$8,$T$13,IF(D10=$U$8,$U$13,IF(D10=$V$8,$V$13))))),""))))) -> Extremo | H10: Alta | I10: =+IF(AND(C9=$Q$10,D9=$R$8),A9,"")&" "&IF(AND(C10=$Q$10,D10=$R$8),A10,"")&" "&IF(AND(C11=$Q$10,D11=$R$8),A11,"")&" "&IF(AND(C12=$Q$10,D12=$R$8),A12,"")&" "&IF(AND(C13=$Q$10,D13=$R$8),A13,"")&" "&IF(AND(C14=$Q$10,D14=$R$8),A14,"")&" "&IF(AND(C15=$Q$10,D15=$R$8),A15,"")&" "&IF(AND(C16=$Q$10,D16=$R$8),A16,"")&" "&IF(AND(C17=$Q$10,D17=$R$8),A17,"")&" "&IF(AND(C18=$Q$10,D18=$R$8),A18,"")&" "&IF(AND(C19=$Q$10,D19=$R$8),A19,"")&" "&IF(AND(C20=$Q$10,D20=$R$8),A20,"")&" "&IF(AND(C21=$Q$10,D21=$R$8),A21,"")&" "&IF(AND(C22=$Q$10,D22=$R$8),A22,"")&" "&IF(AND(C23=$Q$10,D23=$R$8),A23,"")&" "&IF(AND(C24=$Q$10,D24=$R$8),A24,"")&" "&IF(AND(C25=$Q$10,D25=$R$8),A25,"")&" "&IF(AND(C26=$Q$10,D26=$R$8),A26,"")&" "&IF(AND(C27=$Q$10,D27=$R$8),A27,"")&" "&IF(AND(C28=$Q$10,D28=$R$8),A28,"") | J10: =+IF(AND(C9=$Q$10,D9=$S$8),A9,"")&" "&IF(AND(C10=$Q$10,D10=$S$8),A10,"")&" "&IF(AND(C11=$Q$10,D11=$S$8),A11,"")&" "&IF(AND(C12=$Q$10,D12=$S$8),A12,"")&" "&IF(AND(C13=$Q$10,D13=$S$8),A13,"")&" "&IF(AND(C14=$Q$10,D14=$S$8),A14,"")&" "&IF(AND(C15=$Q$10,D15=$S$8),A15,"")&" "&IF(AND(C16=$Q$10,D16=$S$8),A16,"")&" "&IF(AND(C17=$Q$10,D17=$S$8),A17,"")&" "&IF(AND(C18=$Q$10,D18=$S$8),A18,"")&" "&IF(AND(C19=$Q$10,D19=$S$8),A19,"")&" "&IF(AND(C20=$Q$10,D20=$S$8),A20,"")&" "&IF(AND(C21=$Q$10,D21=$S$8),A21,"")&" "&IF(AND(C22=$Q$10,D22=$S$8),A22,"")&" "&IF(AND(C23=$Q$10,D23=$S$8),A23,"")&" "&IF(AND(C24=$Q$10,D24=$S$8),A24,"")&" "&IF(AND(C25=$Q$10,D25=$S$8),A25,"")&" "&IF(AND(C26=$Q$10,D26=$S$8),A26,"")&" "&IF(AND(C27=$Q$10,D27=$S$8),A27,"")&" "&IF(AND(C28=$Q$10,D28=$S$8),A28,"") | K10: =+IF(AND(C9=$Q$10,D9=$T$8),A9,"")&" "&IF(AND(C10=$Q$10,D10=$T$8),A10,"")&" "&IF(AND(C11=$Q$10,D11=$T$8),A11,"")&" "&IF(AND(C12=$Q$10,D12=$T$8),A12,"")&" "&IF(AND(C13=$Q$10,D13=$T$8),A13,"")&" "&IF(AND(C14=$Q$10,D14=$T$8),A14,"")&" "&IF(AND(C15=$Q$10,D15=$T$8),A15,"")&" "&IF(AND(C16=$Q$10,D16=$T$8),A16,"")&" "&IF(AND(C17=$Q$10,D17=$T$8),A17,"")&" "&IF(AND(C18=$Q$10,D18=$T$8),A18,"")&" "&IF(AND(C19=$Q$10,D19=$T$8),A19,"")&" "&IF(AND(C20=$Q$10,D20=$T$8),A20,"")&" "&IF(AND(C21=$Q$10,D21=$T$8),A21,"")&" "&IF(AND(C22=$Q$10,D22=$T$8),A22,"")&" "&IF(AND(C23=$Q$10,D23=$T$8),A23,"")&" "&IF(AND(C24=$Q$10,D24=$T$8),A24,"")&" "&IF(AND(C25=$Q$10,D25=$T$8),A25,"")&" "&IF(AND(C26=$Q$10,D26=$T$8),A26,"")&" "&IF(AND(C27=$Q$10,D27=$T$8),A27,"")&" "&IF(AND(C28=$Q$10,D28=$T$8),A28,"") | L10: =+IF(AND(C9=$Q$10,D9=$U$8),A9,"")&" "&IF(AND(C10=$Q$10,D10=$U$8),A10,"")&" "&IF(AND(C11=$Q$10,D11=$U$8),A11,"")&" "&IF(AND(C12=$Q$10,D12=$U$8),A12,"")&" "&IF(AND(C13=$Q$10,D13=$U$8),A13,"")&" "&IF(AND(C14=$Q$10,D14=$U$8),A14,"")&" "&IF(AND(C15=$Q$10,D15=$U$8),A15,"")&" "&IF(AND(C16=$Q$10,D16=$U$8),A16,"")&" "&IF(AND(C17=$Q$10,D17=$U$8),A17,"")&" "&IF(AND(C18=$Q$10,D18=$U$8),A18,"")&" "&IF(AND(C19=$Q$10,D19=$U$8),A19,"")&" "&IF(AND(C20=$Q$10,D20=$U$8),A20,"")&" "&IF(AND(C21=$Q$10,D21=$U$8),A21,"")&" "&IF(AND(C22=$Q$10,D22=$U$8),A22,"")&" "&IF(AND(C23=$Q$10,D23=$U$8),A23,"")&" "&IF(AND(C24=$Q$10,D24=$U$8),A24,"")&" "&IF(AND(C25=$Q$10,D25=$U$8),A25,"")&" "&IF(AND(C26=$Q$10,D26=$U$8),A26,"")&" "&IF(AND(C27=$Q$10,D27=$U$8),A27,"")&" "&IF(AND(C28=$Q$10,D28=$U$8),A28,"") | M10: =+IF(AND(C9=$Q$10,D9=$V$8),A9,"")&" "&IF(AND(C10=$Q$10,D10=$V$8),A10,"")&" "&IF(AND(C11=$Q$10,D11=$V$8),A11,"")&" "&IF(AND(C12=$Q$10,D12=$V$8),A12,"")&" "&IF(AND(C13=$Q$10,D13=$V$8),A13,"")&" "&IF(AND(C14=$Q$10,D14=$V$8),A14,"")&" "&IF(AND(C15=$Q$10,D15=$V$8),A15,"")&" "&IF(AND(C16=$Q$10,D16=$V$8),A16,"")&" "&IF(AND(C17=$Q$10,D17=$V$8),A17,"")&" "&IF(AND(C18=$Q$10,D18=$V$8),A18,"")&" "&IF(AND(C19=$Q$10,D19=$V$8),A19,"")&" "&IF(AND(C20=$Q$10,D20=$V$8),A20,"")&" "&IF(AND(C21=$Q$10,D21=$V$8),A21,"")&" "&IF(AND(C22=$Q$10,D22=$V$8),A22,"")&" "&IF(AND(C23=$Q$10,D23=$V$8),A23,"")&" "&IF(AND(C24=$Q$10,D24=$V$8),A24,"")&" "&IF(AND(C25=$Q$10,D25=$V$8),A25,"")&" "&IF(AND(C26=$Q$10,D26=$V$8),A26,"")&" "&IF(AND(C27=$Q$10,D27=$V$8),A27,"")&" "&IF(AND(C28=$Q$10,D28=$V$8),A28,"") | P10: 0.8 | Q10: Alta | R10: Moderado | S10: Moderado | T10: Alto | U10: Alto | V10: Extremo
A11: ='2 CONTEXTO E IDENTIFICACIÓN'!A11 -> GEGI-10 | B11: =+'2 CONTEXTO E IDENTIFICACIÓN'!J11 -> Posibilidad de afectación reputacional porfalta de comunicación y credibilidad en la SES a causa de la publicación de información emitida sin la correcta divulgación al interior de la entidad. | C11: =+'3 PROBABIL E IMPACTO INHERENTE'!F11 -> Baja | D11: =+'3 PROBABIL E IMPACTO INHERENTE'!N11 -> Leve | E11: =+IF(C11=$Q$9,IF(D11=$R$8,$R$9,IF(D11=$S$8,$S$9,IF(D11=$T$8,$T$9,IF(D11=$U$8,$U$9,IF(D11=$V$8,$V$9))))),IF(C11=$Q$10,IF(D11=$R$8,$R$10,IF(D11=$S$8,$S$10,IF(D11=$T$8,$T$10,IF(D11=$U$8,$U$10,IF(D11=$V$8,$V$10))))),IF(C11=$Q$11,IF(D11=$R$8,$R$11,IF(D11=$S$8,$S$11,IF(D11=$T$8,$T$11,IF(D11=$U$8,$U$11,IF(D11=$V$8,$V$11))))),IF(C11=$Q$12,IF(D11=$R$8,$R$12,IF(D11=$S$8,$S$12,IF(D11=$T$8,$T$12,IF(D11=$U$8,$U$12,IF(D11=$V$8,$V$12))))),IF(C11=$Q$13,IF(D11=$R$8,$R$13,IF(D11=$S$8,$S$13,IF(D11=$T$8,$T$13,IF(D11=$U$8,$U$13,IF(D11=$V$8,$V$13))))),""))))) -> Bajo | H11: Media | I11: =+IF(AND(C9=$Q$11,D9=$R$8),A9,"")&" "&IF(AND(C10=$Q$11,D10=$R$8),A10,"")&" "&IF(AND(C11=$Q$11,D11=$R$8),A11,"")&" "&IF(AND(C12=$Q$11,D12=$R$8),A12,"")&" "&IF(AND(C13=$Q$11,D13=$R$8),A13,"")&" "&IF(AND(C14=$Q$11,D14=$R$8),A14,"")&" "&IF(AND(C15=$Q$11,D15=$R$8),A15,"")&" "&IF(AND(C16=$Q$11,D16=$R$8),A16,"")&" "&IF(AND(C17=$Q$11,D17=$R$8),A17,"")&" "&IF(AND(C18=$Q$11,D18=$R$8),A18,"")&" "&IF(AND(C19=$Q$11,D19=$R$8),A19,"")&" "&IF(AND(C20=$Q$11,D20=$R$8),A20,"")&" "&IF(AND(C21=$Q$11,D21=$R$8),A21,"")&" "&IF(AND(C22=$Q$11,D22=$R$8),A22,"")&" "&IF(AND(C23=$Q$11,D23=$R$8),A23,"")&" "&IF(AND(C24=$Q$11,D24=$R$8),A24,"")&" "&IF(AND(C25=$Q$11,D25=$R$8),A25,"")&" "&IF(AND(C26=$Q$11,D26=$R$8),A26,"")&" "&IF(AND(C27=$Q$11,D27=$R$8),A27,"")&" "&IF(AND(C28=$Q$11,D28=$R$8),A28,"") | J11: =+IF(AND(C9=$Q$11,D9=$S$8),A9,"")&" "&IF(AND(C10=$Q$11,D10=$S$8),A10,"")&" "&IF(AND(C11=$Q$11,D11=$S$8),A11,"")&" "&IF(AND(C12=$Q$11,D12=$S$8),A12,"")&" "&IF(AND(C13=$Q$11,D13=$S$8),A13,"")&" "&IF(AND(C14=$Q$11,D14=$S$8),A14,"")&" "&IF(AND(C15=$Q$11,D15=$S$8),A15,"")&" "&IF(AND(C16=$Q$11,D16=$S$8),A16,"")&" "&IF(AND(C17=$Q$11,D17=$S$8),A17,"")&" "&IF(AND(C18=$Q$11,D18=$S$8),A18,"")&" "&IF(AND(C19=$Q$11,D19=$S$8),A19,"")&" "&IF(AND(C20=$Q$11,D20=$S$8),A20,"")&" "&IF(AND(C21=$Q$11,D21=$S$8),A21,"")&" "&IF(AND(C22=$Q$11,D22=$S$8),A22,"")&" "&IF(AND(C23=$Q$11,D23=$S$8),A23,"")&" "&IF(AND(C24=$Q$11,D24=$S$8),A24,"")&" "&IF(AND(C25=$Q$11,D25=$S$8),A25,"")&" "&IF(AND(C26=$Q$11,D26=$S$8),A26,"")&" "&IF(AND(C27=$Q$11,D27=$S$8),A27,"")&" "&IF(AND(C28=$Q$11,D28=$S$8),A28,"") -> GEGI-1 | K11: =+IF(AND(C9=$Q$11,D9=$T$8),A9,"")&" "&IF(AND(C10=$Q$11,D10=$T$8),A10,"")&" "&IF(AND(C11=$Q$11,D11=$T$8),A11,"")&" "&IF(AND(C12=$Q$11,D12=$T$8),A12,"")&" "&IF(AND(C13=$Q$11,D13=$T$8),A13,"")&" "&IF(AND(C14=$Q$11,D14=$T$8),A14,"")&" "&IF(AND(C15=$Q$11,D15=$T$8),A15,"")&" "&IF(AND(C16=$Q$11,D16=$T$8),A16,"")&" "&IF(AND(C17=$Q$11,D17=$T$8),A17,"")&" "&IF(AND(C18=$Q$11,D18=$T$8),A18,"")&" "&IF(AND(C19=$Q$11,D19=$T$8),A19,"")&" "&IF(AND(C20=$Q$11,D20=$T$8),A20,"")&" "&IF(AND(C21=$Q$11,D21=$T$8),A21,"")&" "&IF(AND(C22=$Q$11,D22=$T$8),A22,"")&" "&IF(AND(C23=$Q$11,D23=$T$8),A23,"")&" "&IF(AND(C24=$Q$11,D24=$T$8),A24,"")&" "&IF(AND(C25=$Q$11,D25=$T$8),A25,"")&" "&IF(AND(C26=$Q$11,D26=$T$8),A26,"")&" "&IF(AND(C27=$Q$11,D27=$T$8),A27,"")&" "&IF(AND(C28=$Q$11,D28=$T$8),A28,"") | L11: =+IF(AND(C9=$Q$11,D9=$U$8),A9,"")&" "&IF(AND(C10=$Q$11,D10=$U$8),A10,"")&" "&IF(AND(C11=$Q$11,D11=$U$8),A11,"")&" "&IF(AND(C12=$Q$11,D12=$U$8),A12,"")&" "&IF(AND(C13=$Q$11,D13=$U$8),A13,"")&" "&IF(AND(C14=$Q$11,D14=$U$8),A14,"")&" "&IF(AND(C15=$Q$11,D15=$U$8),A15,"")&" "&IF(AND(C16=$Q$11,D16=$U$8),A16,"")&" "&IF(AND(C17=$Q$11,D17=$U$8),A17,"")&" "&IF(AND(C18=$Q$11,D18=$U$8),A18,"")&" "&IF(AND(C19=$Q$11,D19=$U$8),A19,"")&" "&IF(AND(C20=$Q$11,D20=$U$8),A20,"")&" "&IF(AND(C21=$Q$11,D21=$U$8),A21,"")&" "&IF(AND(C22=$Q$11,D22=$U$8),A22,"")&" "&IF(AND(C23=$Q$11,D23=$U$8),A23,"")&" "&IF(AND(C24=$Q$11,D24=$U$8),A24,"")&" "&IF(AND(C25=$Q$11,D25=$U$8),A25,"")&" "&IF(AND(C26=$Q$11,D26=$U$8),A26,"")&" "&IF(AND(C27=$Q$11,D27=$U$8),A27,"")&" "&IF(AND(C28=$Q$11,D28=$U$8),A28,"") | M11: =+IF(AND(C9=$Q$11,D9=$V$8),A9,"")&" "&IF(AND(C10=$Q$11,D10=$V$8),A10,"")&" "&IF(AND(C11=$Q$11,D11=$V$8),A11,"")&" "&IF(AND(C12=$Q$11,D12=$V$8),A12,"")&" "&IF(AND(C13=$Q$11,D13=$V$8),A13,"")&" "&IF(AND(C14=$Q$11,D14=$V$8),A14,"")&" "&IF(AND(C15=$Q$11,D15=$V$8),A15,"")&" "&IF(AND(C16=$Q$11,D16=$V$8),A16,"")&" "&IF(AND(C17=$Q$11,D17=$V$8),A17,"")&" "&IF(AND(C18=$Q$11,D18=$V$8),A18,"")&" "&IF(AND(C19=$Q$11,D19=$V$8),A19,"")&" "&IF(AND(C20=$Q$11,D20=$V$8),A20,"")&" "&IF(AND(C21=$Q$11,D21=$V$8),A21,"")&" "&IF(AND(C22=$Q$11,D22=$V$8),A22,"")&" "&IF(AND(C23=$Q$11,D23=$V$8),A23,"")&" "&IF(AND(C24=$Q$11,D24=$V$8),A24,"")&" "&IF(AND(C25=$Q$11,D25=$V$8),A25,"")&" "&IF(AND(C26=$Q$11,D26=$V$8),A26,"")&" "&IF(AND(C27=$Q$11,D27=$V$8),A27,"")&" "&IF(AND(C28=$Q$11,D28=$V$8),A28,"") -> GEGI-2 | P11: 0.6 | Q11: Media | R11: Moderado | S11: Moderado | T11: Moderado | U11: Alto | V11: Extremo
A12: ='2 CONTEXTO E IDENTIFICACIÓN'!A12 -> GEGI-13 | B12: =+'2 CONTEXTO E IDENTIFICACIÓN'!J12 -> Posibilidad de afectación económica y reputacional porafectación a los asistentes a actividades organizadas por la SES a causa de falta de planeación previa a la ejecución de las actividades organizadas con 100 o hasta 500 personas. | C12: =+'3 PROBABIL E IMPACTO INHERENTE'!F12 -> Baja | D12: =+'3 PROBABIL E IMPACTO INHERENTE'!N12 -> Moderado | E12: =+IF(C12=$Q$9,IF(D12=$R$8,$R$9,IF(D12=$S$8,$S$9,IF(D12=$T$8,$T$9,IF(D12=$U$8,$U$9,IF(D12=$V$8,$V$9))))),IF(C12=$Q$10,IF(D12=$R$8,$R$10,IF(D12=$S$8,$S$10,IF(D12=$T$8,$T$10,IF(D12=$U$8,$U$10,IF(D12=$V$8,$V$10))))),IF(C12=$Q$11,IF(D12=$R$8,$R$11,IF(D12=$S$8,$S$11,IF(D12=$T$8,$T$11,IF(D12=$U$8,$U$11,IF(D12=$V$8,$V$11))))),IF(C12=$Q$12,IF(D12=$R$8,$R$12,IF(D12=$S$8,$S$12,IF(D12=$T$8,$T$12,IF(D12=$U$8,$U$12,IF(D12=$V$8,$V$12))))),IF(C12=$Q$13,IF(D12=$R$8,$R$13,IF(D12=$S$8,$S$13,IF(D12=$T$8,$T$13,IF(D12=$U$8,$U$13,IF(D12=$V$8,$V$13))))),""))))) -> Moderado | H12: Baja | I12: =+IF(AND(C9=$Q$12,D9=$R$8),A9,"")&" "&IF(AND(C10=$Q$12,D10=$R$8),A10,"")&" "&IF(AND(C11=$Q$12,D11=$R$8),A11,"")&" "&IF(AND(C12=$Q$12,D12=$R$8),A12,"")&" "&IF(AND(C13=$Q$12,D13=$R$8),A13,"")&" "&IF(AND(C14=$Q$12,D14=$R$8),A14,"")&" "&IF(AND(C15=$Q$12,D15=$R$8),A15,"")&" "&IF(AND(C16=$Q$12,D16=$R$8),A16,"")&" "&IF(AND(C17=$Q$12,D17=$R$8),A17,"")&" "&IF(AND(C18=$Q$12,D18=$R$8),A18,"")&" "&IF(AND(C19=$Q$12,D19=$R$8),A19,"")&" "&IF(AND(C20=$Q$12,D20=$R$8),A20,"")&" "&IF(AND(C21=$Q$12,D21=$R$8),A21,"")&" "&IF(AND(C22=$Q$12,D22=$R$8),A22,"")&" "&IF(AND(C23=$Q$12,D23=$R$8),A23,"")&" "&IF(AND(C24=$Q$12,D24=$R$8),A24,"")&" "&IF(AND(C25=$Q$12,D25=$R$8),A25,"")&" "&IF(AND(C26=$Q$12,D26=$R$8),A26,"")&" "&IF(AND(C27=$Q$12,D27=$R$8),A27,"")&" "&IF(AND(C28=$Q$12,D28=$R$8),A28,"") -> GEGI-10 GEGI-15 GEGI-12 | J12: =+IF(AND(C9=$Q$12,D9=$S$8),A9,"")&" "&IF(AND(C10=$Q$12,D10=$S$8),A10,"")&" "&IF(AND(C11=$Q$12,D11=$S$8),A11,"")&" "&IF(AND(C12=$Q$12,D12=$S$8),A12,"")&" "&IF(AND(C13=$Q$12,D13=$S$8),A13,"")&" "&IF(AND(C14=$Q$12,D14=$S$8),A14,"")&" "&IF(AND(C15=$Q$12,D15=$S$8),A15,"")&" "&IF(AND(C16=$Q$12,D16=$S$8),A16,"")&" "&IF(AND(C17=$Q$12,D17=$S$8),A17,"")&" "&IF(AND(C18=$Q$12,D18=$S$8),A18,"")&" "&IF(AND(C19=$Q$12,D19=$S$8),A19,"")&" "&IF(AND(C20=$Q$12,D20=$S$8),A20,"")&" "&IF(AND(C21=$Q$12,D21=$S$8),A21,"")&" "&IF(AND(C22=$Q$12,D22=$S$8),A22,"")&" "&IF(AND(C23=$Q$12,D23=$S$8),A23,"")&" "&IF(AND(C24=$Q$12,D24=$S$8),A24,"")&" "&IF(AND(C25=$Q$12,D25=$S$8),A25,"")&" "&IF(AND(C26=$Q$12,D26=$S$8),A26,"")&" "&IF(AND(C27=$Q$12,D27=$S$8),A27,"")&" "&IF(AND(C28=$Q$12,D28=$S$8),A28,"") -> GEGI-14 | K12: =+IF(AND(C9=$Q$12,D9=$T$8),A9,"")&" "&IF(AND(C10=$Q$12,D10=$T$8),A10,"")&" "&IF(AND(C11=$Q$12,D11=$T$8),A11,"")&" "&IF(AND(C12=$Q$12,D12=$T$8),A12,"")&" "&IF(AND(C13=$Q$12,D13=$T$8),A13,"")&" "&IF(AND(C14=$Q$12,D14=$T$8),A14,"")&" "&IF(AND(C15=$Q$12,D15=$T$8),A15,"")&" "&IF(AND(C16=$Q$12,D16=$T$8),A16,"")&" "&IF(AND(C17=$Q$12,D17=$T$8),A17,"")&" "&IF(AND(C18=$Q$12,D18=$T$8),A18,"")&" "&IF(AND(C19=$Q$12,D19=$T$8),A19,"")&" "&IF(AND(C20=$Q$12,D20=$T$8),A20,"")&" "&IF(AND(C21=$Q$12,D21=$T$8),A21,"")&" "&IF(AND(C22=$Q$12,D22=$T$8),A22,"")&" "&IF(AND(C23=$Q$12,D23=$T$8),A23,"")&" "&IF(AND(C24=$Q$12,D24=$T$8),A24,"")&" "&IF(AND(C25=$Q$12,D25=$T$8),A25,"")&" "&IF(AND(C26=$Q$12,D26=$T$8),A26,"")&" "&IF(AND(C27=$Q$12,D27=$T$8),A27,"")&" "&IF(AND(C28=$Q$12,D28=$T$8),A28,"") -> GEGI-13 | L12: =+IF(AND(C9=$Q$12,D9=$U$8),A9,"")&" "&IF(AND(C10=$Q$12,D10=$U$8),A10,"")&" "&IF(AND(C11=$Q$12,D11=$U$8),A11,"")&" "&IF(AND(C12=$Q$12,D12=$U$8),A12,"")&" "&IF(AND(C13=$Q$12,D13=$U$8),A13,"")&" "&IF(AND(C14=$Q$12,D14=$U$8),A14,"")&" "&IF(AND(C15=$Q$12,D15=$U$8),A15,"")&" "&IF(AND(C16=$Q$12,D16=$U$8),A16,"")&" "&IF(AND(C17=$Q$12,D17=$U$8),A17,"")&" "&IF(AND(C18=$Q$12,D18=$U$8),A18,"")&" "&IF(AND(C19=$Q$12,D19=$U$8),A19,"")&" "&IF(AND(C20=$Q$12,D20=$U$8),A20,"")&" "&IF(AND(C21=$Q$12,D21=$U$8),A21,"")&" "&IF(AND(C22=$Q$12,D22=$U$8),A22,"")&" "&IF(AND(C23=$Q$12,D23=$U$8),A23,"")&" "&IF(AND(C24=$Q$12,D24=$U$8),A24,"")&" "&IF(AND(C25=$Q$12,D25=$U$8),A25,"")&" "&IF(AND(C26=$Q$12,D26=$U$8),A26,"")&" "&IF(AND(C27=$Q$12,D27=$U$8),A27,"")&" "&IF(AND(C28=$Q$12,D28=$U$8),A28,"") | M12: =+IF(AND(C9=$Q$12,D9=$V$8),A9,"")&" "&IF(AND(C10=$Q$12,D10=$V$8),A10,"")&" "&IF(AND(C11=$Q$12,D11=$V$8),A11,"")&" "&IF(AND(C12=$Q$12,D12=$V$8),A12,"")&" "&IF(AND(C13=$Q$12,D13=$V$8),A13,"")&" "&IF(AND(C14=$Q$12,D14=$V$8),A14,"")&" "&IF(AND(C15=$Q$12,D15=$V$8),A15,"")&" "&IF(AND(C16=$Q$12,D16=$V$8),A16,"")&" "&IF(AND(C17=$Q$12,D17=$V$8),A17,"")&" "&IF(AND(C18=$Q$12,D18=$V$8),A18,"")&" "&IF(AND(C19=$Q$12,D19=$V$8),A19,"")&" "&IF(AND(C20=$Q$12,D20=$V$8),A20,"")&" "&IF(AND(C21=$Q$12,D21=$V$8),A21,"")&" "&IF(AND(C22=$Q$12,D22=$V$8),A22,"")&" "&IF(AND(C23=$Q$12,D23=$V$8),A23,"")&" "&IF(AND(C24=$Q$12,D24=$V$8),A24,"")&" "&IF(AND(C25=$Q$12,D25=$V$8),A25,"")&" "&IF(AND(C26=$Q$12,D26=$V$8),A26,"")&" "&IF(AND(C27=$Q$12,D27=$V$8),A27,"")&" "&IF(AND(C28=$Q$12,D28=$V$8),A28,"") | P12: 0.4 | Q12: Baja | R12: Bajo | S12: Moderado | T12: Moderado | U12: Alto | V12: Extremo
A13: ='2 CONTEXTO E IDENTIFICACIÓN'!A13 -> GEGI-14 | B13: =+'2 CONTEXTO E IDENTIFICACIÓN'!J13 -> Posibilidad de pérdida reputacional porsolicitar o recibir dádivas para adelantar trámites ante la Supersolidaria a causa de desconocimiento de los servicios dispuestos por la SES por parte de las entidades de economía solidaria, asociados y ciudadanía en general en la solicitud de trámites. | C13: =+'3 PROBABIL E IMPACTO INHERENTE'!F13 -> Baja | D13: =+'3 PROBABIL E IMPACTO INHERENTE'!N13 -> Menor | E13: =+IF(C13=$Q$9,IF(D13=$R$8,$R$9,IF(D13=$S$8,$S$9,IF(D13=$T$8,$T$9,IF(D13=$U$8,$U$9,IF(D13=$V$8,$V$9))))),IF(C13=$Q$10,IF(D13=$R$8,$R$10,IF(D13=$S$8,$S$10,IF(D13=$T$8,$T$10,IF(D13=$U$8,$U$10,IF(D13=$V$8,$V$10))))),IF(C13=$Q$11,IF(D13=$R$8,$R$11,IF(D13=$S$8,$S$11,IF(D13=$T$8,$T$11,IF(D13=$U$8,$U$11,IF(D13=$V$8,$V$11))))),IF(C13=$Q$12,IF(D13=$R$8,$R$12,IF(D13=$S$8,$S$12,IF(D13=$T$8,$T$12,IF(D13=$U$8,$U$12,IF(D13=$V$8,$V$12))))),IF(C13=$Q$13,IF(D13=$R$8,$R$13,IF(D13=$S$8,$S$13,IF(D13=$T$8,$T$13,IF(D13=$U$8,$U$13,IF(D13=$V$8,$V$13))))),""))))) -> Moderado | H13: Muy Baja | I13: =+IF(AND(C9=$Q$13,D9=$R$8),A9,"")&" "&IF(AND(C10=$Q$13,D10=$R$8),A10,"")&" "&IF(AND(C11=$Q$13,D11=$R$8),A11,"")&" "&IF(AND(C12=$Q$13,D12=$R$8),A12,"")&" "&IF(AND(C13=$Q$13,D13=$R$8),A13,"")&" "&IF(AND(C14=$Q$13,D14=$R$8),A14,"")&" "&IF(AND(C15=$Q$13,D15=$R$8),A15,"")&" "&IF(AND(C16=$Q$13,D16=$R$8),A16,"")&" "&IF(AND(C17=$Q$13,D17=$R$8),A17,"")&" "&IF(AND(C18=$Q$13,D18=$R$8),A18,"")&" "&IF(AND(C19=$Q$13,D19=$R$8),A19,"")&" "&IF(AND(C20=$Q$13,D20=$R$8),A20,"")&" "&IF(AND(C21=$Q$13,D21=$R$8),A21,"")&" "&IF(AND(C22=$Q$13,D22=$R$8),A22,"")&" "&IF(AND(C23=$Q$13,D23=$R$8),A23,"")&" "&IF(AND(C24=$Q$13,D24=$R$8),A24,"")&" "&IF(AND(C25=$Q$13,D25=$R$8),A25,"")&" "&IF(AND(C26=$Q$13,D26=$R$8),A26,"")&" "&IF(AND(C27=$Q$13,D27=$R$8),A27,"")&" "&IF(AND(C28=$Q$13,D28=$R$8),A28,"") | J13: =+IF(AND(C9=$Q$13,D9=$S$8),A9,"")&" "&IF(AND(C10=$Q$13,D10=$S$8),A10,"")&" "&IF(AND(C11=$Q$13,D11=$S$8),A11,"")&" "&IF(AND(C12=$Q$13,D12=$S$8),A12,"")&" "&IF(AND(C13=$Q$13,D13=$S$8),A13,"")&" "&IF(AND(C14=$Q$13,D14=$S$8),A14,"")&" "&IF(AND(C15=$Q$13,D15=$S$8),A15,"")&" "&IF(AND(C16=$Q$13,D16=$S$8),A16,"")&" "&IF(AND(C17=$Q$13,D17=$S$8),A17,"")&" "&IF(AND(C18=$Q$13,D18=$S$8),A18,"")&" "&IF(AND(C19=$Q$13,D19=$S$8),A19,"")&" "&IF(AND(C20=$Q$13,D20=$S$8),A20,"")&" "&IF(AND(C21=$Q$13,D21=$S$8),A21,"")&" "&IF(AND(C22=$Q$13,D22=$S$8),A22,"")&" "&IF(AND(C23=$Q$13,D23=$S$8),A23,"")&" "&IF(AND(C24=$Q$13,D24=$S$8),A24,"")&" "&IF(AND(C25=$Q$13,D25=$S$8),A25,"")&" "&IF(AND(C26=$Q$13,D26=$S$8),A26,"")&" "&IF(AND(C27=$Q$13,D27=$S$8),A27,"")&" "&IF(AND(C28=$Q$13,D28=$S$8),A28,"") | K13: =+IF(AND(C9=$Q$13,D9=$T$8),A9,"")&" "&IF(AND(C10=$Q$13,D10=$T$8),A10,"")&" "&IF(AND(C11=$Q$13,D11=$T$8),A11,"")&" "&IF(AND(C12=$Q$13,D12=$T$8),A12,"")&" "&IF(AND(C13=$Q$13,D13=$T$8),A13,"")&" "&IF(AND(C14=$Q$13,D14=$T$8),A14,"")&" "&IF(AND(C15=$Q$13,D15=$T$8),A15,"")&" "&IF(AND(C16=$Q$13,D16=$T$8),A16,"")&" "&IF(AND(C17=$Q$13,D17=$T$8),A17,"")&" "&IF(AND(C18=$Q$13,D18=$T$8),A18,"")&" "&IF(AND(C19=$Q$13,D19=$T$8),A19,"")&" "&IF(AND(C20=$Q$13,D20=$T$8),A20,"")&" "&IF(AND(C21=$Q$13,D21=$T$8),A21,"")&" "&IF(AND(C22=$Q$13,D22=$T$8),A22,"")&" "&IF(AND(C23=$Q$13,D23=$T$8),A23,"")&" "&IF(AND(C24=$Q$13,D24=$T$8),A24,"")&" "&IF(AND(C25=$Q$13,D25=$T$8),A25,"")&" "&IF(AND(C26=$Q$13,D26=$T$8),A26,"")&" "&IF(AND(C27=$Q$13,D27=$T$8),A27,"")&" "&IF(AND(C28=$Q$13,D28=$T$8),A28,"") | L13: =+IF(AND(C9=$Q$13,D9=$U$8),A9,"")&" "&IF(AND(C10=$Q$13,D10=$U$8),A10,"")&" "&IF(AND(C11=$Q$13,D11=$U$8),A11,"")&" "&IF(AND(C12=$Q$13,D12=$U$8),A12,"")&" "&IF(AND(C13=$Q$13,D13=$U$8),A13,"")&" "&IF(AND(C14=$Q$13,D14=$U$8),A14,"")&" "&IF(AND(C15=$Q$13,D15=$U$8),A15,"")&" "&IF(AND(C16=$Q$13,D16=$U$8),A16,"")&" "&IF(AND(C17=$Q$13,D17=$U$8),A17,"")&" "&IF(AND(C18=$Q$13,D18=$U$8),A18,"")&" "&IF(AND(C19=$Q$13,D19=$U$8),A19,"")&" "&IF(AND(C20=$Q$13,D20=$U$8),A20,"")&" "&IF(AND(C21=$Q$13,D21=$U$8),A21,"")&" "&IF(AND(C22=$Q$13,D22=$U$8),A22,"")&" "&IF(AND(C23=$Q$13,D23=$U$8),A23,"")&" "&IF(AND(C24=$Q$13,D24=$U$8),A24,"")&" "&IF(AND(C25=$Q$13,D25=$U$8),A25,"")&" "&IF(AND(C26=$Q$13,D26=$U$8),A26,"")&" "&IF(AND(C27=$Q$13,D27=$U$8),A27,"")&" "&IF(AND(C28=$Q$13,D28=$U$8),A28,"") | M13: =+IF(AND(C9=$Q$13,D9=$V$8),A9,"")&" "&IF(AND(C10=$Q$13,D10=$V$8),A10,"")&" "&IF(AND(C11=$Q$13,D11=$V$8),A11,"")&" "&IF(AND(C12=$Q$13,D12=$V$8),A12,"")&" "&IF(AND(C13=$Q$13,D13=$V$8),A13,"")&" "&IF(AND(C14=$Q$13,D14=$V$8),A14,"")&" "&IF(AND(C15=$Q$13,D15=$V$8),A15,"")&" "&IF(AND(C16=$Q$13,D16=$V$8),A16,"")&" "&IF(AND(C17=$Q$13,D17=$V$8),A17,"")&" "&IF(AND(C18=$Q$13,D18=$V$8),A18,"")&" "&IF(AND(C19=$Q$13,D19=$V$8),A19,"")&" "&IF(AND(C20=$Q$13,D20=$V$8),A20,"")&" "&IF(AND(C21=$Q$13,D21=$V$8),A21,"")&" "&IF(AND(C22=$Q$13,D22=$V$8),A22,"")&" "&IF(AND(C23=$Q$13,D23=$V$8),A23,"")&" "&IF(AND(C24=$Q$13,D24=$V$8),A24,"")&" "&IF(AND(C25=$Q$13,D25=$V$8),A25,"")&" "&IF(AND(C26=$Q$13,D26=$V$8),A26,"")&" "&IF(AND(C27=$Q$13,D27=$V$8),A27,"")&" "&IF(AND(C28=$Q$13,D28=$V$8),A28,"") | P13: 0.2 | Q13: Muy Baja | R13: Bajo | S13: Bajo | T13: Moderado | U13: Alto | V13: Extremo
A14: ='2 CONTEXTO E IDENTIFICACIÓN'!A14 -> GEGI-15 | B14: =+'2 CONTEXTO E IDENTIFICACIÓN'!J14 -> Posibilidad de pérdida reputacional porfalta de interiorización de los valores institucionales señalados en el Código de Integridad por parte de los servidores de la entidad a causa de desconocimiento y/o falta de apropiación de la politica de conflictos de interés de la SES lo que podria generar recibir beneficios particulares o para un tercero por suministrar a traves de los canales de atención y comunicación de la SES información especifica de alguna organización solidaria vigilada o sus asociados. | C14: =+'3 PROBABIL E IMPACTO INHERENTE'!F14 -> Baja | D14: =+'3 PROBABIL E IMPACTO INHERENTE'!N14 -> Leve | E14: =+IF(C14=$Q$9,IF(D14=$R$8,$R$9,IF(D14=$S$8,$S$9,IF(D14=$T$8,$T$9,IF(D14=$U$8,$U$9,IF(D14=$V$8,$V$9))))),IF(C14=$Q$10,IF(D14=$R$8,$R$10,IF(D14=$S$8,$S$10,IF(D14=$T$8,$T$10,IF(D14=$U$8,$U$10,IF(D14=$V$8,$V$10))))),IF(C14=$Q$11,IF(D14=$R$8,$R$11,IF(D14=$S$8,$S$11,IF(D14=$T$8,$T$11,IF(D14=$U$8,$U$11,IF(D14=$V$8,$V$11))))),IF(C14=$Q$12,IF(D14=$R$8,$R$12,IF(D14=$S$8,$S$12,IF(D14=$T$8,$T$12,IF(D14=$U$8,$U$12,IF(D14=$V$8,$V$12))))),IF(C14=$Q$13,IF(D14=$R$8,$R$13,IF(D14=$S$8,$S$13,IF(D14=$T$8,$T$13,IF(D14=$U$8,$U$13,IF(D14=$V$8,$V$13))))),""))))) -> Bajo
A15: ='2 CONTEXTO E IDENTIFICACIÓN'!A15 -> GEGI-12 | B15: =+'2 CONTEXTO E IDENTIFICACIÓN'!J15 -> Posibilidad de pérdida reputacional porrecibir un beneficio particular o para un tercero a causa de suministrar a través de los canales de atención y comunicación de la SES información especifica de alguna organización solidaria vigilada o sus asociados. | C15: =+'3 PROBABIL E IMPACTO INHERENTE'!F15 -> Baja | D15: =+'3 PROBABIL E IMPACTO INHERENTE'!N15 -> Leve | E15: =+IF(C15=$Q$9,IF(D15=$R$8,$R$9,IF(D15=$S$8,$S$9,IF(D15=$T$8,$T$9,IF(D15=$U$8,$U$9,IF(D15=$V$8,$V$9))))),IF(C15=$Q$10,IF(D15=$R$8,$R$10,IF(D15=$S$8,$S$10,IF(D15=$T$8,$T$10,IF(D15=$U$8,$U$10,IF(D15=$V$8,$V$10))))),IF(C15=$Q$11,IF(D15=$R$8,$R$11,IF(D15=$S$8,$S$11,IF(D15=$T$8,$T$11,IF(D15=$U$8,$U$11,IF(D15=$V$8,$V$11))))),IF(C15=$Q$12,IF(D15=$R$8,$R$12,IF(D15=$S$8,$S$12,IF(D15=$T$8,$T$12,IF(D15=$U$8,$U$12,IF(D15=$V$8,$V$12))))),IF(C15=$Q$13,IF(D15=$R$8,$R$13,IF(D15=$S$8,$S$13,IF(D15=$T$8,$T$13,IF(D15=$U$8,$U$13,IF(D15=$V$8,$V$13))))),""))))) -> Bajo | R15: NIVELES DE RIESGO
A16: ='2 CONTEXTO E IDENTIFICACIÓN'!A16 -> R8 | B16: =+'2 CONTEXTO E IDENTIFICACIÓN'!J16 -> por a causa de | C16: =+'3 PROBABIL E IMPACTO INHERENTE'!F16 | D16: =+'3 PROBABIL E IMPACTO INHERENTE'!N16 | E16: =+IF(C16=$Q$9,IF(D16=$R$8,$R$9,IF(D16=$S$8,$S$9,IF(D16=$T$8,$T$9,IF(D16=$U$8,$U$9,IF(D16=$V$8,$V$9))))),IF(C16=$Q$10,IF(D16=$R$8,$R$10,IF(D16=$S$8,$S$10,IF(D16=$T$8,$T$10,IF(D16=$U$8,$U$10,IF(D16=$V$8,$V$10))))),IF(C16=$Q$11,IF(D16=$R$8,$R$11,IF(D16=$S$8,$S$11,IF(D16=$T$8,$T$11,IF(D16=$U$8,$U$11,IF(D16=$V$8,$V$11))))),IF(C16=$Q$12,IF(D16=$R$8,$R$12,IF(D16=$S$8,$S$12,IF(D16=$T$8,$T$12,IF(D16=$U$8,$U$12,IF(D16=$V$8,$V$12))))),IF(C16=$Q$13,IF(D16=$R$8,$R$13,IF(D16=$S$8,$S$13,IF(D16=$T$8,$T$13,IF(D16=$U$8,$U$13,IF(D16=$V$8,$V$13))))),""))))) | R16: Extremo
A17: ='2 CONTEXTO E IDENTIFICACIÓN'!A17 -> R9 | B17: =+'2 CONTEXTO E IDENTIFICACIÓN'!J17 -> por a causa de | C17: =+'3 PROBABIL E IMPACTO INHERENTE'!F17 | D17: =+'3 PROBABIL E IMPACTO INHERENTE'!N17 | E17: =+IF(C17=$Q$9,IF(D17=$R$8,$R$9,IF(D17=$S$8,$S$9,IF(D17=$T$8,$T$9,IF(D17=$U$8,$U$9,IF(D17=$V$8,$V$9))))),IF(C17=$Q$10,IF(D17=$R$8,$R$10,IF(D17=$S$8,$S$10,IF(D17=$T$8,$T$10,IF(D17=$U$8,$U$10,IF(D17=$V$8,$V$10))))),IF(C17=$Q$11,IF(D17=$R$8,$R$11,IF(D17=$S$8,$S$11,IF(D17=$T$8,$T$11,IF(D17=$U$8,$U$11,IF(D17=$V$8,$V$11))))),IF(C17=$Q$12,IF(D17=$R$8,$R$12,IF(D17=$S$8,$S$12,IF(D17=$T$8,$T$12,IF(D17=$U$8,$U$12,IF(D17=$V$8,$V$12))))),IF(C17=$Q$13,IF(D17=$R$8,$R$13,IF(D17=$S$8,$S$13,IF(D17=$T$8,$T$13,IF(D17=$U$8,$U$13,IF(D17=$V$8,$V$13))))),""))))) | R17: Alto
A18: ='2 CONTEXTO E IDENTIFICACIÓN'!A18 -> R10 | B18: =+'2 CONTEXTO E IDENTIFICACIÓN'!J18 -> por a causa de | C18: =+'3 PROBABIL E IMPACTO INHERENTE'!F18 | D18: =+'3 PROBABIL E IMPACTO INHERENTE'!N18 | E18: =+IF(C18=$Q$9,IF(D18=$R$8,$R$9,IF(D18=$S$8,$S$9,IF(D18=$T$8,$T$9,IF(D18=$U$8,$U$9,IF(D18=$V$8,$V$9))))),IF(C18=$Q$10,IF(D18=$R$8,$R$10,IF(D18=$S$8,$S$10,IF(D18=$T$8,$T$10,IF(D18=$U$8,$U$10,IF(D18=$V$8,$V$10))))),IF(C18=$Q$11,IF(D18=$R$8,$R$11,IF(D18=$S$8,$S$11,IF(D18=$T$8,$T$11,IF(D18=$U$8,$U$11,IF(D18=$V$8,$V$11))))),IF(C18=$Q$12,IF(D18=$R$8,$R$12,IF(D18=$S$8,$S$12,IF(D18=$T$8,$T$12,IF(D18=$U$8,$U$12,IF(D18=$V$8,$V$12))))),IF(C18=$Q$13,IF(D18=$R$8,$R$13,IF(D18=$S$8,$S$13,IF(D18=$T$8,$T$13,IF(D18=$U$8,$U$13,IF(D18=$V$8,$V$13))))),""))))) | R18: Moderado
A19: ='2 CONTEXTO E IDENTIFICACIÓN'!A19 -> R11 | B19: =+'2 CONTEXTO E IDENTIFICACIÓN'!J19 -> por a causa de | C19: =+'3 PROBABIL E IMPACTO INHERENTE'!F19 | D19: =+'3 PROBABIL E IMPACTO INHERENTE'!N19 | E19: =+IF(C19=$Q$9,IF(D19=$R$8,$R$9,IF(D19=$S$8,$S$9,IF(D19=$T$8,$T$9,IF(D19=$U$8,$U$9,IF(D19=$V$8,$V$9))))),IF(C19=$Q$10,IF(D19=$R$8,$R$10,IF(D19=$S$8,$S$10,IF(D19=$T$8,$T$10,IF(D19=$U$8,$U$10,IF(D19=$V$8,$V$10))))),IF(C19=$Q$11,IF(D19=$R$8,$R$11,IF(D19=$S$8,$S$11,IF(D19=$T$8,$T$11,IF(D19=$U$8,$U$11,IF(D19=$V$8,$V$11))))),IF(C19=$Q$12,IF(D19=$R$8,$R$12,IF(D19=$S$8,$S$12,IF(D19=$T$8,$T$12,IF(D19=$U$8,$U$12,IF(D19=$V$8,$V$12))))),IF(C19=$Q$13,IF(D19=$R$8,$R$13,IF(D19=$S$8,$S$13,IF(D19=$T$8,$T$13,IF(D19=$U$8,$U$13,IF(D19=$V$8,$V$13))))),""))))) | R19: Bajo
A20: ='2 CONTEXTO E IDENTIFICACIÓN'!A20 -> R12 | B20: =+'2 CONTEXTO E IDENTIFICACIÓN'!J20 -> por a causa de | C20: =+'3 PROBABIL E IMPACTO INHERENTE'!F20 | D20: =+'3 PROBABIL E IMPACTO INHERENTE'!N20 | E20: =+IF(C20=$Q$9,IF(D20=$R$8,$R$9,IF(D20=$S$8,$S$9,IF(D20=$T$8,$T$9,IF(D20=$U$8,$U$9,IF(D20=$V$8,$V$9))))),IF(C20=$Q$10,IF(D20=$R$8,$R$10,IF(D20=$S$8,$S$10,IF(D20=$T$8,$T$10,IF(D20=$U$8,$U$10,IF(D20=$V$8,$V$10))))),IF(C20=$Q$11,IF(D20=$R$8,$R$11,IF(D20=$S$8,$S$11,IF(D20=$T$8,$T$11,IF(D20=$U$8,$U$11,IF(D20=$V$8,$V$11))))),IF(C20=$Q$12,IF(D20=$R$8,$R$12,IF(D20=$S$8,$S$12,IF(D20=$T$8,$T$12,IF(D20=$U$8,$U$12,IF(D20=$V$8,$V$12))))),IF(C20=$Q$13,IF(D20=$R$8,$R$13,IF(D20=$S$8,$S$13,IF(D20=$T$8,$T$13,IF(D20=$U$8,$U$13,IF(D20=$V$8,$V$13))))),"")))))
A21: ='2 CONTEXTO E IDENTIFICACIÓN'!A21 -> R13 | B21: =+'2 CONTEXTO E IDENTIFICACIÓN'!J21 -> por a causa de | C21: =+'3 PROBABIL E IMPACTO INHERENTE'!F21 | D21: =+'3 PROBABIL E IMPACTO INHERENTE'!N21 | E21: =+IF(C21=$Q$9,IF(D21=$R$8,$R$9,IF(D21=$S$8,$S$9,IF(D21=$T$8,$T$9,IF(D21=$U$8,$U$9,IF(D21=$V$8,$V$9))))),IF(C21=$Q$10,IF(D21=$R$8,$R$10,IF(D21=$S$8,$S$10,IF(D21=$T$8,$T$10,IF(D21=$U$8,$U$10,IF(D21=$V$8,$V$10))))),IF(C21=$Q$11,IF(D21=$R$8,$R$11,IF(D21=$S$8,$S$11,IF(D21=$T$8,$T$11,IF(D21=$U$8,$U$11,IF(D21=$V$8,$V$11))))),IF(C21=$Q$12,IF(D21=$R$8,$R$12,IF(D21=$S$8,$S$12,IF(D21=$T$8,$T$12,IF(D21=$U$8,$U$12,IF(D21=$V$8,$V$12))))),IF(C21=$Q$13,IF(D21=$R$8,$R$13,IF(D21=$S$8,$S$13,IF(D21=$T$8,$T$13,IF(D21=$U$8,$U$13,IF(D21=$V$8,$V$13))))),"")))))
A22: ='2 CONTEXTO E IDENTIFICACIÓN'!A22 -> R14 | B22: =+'2 CONTEXTO E IDENTIFICACIÓN'!J22 -> por a causa de | C22: =+'3 PROBABIL E IMPACTO INHERENTE'!F22 | D22: =+'3 PROBABIL E IMPACTO INHERENTE'!N22 | E22: =+IF(C22=$Q$9,IF(D22=$R$8,$R$9,IF(D22=$S$8,$S$9,IF(D22=$T$8,$T$9,IF(D22=$U$8,$U$9,IF(D22=$V$8,$V$9))))),IF(C22=$Q$10,IF(D22=$R$8,$R$10,IF(D22=$S$8,$S$10,IF(D22=$T$8,$T$10,IF(D22=$U$8,$U$10,IF(D22=$V$8,$V$10))))),IF(C22=$Q$11,IF(D22=$R$8,$R$11,IF(D22=$S$8,$S$11,IF(D22=$T$8,$T$11,IF(D22=$U$8,$U$11,IF(D22=$V$8,$V$11))))),IF(C22=$Q$12,IF(D22=$R$8,$R$12,IF(D22=$S$8,$S$12,IF(D22=$T$8,$T$12,IF(D22=$U$8,$U$12,IF(D22=$V$8,$V$12))))),IF(C22=$Q$13,IF(D22=$R$8,$R$13,IF(D22=$S$8,$S$13,IF(D22=$T$8,$T$13,IF(D22=$U$8,$U$13,IF(D22=$V$8,$V$13))))),"")))))
A23: ='2 CONTEXTO E IDENTIFICACIÓN'!A23 -> R15 | B23: =+'2 CONTEXTO E IDENTIFICACIÓN'!J23 -> por a causa de | C23: =+'3 PROBABIL E IMPACTO INHERENTE'!F23 | D23: =+'3 PROBABIL E IMPACTO INHERENTE'!N23 | E23: =+IF(C23=$Q$9,IF(D23=$R$8,$R$9,IF(D23=$S$8,$S$9,IF(D23=$T$8,$T$9,IF(D23=$U$8,$U$9,IF(D23=$V$8,$V$9))))),IF(C23=$Q$10,IF(D23=$R$8,$R$10,IF(D23=$S$8,$S$10,IF(D23=$T$8,$T$10,IF(D23=$U$8,$U$10,IF(D23=$V$8,$V$10))))),IF(C23=$Q$11,IF(D23=$R$8,$R$11,IF(D23=$S$8,$S$11,IF(D23=$T$8,$T$11,IF(D23=$U$8,$U$11,IF(D23=$V$8,$V$11))))),IF(C23=$Q$12,IF(D23=$R$8,$R$12,IF(D23=$S$8,$S$12,IF(D23=$T$8,$T$12,IF(D23=$U$8,$U$12,IF(D23=$V$8,$V$12))))),IF(C23=$Q$13,IF(D23=$R$8,$R$13,IF(D23=$S$8,$S$13,IF(D23=$T$8,$T$13,IF(D23=$U$8,$U$13,IF(D23=$V$8,$V$13))))),"")))))
A24: ='2 CONTEXTO E IDENTIFICACIÓN'!A24 -> R16 | B24: =+'2 CONTEXTO E IDENTIFICACIÓN'!J24 -> por a causa de | C24: =+'3 PROBABIL E IMPACTO INHERENTE'!F24 | D24: =+'3 PROBABIL E IMPACTO INHERENTE'!N24 | E24: =+IF(C24=$Q$9,IF(D24=$R$8,$R$9,IF(D24=$S$8,$S$9,IF(D24=$T$8,$T$9,IF(D24=$U$8,$U$9,IF(D24=$V$8,$V$9))))),IF(C24=$Q$10,IF(D24=$R$8,$R$10,IF(D24=$S$8,$S$10,IF(D24=$T$8,$T$10,IF(D24=$U$8,$U$10,IF(D24=$V$8,$V$10))))),IF(C24=$Q$11,IF(D24=$R$8,$R$11,IF(D24=$S$8,$S$11,IF(D24=$T$8,$T$11,IF(D24=$U$8,$U$11,IF(D24=$V$8,$V$11))))),IF(C24=$Q$12,IF(D24=$R$8,$R$12,IF(D24=$S$8,$S$12,IF(D24=$T$8,$T$12,IF(D24=$U$8,$U$12,IF(D24=$V$8,$V$12))))),IF(C24=$Q$13,IF(D24=$R$8,$R$13,IF(D24=$S$8,$S$13,IF(D24=$T$8,$T$13,IF(D24=$U$8,$U$13,IF(D24=$V$8,$V$13))))),"")))))
A25: ='2 CONTEXTO E IDENTIFICACIÓN'!A25 -> R17 | B25: =+'2 CONTEXTO E IDENTIFICACIÓN'!J25 -> por a causa de | C25: =+'3 PROBABIL E IMPACTO INHERENTE'!F25 | D25: =+'3 PROBABIL E IMPACTO INHERENTE'!N25 | E25: =+IF(C25=$Q$9,IF(D25=$R$8,$R$9,IF(D25=$S$8,$S$9,IF(D25=$T$8,$T$9,IF(D25=$U$8,$U$9,IF(D25=$V$8,$V$9))))),IF(C25=$Q$10,IF(D25=$R$8,$R$10,IF(D25=$S$8,$S$10,IF(D25=$T$8,$T$10,IF(D25=$U$8,$U$10,IF(D25=$V$8,$V$10))))),IF(C25=$Q$11,IF(D25=$R$8,$R$11,IF(D25=$S$8,$S$11,IF(D25=$T$8,$T$11,IF(D25=$U$8,$U$11,IF(D25=$V$8,$V$11))))),IF(C25=$Q$12,IF(D25=$R$8,$R$12,IF(D25=$S$8,$S$12,IF(D25=$T$8,$T$12,IF(D25=$U$8,$U$12,IF(D25=$V$8,$V$12))))),IF(C25=$Q$13,IF(D25=$R$8,$R$13,IF(D25=$S$8,$S$13,IF(D25=$T$8,$T$13,IF(D25=$U$8,$U$13,IF(D25=$V$8,$V$13))))),"")))))
A26: ='2 CONTEXTO E IDENTIFICACIÓN'!A26 -> 0 | B26: =+'2 CONTEXTO E IDENTIFICACIÓN'!J26 -> 0 | C26: =+'3 PROBABIL E IMPACTO INHERENTE'!F26 | D26: =+'3 PROBABIL E IMPACTO INHERENTE'!N26 | E26: =+IF(C26=$Q$9,IF(D26=$R$8,$R$9,IF(D26=$S$8,$S$9,IF(D26=$T$8,$T$9,IF(D26=$U$8,$U$9,IF(D26=$V$8,$V$9))))),IF(C26=$Q$10,IF(D26=$R$8,$R$10,IF(D26=$S$8,$S$10,IF(D26=$T$8,$T$10,IF(D26=$U$8,$U$10,IF(D26=$V$8,$V$10))))),IF(C26=$Q$11,IF(D26=$R$8,$R$11,IF(D26=$S$8,$S$11,IF(D26=$T$8,$T$11,IF(D26=$U$8,$U$11,IF(D26=$V$8,$V$11))))),IF(C26=$Q$12,IF(D26=$R$8,$R$12,IF(D26=$S$8,$S$12,IF(D26=$T$8,$T$12,IF(D26=$U$8,$U$12,IF(D26=$V$8,$V$12))))),IF(C26=$Q$13,IF(D26=$R$8,$R$13,IF(D26=$S$8,$S$13,IF(D26=$T$8,$T$13,IF(D26=$U$8,$U$13,IF(D26=$V$8,$V$13))))),"")))))
A27: ='2 CONTEXTO E IDENTIFICACIÓN'!A27 -> 0 | B27: =+'2 CONTEXTO E IDENTIFICACIÓN'!J27 -> 0 | C27: =+'3 PROBABIL E IMPACTO INHERENTE'!F27 | D27: =+'3 PROBABIL E IMPACTO INHERENTE'!N27 | E27: =+IF(C27=$Q$9,IF(D27=$R$8,$R$9,IF(D27=$S$8,$S$9,IF(D27=$T$8,$T$9,IF(D27=$U$8,$U$9,IF(D27=$V$8,$V$9))))),IF(C27=$Q$10,IF(D27=$R$8,$R$10,IF(D27=$S$8,$S$10,IF(D27=$T$8,$T$10,IF(D27=$U$8,$U$10,IF(D27=$V$8,$V$10))))),IF(C27=$Q$11,IF(D27=$R$8,$R$11,IF(D27=$S$8,$S$11,IF(D27=$T$8,$T$11,IF(D27=$U$8,$U$11,IF(D27=$V$8,$V$11))))),IF(C27=$Q$12,IF(D27=$R$8,$R$12,IF(D27=$S$8,$S$12,IF(D27=$T$8,$T$12,IF(D27=$U$8,$U$12,IF(D27=$V$8,$V$12))))),IF(C27=$Q$13,IF(D27=$R$8,$R$13,IF(D27=$S$8,$S$13,IF(D27=$T$8,$T$13,IF(D27=$U$8,$U$13,IF(D27=$V$8,$V$13))))),"")))))
A28: ='2 CONTEXTO E IDENTIFICACIÓN'!A28 -> 0 | B28: =+'2 CONTEXTO E IDENTIFICACIÓN'!J28 -> 0 | C28: =+'3 PROBABIL E IMPACTO INHERENTE'!F28 | D28: =+'3 PROBABIL E IMPACTO INHERENTE'!N28 | E28: =+IF(C28=$Q$9,IF(D28=$R$8,$R$9,IF(D28=$S$8,$S$9,IF(D28=$T$8,$T$9,IF(D28=$U$8,$U$9,IF(D28=$V$8,$V$9))))),IF(C28=$Q$10,IF(D28=$R$8,$R$10,IF(D28=$S$8,$S$10,IF(D28=$T$8,$T$10,IF(D28=$U$8,$U$10,IF(D28=$V$8,$V$10))))),IF(C28=$Q$11,IF(D28=$R$8,$R$11,IF(D28=$S$8,$S$11,IF(D28=$T$8,$T$11,IF(D28=$U$8,$U$11,IF(D28=$V$8,$V$11))))),IF(C28=$Q$12,IF(D28=$R$8,$R$12,IF(D28=$S$8,$S$12,IF(D28=$T$8,$T$12,IF(D28=$U$8,$U$12,IF(D28=$V$8,$V$12))))),IF(C28=$Q$13,IF(D28=$R$8,$R$13,IF(D28=$S$8,$S$13,IF(D28=$T$8,$T$13,IF(D28=$U$8,$U$13,IF(D28=$V$8,$V$13))))),"")))))

Sheet 5 VALORACIÓN DEL CONTROL
B1: =+'2 CONTEXTO E IDENTIFICACIÓN'!A1 -> MAPA DE RIESGOS | G1: =+'2 CONTEXTO E IDENTIFICACIÓN'!$I$4 -> Elaboración o Actualización: | H1: ='2 CONTEXTO E IDENTIFICACIÓN'!J4 -> 9 de diciembre de 2025
C2: =+'2 CONTEXTO E IDENTIFICACIÓN'!A2 -> VERSIÓN: | D2: ='2 CONTEXTO E IDENTIFICACIÓN'!B2 -> 1 | G2: =+'2 CONTEXTO E IDENTIFICACIÓN'!$E$5 -> Vigencia: 2026 | H2: ='2 CONTEXTO E IDENTIFICACIÓN'!G5 -> 1 de enero de 2026 | I2: Al | J2: ='2 CONTEXTO E IDENTIFICACIÓN'!J5 -> 31 de diciembre de 2026
A3: ENTIDAD: | B3: ='2 CONTEXTO E IDENTIFICACIÓN'!B4 -> SUPERSOLIDARIA
A4: PROCESO: | B4: ='2 CONTEXTO E IDENTIFICACIÓN'!F4 -> GEGI | F4: VALORACIÓN DEL CONTROL | S4: Peso del Control + Peso de la implementación | T4: % Probabilidad Riesgo Inherente-(% Probabilidad Riesgo Inherente*Valor Total del Control) | U4: % Impacto Riesgo Inherente-(% Impacto Riesgo Inherente*Valor Total del Control) | Y4: NIVEL
J5: Atributos del control | Y5: Nivel | Z5: % MIN | AA5: % MAX
A6: No. Riesgo | B6: Riesgo | C6: % Probabilidad Riesgo Inherente | D6: % Impacto Riesgo Inherente | E6: No. Control | F6: Descripción del Control | J6: Eficiencia | O6: Formalización del control | Y6: Muy Baja | Z6: 0.01 | AA6: 0.2
F7: Responsable (Cargo y/o Aplicativo) | G7: Acción (Inicia con un verbo) | H7: Complemento (Periodicidad - Observaciones o Desviaciones) | I7: Descripción del control | J7: Tipo de control | K7: Peso del Control | L7: Afectación o Desplazamiento en la Matriz | M7: Implementación | N7: Peso de la implementación | O7: Documentación | P7: Frecuencia | Q7: Evidencia (Trazabilidad de la ejecución) | R7: Ejecución | S7: Valor Total del Control | T7: Probabilidad residual | U7: Impacto Residual | V7: Probabilidad residual Final | W7: Impacto Residual Final | Y7: Baja | Z7: 0.21 | AA7: 0.4
A8: ='2 CONTEXTO E IDENTIFICACIÓN'!A9 -> GEGI-1 | B8: =+'2 CONTEXTO E IDENTIFICACIÓN'!J9 -> Posibilidad de afectación reputacional porpor insatisfacción de los grupos de valor a causa de una orientación inadecuada en la prestación del servicio | C8: =+'3 PROBABIL E IMPACTO INHERENTE'!E9 -> 0.6 | D8: =+'3 PROBABIL E IMPACTO INHERENTE'!M9 -> 0.4 | E8: 1 | F8: El Profesional Universitario del GIT de Relacionamiento con la Ciudadanía | G8: diseña e implementa la estrategia de servicio al ciudadano | H8: Esto se realiza de manera mensual Evidencia: Reporte mensual del plan de acción de la Estrategia de servicio al Ciudadano | I8: =+CONCATENATE(F8," ",G8," ",H8) -> El Profesional Universitario del GIT de Relacionamiento con la Ciudadanía diseña e implementa la estrategia de servicio al ciudadano Esto se realiza de manera mensual Evidencia: Reporte mensual del plan de acción de la Estrategia de servicio al Ciudadano | J8: Preventivo | K8: =+IFERROR(VLOOKUP($J8,'11 FORMULAS'!$B$51:$C$53,2,0),"") -> 0.25 | L8: =+IFERROR(VLOOKUP($J8,'11 FORMULAS'!$B$51:$D$53,3,0),"") -> Probabilidad | M8: Manual | N8: =+IFERROR(VLOOKUP($M8,'11 FORMULAS'!$B$54:$C$55,2,0),"") -> 0.15 | O8: Procedimientos | P8: Mensual | Q8: Con registro electrónico | R8: Interna | S8: =+IFERROR($K8+$N8,"") -> 0.4 | T8: =IF($L8='11 FORMULAS'!$D$51,$C$8-($C$8*$S$8),$C$8) -> 0.36 | U8: =IF(L8='11 FORMULAS'!$D$53,$D8-($D8*$S8),$D8) -> 0.4 | V8: =+IF(T13="","",T13) -> 0.6 | W8: =+IF(U13="","",U13) -> 0.4 | Y8: Media | Z8: 0.41 | AA8: 0.6
E9: 2 | F9: El Coordinadora del GIT de Relacionamiento con la Ciudadanía | G9: socializa trimestralmente la política de relacionamiento con el ciudadano - MIPG a través de jornadas de capacitación en torno a los lineamientos internos de la entidad y la normatividad vigente. | H9: Esto se realiza de manera trimestral Evidencia: Listados de asistencia, diapositivas y acta de reunión frente a la socialización establecida. | I9: =+CONCATENATE(F9," ",G9," ",H9) -> El Coordinadora del GIT de Relacionamiento con la Ciudadanía socializa trimestralmente la política de relacionamiento con el ciudadano - MIPG a través de jornadas de capacitación en torno a los lineamientos internos de la entidad y la normatividad vigente. Esto se realiza de manera trimestral Evidencia: Listados de asistencia, diapositivas y acta de reunión frente a la socialización establecida. | J9: Preventivo | K9: =+IFERROR(VLOOKUP($J9,'11 FORMULAS'!$B$51:$C$53,2,0),"") -> 0.25 | L9: =+IFERROR(VLOOKUP($J9,'11 FORMULAS'!$B$51:$D$53,3,0),"") -> Probabilidad | M9: Manual | N9: =+IFERROR(VLOOKUP($M9,'11 FORMULAS'!$B$54:$C$55,2,0),"") -> 0.15 | O9: Procedimientos | P9: Trimestral | Q9: Con registro electrónico | R9: Interna | S9: =+IFERROR($K9+$N9,"") -> 0.4 | T9: =IF($L9='11 FORMULAS'!$D$51,$C$8-($C$8*$S$8),$C$8) -> 0.36 | U9: =IF(L9='11 FORMULAS'!$D$53,$D$8-($D$8*$S$8),$D$8) -> 0.4 | Y9: Alta | Z9: 0.61 | AA9: 0.8
E10: 3 | I10: =+CONCATENATE(F10," ",G10," ",H10) | K10: =+IFERROR(VLOOKUP($J10,'11 FORMULAS'!$B$51:$C$53,2,0),"") | L10: =+IFERROR(VLOOKUP($J10,'11 FORMULAS'!$B$51:$D$53,3,0),"") | N10: =+IFERROR(VLOOKUP($M10,'11 FORMULAS'!$B$54:$C$55,2,0),"") | S10: =+IFERROR($K10+$N10,"") | T10: =IF($L10='11 FORMULAS'!$D$51,$C$8-($C$8*$S$8),$C$8) -> 0.6 | U10: =IF(L10='11 FORMULAS'!$D$53,$D$8-($D$8*$S$8),$D$8) -> 0.4 | Y10: Muy Alta | Z10: 0.81 | AA10: 1
E11: 4 | I11: =+CONCATENATE(F11," ",G11," ",H11) | K11: =+IFERROR(VLOOKUP($J11,'11 FORMULAS'!$B$51:$C$53,2,0),"") | L11: =+IFERROR(VLOOKUP($J11,'11 FORMULAS'!$B$51:$D$53,3,0),"") | N11: =+IFERROR(VLOOKUP($M11,'11 FORMULAS'!$B$54:$C$55,2,0),"") | S11: =+IFERROR($K11+$N11,"") | T11: =IF($L11='11 FORMULAS'!$D$51,$C$8-($C$8*$S$8),$C$8) -> 0.6 | U11: =IF(L11='11 FORMULAS'!$D$53,$D$8-($D$8*$S$8),$D$8) -> 0.4
E12: 5 | I12: =+CONCATENATE(F12," ",G12," ",H12) | K12: =+IFERROR(VLOOKUP($J12,'11 FORMULAS'!$B$51:$C$53,2,0),"") | L12: =+IFERROR(VLOOKUP($J12,'11 FORMULAS'!$B$51:$D$53,3,0),"") | N12: =+IFERROR(VLOOKUP($M12,'11 FORMULAS'!$B$54:$C$55,2,0),"") | S12: =+IFERROR($K12+$N12,"") | T12: =IF($L12='11 FORMULAS'!$D$51,$C$8-($C$8*$S$8),$C$8) -> 0.6 | U12: =IF(L12='11 FORMULAS'!$D$53,$D$8-($D$8*$S$8),$D$8) -> 0.4
E13: 6 | I13: =+CONCATENATE(F13," ",G13," ",H13) | K13: =+IFERROR(VLOOKUP($J13,'11 FORMULAS'!$B$51:$C$53,2,0),"") | L13: =+IFERROR(VLOOKUP($J13,'11 FORMULAS'!$B$51:$D$53,3,0),"") | N13: =+IFERROR(VLOOKUP($M13,'11 FORMULAS'!$B$54:$C$55,2,0),"") | S13: =+IFERROR($K13+$N13,"") | T13: =IF($L13='11 FORMULAS'!$D$51,$C$8-($C$8*$S$8),$C$8) -> 0.6 | U13: =IF(L13='11 FORMULAS'!$D$53,$D$8-($D$8*$S$8),$D$8) -> 0.4
A14: ='2 CONTEXTO E IDENTIFICACIÓN'!A10 -> GEGI-2 | B14: ='2 CONTEXTO E IDENTIFICACIÓN'!J10 -> Posibilidad de afectación reputacional porinsatisfacción de los grupos de valor y/o sanciones de entes de control a causa de incumplimiento de los términos de ley para la gestión de solicitudes. | C14: =+'3 PROBABIL E IMPACTO INHERENTE'!E10 -> 0.6 | D14: =+'3 PROBABIL E IMPACTO INHERENTE'!M10 -> 1 | E14: 1 | F14: El Profesional Universitario del Grupo Interno de Trabajo de Relacionamiento con la Ciudadanía | G14: Realiza el seguimiento a la gestión de las PQRSDF, consolida la información correspondiente, elabora el reporte de seguimiento y genera alertas a las dependencias competentes cuando identifica solicitudes próximas al vencimiento de los términos legales o situaciones que requieran atención. | H14: Esto se realiza de manera mensual Como evidencias quedan: el reporte mensual de seguimiento a las PQRSDF, la matriz de escalonamiento y las comunicaciones o alertas remitidas a las dependencias competentes. | I14: =+CONCATENATE(F14," ",G14," ",H14) -> El Profesional Universitario del Grupo Interno de Trabajo de Relacionamiento con la Ciudadanía Realiza el seguimiento a la gestión de las PQRSDF, consolida la información correspondiente, elabora el reporte de seguimiento y genera alertas a las dependencias competentes cuando identifica solicitudes próximas al vencimiento de los términos legales o situaciones que requieran atención. Esto se realiza de manera mensual Como evidencias quedan: el reporte mensual de seguimiento a las PQRSDF, la matriz de escalonamiento y las comunicaciones o alertas remitidas a las dependencias competentes. | J14: Preventivo | K14: =+IFERROR(VLOOKUP($J14,'11 FORMULAS'!$B$51:$C$53,2,0),"") -> 0.25 | L14: =+IFERROR(VLOOKUP($J14,'11 FORMULAS'!$B$51:$D$53,3,0),"") -> Probabilidad | M14: Manual | N14: =+IFERROR(VLOOKUP($M14,'11 FORMULAS'!$B$54:$C$55,2,0),"") -> 0.15 | O14: Otros Esquemas | P14: Mensual | Q14: Con registro electrónico | R14: Interna | S14: =+IFERROR($K14+$N14,"") -> 0.4 | T14: =IF($L14='11 FORMULAS'!$D$51,$C$8-($C$8*$S$8),$C$8) -> 0.36 | U14: =IF(L14='11 FORMULAS'!$D$53,$D$14-($D$14*$S$14),$D$14) -> 1 | V14: =+IF(T19="","",T19) -> 0.6 | W14: =+IF(U19="","",U19) -> 1
E15: 2 | F15: El Profesional Especializado del GIT de Relacionamiento con la Ciudadanía | G15: reporta a las áreas a través de matriz de escalonamiento, las PQRSDF que se notifiquen directamente desde los ciudadanos al GIT de Relacionaimento con la Ciudadanía. | H15: Esto se realiza de manera semanal Evidencia: Informe consolidado de matríz de escalonamiento mensual. | I15: =+CONCATENATE(F15," ",G15," ",H15) -> El Profesional Especializado del GIT de Relacionamiento con la Ciudadanía reporta a las áreas a través de matriz de escalonamiento, las PQRSDF que se notifiquen directamente desde los ciudadanos al GIT de Relacionaimento con la Ciudadanía. Esto se realiza de manera semanal Evidencia: Informe consolidado de matríz de escalonamiento mensual. | J15: Detectivo | K15: =+IFERROR(VLOOKUP($J15,'11 FORMULAS'!$B$51:$C$53,2,0),"") -> 0.15 | L15: =+IFERROR(VLOOKUP($J15,'11 FORMULAS'!$B$51:$D$53,3,0),"") -> Probabilidad | M15: Manual | N15: =+IFERROR(VLOOKUP($M15,'11 FORMULAS'!$B$54:$C$55,2,0),"") -> 0.15 | O15: Otros Esquemas | P15: Mensual | Q15: Con registro manual | R15: Interna | S15: =+IFERROR($K15+$N15,"") -> 0.3 | T15: =IF($L15='11 FORMULAS'!$D$51,$C$8-($C$8*$S$8),$C$8) -> 0.36 | U15: =IF(L15='11 FORMULAS'!$D$53,$D$14-($D$14*$S$14),$D$14) -> 1
E16: 3 | I16: =+CONCATENATE(F16," ",G16," ",H16) | K16: =+IFERROR(VLOOKUP($J16,'11 FORMULAS'!$B$51:$C$53,2,0),"") | L16: =+IFERROR(VLOOKUP($J16,'11 FORMULAS'!$B$51:$D$53,3,0),"") | N16: =+IFERROR(VLOOKUP($M16,'11 FORMULAS'!$B$54:$C$55,2,0),"") | S16: =+IFERROR($K16+$N16,"") | T16: =IF($L16='11 FORMULAS'!$D$51,$C$8-($C$8*$S$8),$C$8) -> 0.6 | U16: =IF(L16='11 FORMULAS'!$D$53,$D$14-($D$14*$S$14),$D$14) -> 1
E17: 4 | I17: =+CONCATENATE(F17," ",G17," ",H17) | K17: =+IFERROR(VLOOKUP($J17,'11 FORMULAS'!$B$51:$C$53,2,0),"") | L17: =+IFERROR(VLOOKUP($J17,'11 FORMULAS'!$B$51:$D$53,3,0),"") | N17: =+IFERROR(VLOOKUP($M17,'11 FORMULAS'!$B$54:$C$55,2,0),"") | S17: =+IFERROR($K17+$N17,"") | T17: =IF($L17='11 FORMULAS'!$D$51,$C$8-($C$8*$S$8),$C$8) -> 0.6 | U17: =IF(L17='11 FORMULAS'!$D$53,$D$14-($D$14*$S$14),$D$14) -> 1
E18: 5 | I18: =+CONCATENATE(F18," ",G18," ",H18) | K18: =+IFERROR(VLOOKUP($J18,'11 FORMULAS'!$B$51:$C$53,2,0),"") | L18: =+IFERROR(VLOOKUP($J18,'11 FORMULAS'!$B$51:$D$53,3,0),"") | N18: =+IFERROR(VLOOKUP($M18,'11 FORMULAS'!$B$54:$C$55,2,0),"") | S18: =+IFERROR($K18+$N18,"") | T18: =IF($L18='11 FORMULAS'!$D$51,$C$8-($C$8*$S$8),$C$8) -> 0.6 | U18: =IF(L18='11 FORMULAS'!$D$53,$D$14-($D$14*$S$14),$D$14) -> 1
E19: 6 | I19: =+CONCATENATE(F19," ",G19," ",H19) | K19: =+IFERROR(VLOOKUP($J19,'11 FORMULAS'!$B$51:$C$53,2,0),"") | L19: =+IFERROR(VLOOKUP($J19,'11 FORMULAS'!$B$51:$D$53,3,0),"") | N19: =+IFERROR(VLOOKUP($M19,'11 FORMULAS'!$B$54:$C$55,2,0),"") | S19: =+IFERROR($K19+$N19,"") | T19: =IF($L19='11 FORMULAS'!$D$51,$C$8-($C$8*$S$8),$C$8) -> 0.6 | U19: =IF(L19='11 FORMULAS'!$D$53,$D$14-($D$14*$S$14),$D$14) -> 1
A20: ='2 CONTEXTO E IDENTIFICACIÓN'!A11 -> GEGI-10 | B20: ='2 CONTEXTO E IDENTIFICACIÓN'!J11 -> Posibilidad de afectación reputacional porfalta de comunicación y credibilidad en la SES a causa de la publicación de información emitida sin la correcta divulgación al interior de la entidad. | C20: =+'3 PROBABIL E IMPACTO INHERENTE'!E11 -> 0.4 | D20: =+'3 PROBABIL E IMPACTO INHERENTE'!M11 -> 0.2 | E20: 1 | F20: El/La profesional especializado(a) de comunicaciones, | G20: periódicamente realiza seguimiento a los requerimientos de las áreas a través de los formatos: control de cambios página web y control de cambios intranet; además de los que él/ella misma defina, según los nuevos lineamientos para el grupo interno de trabajo. | H20: Como evidencia quedarán los formatos diligenciados. | I20: Coordinador de comunicaciones diseñar e implementar estrategias de comunicación interna para promover los valores institucionales de acuerdo a lo establecido en el codigo de integridad de los funcionarios de SES. Esto se realiza de manera mensual | J20: Preventivo | K20: =+IFERROR(VLOOKUP($J20,'11 FORMULAS'!$B$51:$C$53,2,0),"") -> 0.25 | L20: =+IFERROR(VLOOKUP($J20,'11 FORMULAS'!$B$51:$D$53,3,0),"") -> Probabilidad | M20: Manual | N20: =+IFERROR(VLOOKUP($M20,'11 FORMULAS'!$B$54:$C$55,2,0),"") -> 0.15 | O20: Otros Esquemas | P20: Mensual | Q20: Con registro electrónico | R20: Interna | S20: =+IFERROR($K20+$N20,"") -> 0.4 | T20: =IF($L20='11 FORMULAS'!$D$51,$C$8-($C$8*$S$8),$C$8) -> 0.36 | U20: =IF(L20='11 FORMULAS'!$D$53,$D$20-($D$20*$S$20),$D$20) -> 0.2 | V20: =+IF(T25="","",T25) -> 0.6 | W20: =+IF(U25="","",U25) -> 0.2
E21: 2 | I21: =+CONCATENATE(F21," ",G21," ",H21) | K21: =+IFERROR(VLOOKUP($J21,'11 FORMULAS'!$B$51:$C$53,2,0),"") | L21: =+IFERROR(VLOOKUP($J21,'11 FORMULAS'!$B$51:$D$53,3,0),"") | N21: =+IFERROR(VLOOKUP($M21,'11 FORMULAS'!$B$54:$C$55,2,0),"") | S21: =+IFERROR($K21+$N21,"") | T21: =IF($L21='11 FORMULAS'!$D$51,$C$8-($C$8*$S$8),$C$8) -> 0.6 | U21: =IF(L21='11 FORMULAS'!$D$53,$D$20-($D$20*$S$20),$D$20) -> 0.2
E22: 3 | I22: =+CONCATENATE(F22," ",G22," ",H22) | K22: =+IFERROR(VLOOKUP($J22,'11 FORMULAS'!$B$51:$C$53,2,0),"") | L22: =+IFERROR(VLOOKUP($J22,'11 FORMULAS'!$B$51:$D$53,3,0),"") | N22: =+IFERROR(VLOOKUP($M22,'11 FORMULAS'!$B$54:$C$55,2,0),"") | S22: =+IFERROR($K22+$N22,"") | T22: =IF($L22='11 FORMULAS'!$D$51,$C$8-($C$8*$S$8),$C$8) -> 0.6 | U22: =IF(L22='11 FORMULAS'!$D$53,$D$20-($D$20*$S$20),$D$20) -> 0.2
E23: 4 | I23: =+CONCATENATE(F23," ",G23," ",H23) | K23: =+IFERROR(VLOOKUP($J23,'11 FORMULAS'!$B$51:$C$53,2,0),"") | L23: =+IFERROR(VLOOKUP($J23,'11 FORMULAS'!$B$51:$D$53,3,0),"") | N23: =+IFERROR(VLOOKUP($M23,'11 FORMULAS'!$B$54:$C$55,2,0),"") | S23: =+IFERROR($K23+$N23,"") | T23: =IF($L23='11 FORMULAS'!$D$51,$C$8-($C$8*$S$8),$C$8) -> 0.6 | U23: =IF(L23='11 FORMULAS'!$D$53,$D$20-($D$20*$S$20),$D$20) -> 0.2
E24: 5 | I24: =+CONCATENATE(F24," ",G24," ",H24) | K24: =+IFERROR(VLOOKUP($J24,'11 FORMULAS'!$B$51:$C$53,2,0),"") | L24: =+IFERROR(VLOOKUP($J24,'11 FORMULAS'!$B$51:$D$53,3,0),"") | N24: =+IFERROR(VLOOKUP($M24,'11 FORMULAS'!$B$54:$C$55,2,0),"") | S24: =+IFERROR($K24+$N24,"") | T24: =IF($L24='11 FORMULAS'!$D$51,$C$8-($C$8*$S$8),$C$8) -> 0.6 | U24: =IF(L24='11 FORMULAS'!$D$53,$D$20-($D$20*$S$20),$D$20) -> 0.2
E25: 6 | I25: =+CONCATENATE(F25," ",G25," ",H25) | K25: =+IFERROR(VLOOKUP($J25,'11 FORMULAS'!$B$51:$C$53,2,0),"") | L25: =+IFERROR(VLOOKUP($J25,'11 FORMULAS'!$B$51:$D$53,3,0),"") | N25: =+IFERROR(VLOOKUP($M25,'11 FORMULAS'!$B$54:$C$55,2,0),"") | S25: =+IFERROR($K25+$N25,"") | T25: =IF($L25='11 FORMULAS'!$D$51,$C$8-($C$8*$S$8),$C$8) -> 0.6 | U25: =IF(L25='11 FORMULAS'!$D$53,$D$20-($D$20*$S$20),$D$20) -> 0.2
A26: ='2 CONTEXTO E IDENTIFICACIÓN'!A12 -> GEGI-13 | B26: ='2 CONTEXTO E IDENTIFICACIÓN'!J12 -> Posibilidad de afectación económica y reputacional porafectación a los asistentes a actividades organizadas por la SES a causa de falta de planeación previa a la ejecución de las actividades organizadas con 100 o hasta 500 personas. | C26: =+'3 PROBABIL E IMPACTO INHERENTE'!E12 -> 0.4 | D26: =+'3 PROBABIL E IMPACTO INHERENTE'!M12 -> 0.6 | E26: 1 | F26: Coordinador de comunicaciones | G26: Organizar eventos asociados a actividades de participación ciudadana, solicita al Grupo de Talento humano donde se encuentra el proceso de SST los lineamientos o requisitos normativos a tener en cuenta dentro de la gestión de estas actividades. | H26: Se realiza cada siempre que sea requerido Evidencia: Solicitud realizada a Talento humano del protocolo de SST. | I26: Organizar eventos asociados a actividades de participación ciudadana, solicita al Grupo de Talento humano donde se encuentra el proceso de SST los lineamientos o requisitos normativos a tener en cuenta dentro de la gestión de estas actividades. Se realiza cada siempre que sea requerido | J26: Preventivo | K26: =+IFERROR(VLOOKUP($J26,'11 FORMULAS'!$B$51:$C$53,2,0),"") -> 0.25 | L26: =+IFERROR(VLOOKUP($J26,'11 FORMULAS'!$B$51:$D$53,3,0),"") -> Probabilidad | M26: Manual | N26: =+IFERROR(VLOOKUP($M26,'11 FORMULAS'!$B$54:$C$55,2,0),"") -> 0.15 | O26: Procedimientos | P26: Mensual | Q26: Con registro manual | R26: Interna | S26: =+IFERROR($K26+$N26,"") -> 0.4 | T26: =IF($L26='11 FORMULAS'!$D$51,$C$8-($C$8*$S$8),$C$8) -> 0.36 | U26: =IF(L26='11 FORMULAS'!$D$53,$D$26-($D$26*$S$26),$D$26) -> 0.6 | V26: =+IF(T31="","",T31) -> 0.6 | W26: =+IF(U31="","",U31) -> 0.6
E27: 2 | I27: =+CONCATENATE(F27," ",G27," ",H27) | K27: =+IFERROR(VLOOKUP($J27,'11 FORMULAS'!$B$51:$C$53,2,0),"") | L27: =+IFERROR(VLOOKUP($J27,'11 FORMULAS'!$B$51:$D$53,3,0),"") | N27: =+IFERROR(VLOOKUP($M27,'11 FORMULAS'!$B$54:$C$55,2,0),"") | S27: =+IFERROR($K27+$N27,"") | T27: =IF($L27='11 FORMULAS'!$D$51,$C$8-($C$8*$S$8),$C$8) -> 0.6 | U27: =IF(L27='11 FORMULAS'!$D$53,$D$26-($D$26*$S$26),$D$26) -> 0.6
E28: 3 | I28: =+CONCATENATE(F28," ",G28," ",H28) | K28: =+IFERROR(VLOOKUP($J28,'11 FORMULAS'!$B$51:$C$53,2,0),"") | L28: =+IFERROR(VLOOKUP($J28,'11 FORMULAS'!$B$51:$D$53,3,0),"") | N28: =+IFERROR(VLOOKUP($M28,'11 FORMULAS'!$B$54:$C$55,2,0),"") | S28: =+IFERROR($K28+$N28,"") | T28: =IF($L28='11 FORMULAS'!$D$51,$C$8-($C$8*$S$8),$C$8) -> 0.6 | U28: =IF(L28='11 FORMULAS'!$D$53,$D$26-($D$26*$S$26),$D$26) -> 0.6
E29: 4 | I29: =+CONCATENATE(F29," ",G29," ",H29) | K29: =+IFERROR(VLOOKUP($J29,'11 FORMULAS'!$B$51:$C$53,2,0),"") | L29: =+IFERROR(VLOOKUP($J29,'11 FORMULAS'!$B$51:$D$53,3,0),"") | N29: =+IFERROR(VLOOKUP($M29,'11 FORMULAS'!$B$54:$C$55,2,0),"") | S29: =+IFERROR($K29+$N29,"") | T29: =IF($L29='11 FORMULAS'!$D$51,$C$8-($C$8*$S$8),$C$8) -> 0.6 | U29: =IF(L29='11 FORMULAS'!$D$53,$D$26-($D$26*$S$26),$D$26) -> 0.6
E30: 5 | I30: =+CONCATENATE(F30," ",G30," ",H30) | K30: =+IFERROR(VLOOKUP($J30,'11 FORMULAS'!$B$51:$C$53,2,0),"") | L30: =+IFERROR(VLOOKUP($J30,'11 FORMULAS'!$B$51:$D$53,3,0),"") | N30: =+IFERROR(VLOOKUP($M30,'11 FORMULAS'!$B$54:$C$55,2,0),"") | S30: =+IFERROR($K30+$N30,"") | T30: =IF($L30='11 FORMULAS'!$D$51,$C$8-($C$8*$S$8),$C$8) -> 0.6 | U30: =IF(L30='11 FORMULAS'!$D$53,$D$26-($D$26*$S$26),$D$26) -> 0.6
E31: 6 | I31: =+CONCATENATE(F31," ",G31," ",H31) | K31: =+IFERROR(VLOOKUP($J31,'11 FORMULAS'!$B$51:$C$53,2,0),"") | L31: =+IFERROR(VLOOKUP($J31,'11 FORMULAS'!$B$51:$D$53,3,0),"") | N31: =+IFERROR(VLOOKUP($M31,'11 FORMULAS'!$B$54:$C$55,2,0),"") | S31: =+IFERROR($K31+$N31,"") | T31: =IF($L31='11 FORMULAS'!$D$51,$C$8-($C$8*$S$8),$C$8) -> 0.6 | U31: =IF(L31='11 FORMULAS'!$D$53,$D$26-($D$26*$S$26),$D$26) -> 0.6
A32: ='2 CONTEXTO E IDENTIFICACIÓN'!A13 -> GEGI-14 | B32: ='2 CONTEXTO E IDENTIFICACIÓN'!J13 -> Posibilidad de pérdida reputacional porsolicitar o recibir dádivas para adelantar trámites ante la Supersolidaria a causa de desconocimiento de los servicios dispuestos por la SES por parte de las entidades de economía solidaria, asociados y ciudadanía en general en la solicitud de trámites. | C32: =+'3 PROBABIL E IMPACTO INHERENTE'!E13 -> 0.4 | D32: =+'3 PROBABIL E IMPACTO INHERENTE'!M13 -> 0.4 | E32: 1 | F32: El Profesional Universitario del GIT de Relacionamiento con la Ciudadanía | G32: Realiza la socialización de los trámites y servicios de la SES a los servidores de la Entidad. | H32: Esto se realiza de manera Trimestral Evidencia: Listados de asistencia, diapositivas, actas de reunión | I32: =+CONCATENATE(F32," ",G32," ",H32) -> El Profesional Universitario del GIT de Relacionamiento con la Ciudadanía Realiza la socialización de los trámites y servicios de la SES a los servidores de la Entidad. Esto se realiza de manera Trimestral Evidencia: Listados de asistencia, diapositivas, actas de reunión | J32: Preventivo | K32: =+IFERROR(VLOOKUP($J32,'11 FORMULAS'!$B$51:$C$53,2,0),"") -> 0.25 | L32: =+IFERROR(VLOOKUP($J32,'11 FORMULAS'!$B$51:$D$53,3,0),"") -> Probabilidad | M32: Manual | N32: =+IFERROR(VLOOKUP($M32,'11 FORMULAS'!$B$54:$C$55,2,0),"") -> 0.15 | O32: Otros Esquemas | P32: Trimestral | Q32: Con registro electrónico | R32: Interna | S32: =+IFERROR($K32+$N32,"") -> 0.4 | T32: =IF($L32='11 FORMULAS'!$D$51,$C$8-($C$8*$S$8),$C$8) -> 0.36 | U32: =IF($L32='11 FORMULAS'!$D$53,$D$32-($D$32*$S$32),$D$32) -> 0.4 | V32: =+IF(T37="","",T37) -> 0.6 | W32: =+IF(U37="","",U37) -> 0.4
E33: 2 | F33: El Coordinador del GIT de Relacionamiento con la Ciudadanía | G33: realiza dos actividades audiovisuales de fomento a la transparencia y la lucha contra la corrupción en donde se divulgue a la ciudadanía las consecuencias de identificar faltas a la honestidad y a la ética del servidor público en la SES. | H33: Esto se realiza de manera Semestral Evidencia: Material audiovisual, link de publicación web. | I33: =+CONCATENATE(F33," ",G33," ",H33) -> El Coordinador del GIT de Relacionamiento con la Ciudadanía realiza dos actividades audiovisuales de fomento a la transparencia y la lucha contra la corrupción en donde se divulgue a la ciudadanía las consecuencias de identificar faltas a la honestidad y a la ética del servidor público en la SES. Esto se realiza de manera Semestral Evidencia: Material audiovisual, link de publicación web. | J33: Preventivo | K33: =+IFERROR(VLOOKUP($J33,'11 FORMULAS'!$B$51:$C$53,2,0),"") -> 0.25 | L33: =+IFERROR(VLOOKUP($J33,'11 FORMULAS'!$B$51:$D$53,3,0),"") -> Probabilidad | M33: Manual | N33: =+IFERROR(VLOOKUP($M33,'11 FORMULAS'!$B$54:$C$55,2,0),"") -> 0.15 | O33: Sistemas de información | P33: Semestral | Q33: Con registro manual | R33: Externa | S33: =+IFERROR($K33+$N33,"") -> 0.4 | T33: =IF($L33='11 FORMULAS'!$D$51,$C$8-($C$8*$S$8),$C$8) -> 0.36 | U33: =IF($L33='11 FORMULAS'!$D$53,$D$32-($D$32*$S$32),$D$32) -> 0.4
E34: 3 | I34: =+CONCATENATE(F34," ",G34," ",H34) | K34: =+IFERROR(VLOOKUP($J34,'11 FORMULAS'!$B$51:$C$53,2,0),"") | L34: =+IFERROR(VLOOKUP($J34,'11 FORMULAS'!$B$51:$D$53,3,0),"") | N34: =+IFERROR(VLOOKUP($M34,'11 FORMULAS'!$B$54:$C$55,2,0),"") | S34: =+IFERROR($K34+$N34,"") | T34: =IF($L34='11 FORMULAS'!$D$51,$C$8-($C$8*$S$8),$C$8) -> 0.6 | U34: =IF($L34='11 FORMULAS'!$D$53,$D$32-($D$32*$S$32),$D$32) -> 0.4
E35: 4 | I35: =+CONCATENATE(F35," ",G35," ",H35) | K35: =+IFERROR(VLOOKUP($J35,'11 FORMULAS'!$B$51:$C$53,2,0),"") | L35: =+IFERROR(VLOOKUP($J35,'11 FORMULAS'!$B$51:$D$53,3,0),"") | N35: =+IFERROR(VLOOKUP($M35,'11 FORMULAS'!$B$54:$C$55,2,0),"") | S35: =+IFERROR($K35+$N35,"") | T35: =IF($L35='11 FORMULAS'!$D$51,$C$8-($C$8*$S$8),$C$8) -> 0.6 | U35: =IF($L35='11 FORMULAS'!$D$53,$D$32-($D$32*$S$32),$D$32) -> 0.4
E36: 5 | I36: =+CONCATENATE(F36," ",G36," ",H36) | K36: =+IFERROR(VLOOKUP($J36,'11 FORMULAS'!$B$51:$C$53,2,0),"") | L36: =+IFERROR(VLOOKUP($J36,'11 FORMULAS'!$B$51:$D$53,3,0),"") | N36: =+IFERROR(VLOOKUP($M36,'11 FORMULAS'!$B$54:$C$55,2,0),"") | S36: =+IFERROR($K36+$N36,"") | T36: =IF($L36='11 FORMULAS'!$D$51,$C$8-($C$8*$S$8),$C$8) -> 0.6 | U36: =IF($L36='11 FORMULAS'!$D$53,$D$32-($D$32*$S$32),$D$32) -> 0.4
E37: 6 | I37: =+CONCATENATE(F37," ",G37," ",H37) | K37: =+IFERROR(VLOOKUP($J37,'11 FORMULAS'!$B$51:$C$53,2,0),"") | L37: =+IFERROR(VLOOKUP($J37,'11 FORMULAS'!$B$51:$D$53,3,0),"") | N37: =+IFERROR(VLOOKUP($M37,'11 FORMULAS'!$B$54:$C$55,2,0),"") | S37: =+IFERROR($K37+$N37,"") | T37: =IF($L37='11 FORMULAS'!$D$51,$C$8-($C$8*$S$8),$C$8) -> 0.6 | U37: =IF($L37='11 FORMULAS'!$D$53,$D$32-($D$32*$S$32),$D$32) -> 0.4
A38: ='2 CONTEXTO E IDENTIFICACIÓN'!A14 -> GEGI-15 | B38: =+'2 CONTEXTO E IDENTIFICACIÓN'!J14 -> Posibilidad de pérdida reputacional porfalta de interiorización de los valores institucionales señalados en el Código de Integridad por parte de los servidores de la entidad a causa de desconocimiento y/o falta de apropiación de la politica de conflictos de interés de la SES lo que podria generar recibir beneficios particulares o para un tercero por suministrar a traves de los canales de atención y comunicación de la SES información especifica de alguna organización solidaria vigilada o sus asociados. | C38: =+'3 PROBABIL E IMPACTO INHERENTE'!E14 -> 0.4 | D38: =+'3 PROBABIL E IMPACTO INHERENTE'!M14 -> 0.2 | E38: 1 | F38: El Coordinador de comunicaciones | G38: diseña e implementa estrategias de comunicación interna para promover los valores institucionales de acuerdo a lo establecido en el codigo de integridad de los funcionarios de la SES. | H38: Esto se realiza de manera mensual Evidencia: Piezas gráficas diseñadas. | I38: =+CONCATENATE(F38," ",G38," ",H38) -> El Coordinador de comunicaciones diseña e implementa estrategias de comunicación interna para promover los valores institucionales de acuerdo a lo establecido en el codigo de integridad de los funcionarios de la SES. Esto se realiza de manera mensual Evidencia: Piezas gráficas diseñadas. | J38: Preventivo | K38: =+IFERROR(VLOOKUP($J38,'11 FORMULAS'!$B$51:$C$53,2,0),"") -> 0.25 | L38: =+IFERROR(VLOOKUP($J38,'11 FORMULAS'!$B$51:$D$53,3,0),"") -> Probabilidad | M38: Automático | N38: =+IFERROR(VLOOKUP($M38,'11 FORMULAS'!$B$54:$C$55,2,0),"") -> 0.25 | O38: Sistemas de información | P38: Mensual | Q38: Con registro manual | R38: Externa | S38: =+IFERROR($K38+$N38,"") -> 0.5 | T38: =IF($L38='11 FORMULAS'!$D$51,$C$8-($C$8*$S$8),$C$8) -> 0.36 | U38: =IF($L38='11 FORMULAS'!$D$53,$D$38-($D$38*$S$38),$D$38) -> 0.2 | V38: =+IF(T43="","",T43) -> 0.6 | W38: =+IF(U43="","",U43) -> 0.2
E39: 2 | I39: =+CONCATENATE(F39," ",G39," ",H39) | J39: Preventivo | K39: =+IFERROR(VLOOKUP($J39,'11 FORMULAS'!$B$51:$C$53,2,0),"") -> 0.25 | L39: =+IFERROR(VLOOKUP($J39,'11 FORMULAS'!$B$51:$D$53,3,0),"") -> Probabilidad | M39: Automático | N39: =+IFERROR(VLOOKUP($M39,'11 FORMULAS'!$B$54:$C$55,2,0),"") -> 0.25 | O39: Sistemas de información | P39: Mensual | Q39: Con registro manual | R39: Externa | S39: =+IFERROR($K39+$N39,"") -> 0.5 | T39: =IF($L39='11 FORMULAS'!$D$51,$C$8-($C$8*$S$8),$C$8) -> 0.36 | U39: =IF($L39='11 FORMULAS'!$D$53,$D$38-($D$38*$S$38),$D$38) -> 0.2
E40: 3 | I40: =+CONCATENATE(F40," ",G40," ",H40) | K40: =+IFERROR(VLOOKUP($J40,'11 FORMULAS'!$B$51:$C$53,2,0),"") | L40: =+IFERROR(VLOOKUP($J40,'11 FORMULAS'!$B$51:$D$53,3,0),"") | N40: =+IFERROR(VLOOKUP($M40,'11 FORMULAS'!$B$54:$C$55,2,0),"") | S40: =+IFERROR($K40+$N40,"") | T40: =IF($L40='11 FORMULAS'!$D$51,$C$8-($C$8*$S$8),$C$8) -> 0.6 | U40: =IF($L40='11 FORMULAS'!$D$53,$D$38-($D$38*$S$38),$D$38) -> 0.2
E41: 4 | I41: =+CONCATENATE(F41," ",G41," ",H41) | K41: =+IFERROR(VLOOKUP($J41,'11 FORMULAS'!$B$51:$C$53,2,0),"") | L41: =+IFERROR(VLOOKUP($J41,'11 FORMULAS'!$B$51:$D$53,3,0),"") | N41: =+IFERROR(VLOOKUP($M41,'11 FORMULAS'!$B$54:$C$55,2,0),"") | S41: =+IFERROR($K41+$N41,"") | T41: =IF($L41='11 FORMULAS'!$D$51,$C$8-($C$8*$S$8),$C$8) -> 0.6 | U41: =IF($L41='11 FORMULAS'!$D$53,$D$38-($D$38*$S$38),$D$38) -> 0.2
E42: 5 | I42: =+CONCATENATE(F42," ",G42," ",H42) | K42: =+IFERROR(VLOOKUP($J42,'11 FORMULAS'!$B$51:$C$53,2,0),"") | L42: =+IFERROR(VLOOKUP($J42,'11 FORMULAS'!$B$51:$D$53,3,0),"") | N42: =+IFERROR(VLOOKUP($M42,'11 FORMULAS'!$B$54:$C$55,2,0),"") | S42: =+IFERROR($K42+$N42,"") | T42: =IF($L42='11 FORMULAS'!$D$51,$C$8-($C$8*$S$8),$C$8) -> 0.6 | U42: =IF($L42='11 FORMULAS'!$D$53,$D$38-($D$38*$S$38),$D$38) -> 0.2
E43: 6 | I43: =+CONCATENATE(F43," ",G43," ",H43) | K43: =+IFERROR(VLOOKUP($J43,'11 FORMULAS'!$B$51:$C$53,2,0),"") | L43: =+IFERROR(VLOOKUP($J43,'11 FORMULAS'!$B$51:$D$53,3,0),"") | N43: =+IFERROR(VLOOKUP($M43,'11 FORMULAS'!$B$54:$C$55,2,0),"") | S43: =+IFERROR($K43+$N43,"") | T43: =IF($L43='11 FORMULAS'!$D$51,$C$8-($C$8*$S$8),$C$8) -> 0.6 | U43: =IF($L43='11 FORMULAS'!$D$53,$D$38-($D$38*$S$38),$D$38) -> 0.2
A44: ='2 CONTEXTO E IDENTIFICACIÓN'!A15 -> GEGI-12 | B44: =+'2 CONTEXTO E IDENTIFICACIÓN'!J15 -> Posibilidad de pérdida reputacional porrecibir un beneficio particular o para un tercero a causa de suministrar a través de los canales de atención y comunicación de la SES información especifica de alguna organización solidaria vigilada o sus asociados. | C44: =+'3 PROBABIL E IMPACTO INHERENTE'!E15 -> 0.4 | D44: =+'3 PROBABIL E IMPACTO INHERENTE'!M15 -> 0.2 | E44: 1 | F44: El Coordinador de comunicaciones | G44: ejecutar el cronograma de la estrategia de comunicaciones para el PTEP | H44: Esto se realiza de manera mensual Evidencia: Pieza gráfica o audiovisual diseñada. | I44: =+CONCATENATE(F44," ",G44," ",H44) -> El Coordinador de comunicaciones ejecutar el cronograma de la estrategia de comunicaciones para el PTEP Esto se realiza de manera mensual Evidencia: Pieza gráfica o audiovisual diseñada. | J44: Preventivo | K44: =+IFERROR(VLOOKUP($J44,'11 FORMULAS'!$B$51:$C$53,2,0),"") -> 0.25 | L44: =+IFERROR(VLOOKUP($J44,'11 FORMULAS'!$B$51:$D$53,3,0),"") -> Probabilidad | M44: Automático | N44: =+IFERROR(VLOOKUP($M44,'11 FORMULAS'!$B$54:$C$55,2,0),"") -> 0.25 | O44: Sistemas de información | P44: Mensual | Q44: Con registro manual | R44: Externa | S44: =+IFERROR($K44+$N44,"") -> 0.5 | T44: =IF($L44='11 FORMULAS'!$D$51,$C$8-($C$8*$S$8),$C$8) -> 0.36 | U44: =IF($L44='11 FORMULAS'!$D$53,$D$44-($D$44*$S$44),$D$44) -> 0.2 | V44: =+IF(T49="","",T49) -> 0.6 | W44: =+IF(U49="","",U49) -> 0.2
E45: 2 | I45: =+CONCATENATE(F45," ",G45," ",H45) | K45: =+IFERROR(VLOOKUP($J45,'11 FORMULAS'!$B$51:$C$53,2,0),"") | L45: =+IFERROR(VLOOKUP($J45,'11 FORMULAS'!$B$51:$D$53,3,0),"") | N45: =+IFERROR(VLOOKUP($M45,'11 FORMULAS'!$B$54:$C$55,2,0),"") | S45: =+IFERROR($K45+$N45,"") | T45: =IF($L45='11 FORMULAS'!$D$51,$C$8-($C$8*$S$8),$C$8) -> 0.6 | U45: =IF($L45='11 FORMULAS'!$D$53,$D$44-($D$44*$S$44),$D$44) -> 0.2
E46: 3 | I46: =+CONCATENATE(F46," ",G46," ",H46) | K46: =+IFERROR(VLOOKUP($J46,'11 FORMULAS'!$B$51:$C$53,2,0),"") | L46: =+IFERROR(VLOOKUP($J46,'11 FORMULAS'!$B$51:$D$53,3,0),"") | N46: =+IFERROR(VLOOKUP($M46,'11 FORMULAS'!$B$54:$C$55,2,0),"") | S46: =+IFERROR($K46+$N46,"") | T46: =IF($L46='11 FORMULAS'!$D$51,$C$8-($C$8*$S$8),$C$8) -> 0.6 | U46: =IF($L46='11 FORMULAS'!$D$53,$D$44-($D$44*$S$44),$D$44) -> 0.2
E47: 4 | I47: =+CONCATENATE(F47," ",G47," ",H47) | K47: =+IFERROR(VLOOKUP($J47,'11 FORMULAS'!$B$51:$C$53,2,0),"") | L47: =+IFERROR(VLOOKUP($J47,'11 FORMULAS'!$B$51:$D$53,3,0),"") | N47: =+IFERROR(VLOOKUP($M47,'11 FORMULAS'!$B$54:$C$55,2,0),"") | S47: =+IFERROR($K47+$N47,"") | T47: =IF($L47='11 FORMULAS'!$D$51,$C$8-($C$8*$S$8),$C$8) -> 0.6 | U47: =IF($L47='11 FORMULAS'!$D$53,$D$44-($D$44*$S$44),$D$44) -> 0.2
E48: 5 | I48: =+CONCATENATE(F48," ",G48," ",H48) | K48: =+IFERROR(VLOOKUP($J48,'11 FORMULAS'!$B$51:$C$53,2,0),"") | L48: =+IFERROR(VLOOKUP($J48,'11 FORMULAS'!$B$51:$D$53,3,0),"") | N48: =+IFERROR(VLOOKUP($M48,'11 FORMULAS'!$B$54:$C$55,2,0),"") | S48: =+IFERROR($K48+$N48,"") | T48: =IF($L48='11 FORMULAS'!$D$51,$C$8-($C$8*$S$8),$C$8) -> 0.6 | U48: =IF($L48='11 FORMULAS'!$D$53,$D$44-($D$44*$S$44),$D$44) -> 0.2
E49: 6 | I49: =+CONCATENATE(F49," ",G49," ",H49) | K49: =+IFERROR(VLOOKUP($J49,'11 FORMULAS'!$B$51:$C$53,2,0),"") | L49: =+IFERROR(VLOOKUP($J49,'11 FORMULAS'!$B$51:$D$53,3,0),"") | N49: =+IFERROR(VLOOKUP($M49,'11 FORMULAS'!$B$54:$C$55,2,0),"") | S49: =+IFERROR($K49+$N49,"") | T49: =IF($L49='11 FORMULAS'!$D$51,$C$8-($C$8*$S$8),$C$8) -> 0.6 | U49: =IF($L49='11 FORMULAS'!$D$53,$D$44-($D$44*$S$44),$D$44) -> 0.2
C50: =+'3 PROBABIL E IMPACTO INHERENTE'!E16 | D50: =+'3 PROBABIL E IMPACTO INHERENTE'!M16 | E50: 1 | I50: =+CONCATENATE(F50," ",G50," ",H50) | K50: =+IFERROR(VLOOKUP($J50,'11 FORMULAS'!$B$51:$C$53,2,0),"") | L50: =+IFERROR(VLOOKUP($J50,'11 FORMULAS'!$B$51:$D$53,3,0),"") | N50: =+IFERROR(VLOOKUP($M50,'11 FORMULAS'!$B$54:$C$55,2,0),"") | S50: =+IFERROR($K50+$N50,"") | T50: =IF($L50='11 FORMULAS'!$D$51,$C$8-($C$8*$S$8),$C$8) -> 0.6 | U50: =IF($L50='11 FORMULAS'!$D$53,$D$50-($D$50*$S$50),$D$50) | V50: =+IF(T55="","",T55) -> 0.6 | W50: =+IF(U55="","",U55)
E51: 2 | I51: =+CONCATENATE(F51," ",G51," ",H51) | K51: =+IFERROR(VLOOKUP($J51,'11 FORMULAS'!$B$51:$C$53,2,0),"") | L51: =+IFERROR(VLOOKUP($J51,'11 FORMULAS'!$B$51:$D$53,3,0),"") | N51: =+IFERROR(VLOOKUP($M51,'11 FORMULAS'!$B$54:$C$55,2,0),"") | S51: =+IFERROR($K51+$N51,"") | T51: =IF($L51='11 FORMULAS'!$D$51,$C$8-($C$8*$S$8),$C$8) -> 0.6 | U51: =IF($L51='11 FORMULAS'!$D$53,$D$50-($D$50*$S$50),$D$50)
E52: 3 | I52: =+CONCATENATE(F52," ",G52," ",H52) | K52: =+IFERROR(VLOOKUP($J52,'11 FORMULAS'!$B$51:$C$53,2,0),"") | L52: =+IFERROR(VLOOKUP($J52,'11 FORMULAS'!$B$51:$D$53,3,0),"") | N52: =+IFERROR(VLOOKUP($M52,'11 FORMULAS'!$B$54:$C$55,2,0),"") | S52: =+IFERROR($K52+$N52,"") | T52: =IF($L52='11 FORMULAS'!$D$51,$C$8-($C$8*$S$8),$C$8) -> 0.6 | U52: =IF($L52='11 FORMULAS'!$D$53,$D$50-($D$50*$S$50),$D$50)
E53: 4 | I53: =+CONCATENATE(F53," ",G53," ",H53) | K53: =+IFERROR(VLOOKUP($J53,'11 FORMULAS'!$B$51:$C$53,2,0),"") | L53: =+IFERROR(VLOOKUP($J53,'11 FORMULAS'!$B$51:$D$53,3,0),"") | N53: =+IFERROR(VLOOKUP($M53,'11 FORMULAS'!$B$54:$C$55,2,0),"") | S53: =+IFERROR($K53+$N53,"") | T53: =IF($L53='11 FORMULAS'!$D$51,$C$8-($C$8*$S$8),$C$8) -> 0.6 | U53: =IF($L53='11 FORMULAS'!$D$53,$D$50-($D$50*$S$50),$D$50)
E54: 5 | I54: =+CONCATENATE(F54," ",G54," ",H54) | K54: =+IFERROR(VLOOKUP($J54,'11 FORMULAS'!$B$51:$C$53,2,0),"") | L54: =+IFERROR(VLOOKUP($J54,'11 FORMULAS'!$B$51:$D$53,3,0),"") | N54: =+IFERROR(VLOOKUP($M54,'11 FORMULAS'!$B$54:$C$55,2,0),"") | S54: =+IFERROR($K54+$N54,"") | T54: =IF($L54='11 FORMULAS'!$D$51,$C$8-($C$8*$S$8),$C$8) -> 0.6 | U54: =IF($L54='11 FORMULAS'!$D$53,$D$50-($D$50*$S$50),$D$50)
E55: 6 | I55: =+CONCATENATE(F55," ",G55," ",H55) | K55: =+IFERROR(VLOOKUP($J55,'11 FORMULAS'!$B$51:$C$53,2,0),"") | L55: =+IFERROR(VLOOKUP($J55,'11 FORMULAS'!$B$51:$D$53,3,0),"") | N55: =+IFERROR(VLOOKUP($M55,'11 FORMULAS'!$B$54:$C$55,2,0),"") | S55: =+IFERROR($K55+$N55,"") | T55: =IF($L55='11 FORMULAS'!$D$51,$C$8-($C$8*$S$8),$C$8) -> 0.6 | U55: =IF($L55='11 FORMULAS'!$D$53,$D$50-($D$50*$S$50),$D$50)
B56: =+'2 CONTEXTO E IDENTIFICACIÓN'!J21 -> por a causa de | C56: =+'3 PROBABIL E IMPACTO INHERENTE'!E17 | D56: =+'3 PROBABIL E IMPACTO INHERENTE'!M17 | E56: 1 | I56: =+CONCATENATE(F56," ",G56," ",H56) | K56: =+IFERROR(VLOOKUP($J56,'11 FORMULAS'!$B$51:$C$53,2,0),"") | L56: =+IFERROR(VLOOKUP($J56,'11 FORMULAS'!$B$51:$D$53,3,0),"") | N56: =+IFERROR(VLOOKUP($M56,'11 FORMULAS'!$B$54:$C$55,2,0),"") | S56: =+IFERROR($K56+$N56,"") | T56: =IF($L56='11 FORMULAS'!$D$51,$C$8-($C$8*$S$8),$C$8) -> 0.6 | U56: =IF($L56='11 FORMULAS'!$D$53,$D$56-($D$56*$S$56),$D$56) | V56: =+IF(T61="","",T61) -> 0.6 | W56: =+IF(U61="","",U61)
E57: 2 | I57: =+CONCATENATE(F57," ",G57," ",H57) | K57: =+IFERROR(VLOOKUP($J57,'11 FORMULAS'!$B$51:$C$53,2,0),"") | L57: =+IFERROR(VLOOKUP($J57,'11 FORMULAS'!$B$51:$D$53,3,0),"") | N57: =+IFERROR(VLOOKUP($M57,'11 FORMULAS'!$B$54:$C$55,2,0),"") | S57: =+IFERROR($K57+$N57,"") | T57: =IF($L57='11 FORMULAS'!$D$51,$C$8-($C$8*$S$8),$C$8) -> 0.6 | U57: =IF($L57='11 FORMULAS'!$D$53,$D$56-($D$56*$S$56),$D$56)
E58: 3 | I58: =+CONCATENATE(F58," ",G58," ",H58) | K58: =+IFERROR(VLOOKUP($J58,'11 FORMULAS'!$B$51:$C$53,2,0),"") | L58: =+IFERROR(VLOOKUP($J58,'11 FORMULAS'!$B$51:$D$53,3,0),"") | N58: =+IFERROR(VLOOKUP($M58,'11 FORMULAS'!$B$54:$C$55,2,0),"") | S58: =+IFERROR($K58+$N58,"") | T58: =IF($L58='11 FORMULAS'!$D$51,$C$8-($C$8*$S$8),$C$8) -> 0.6 | U58: =IF($L58='11 FORMULAS'!$D$53,$D$56-($D$56*$S$56),$D$56)
E59: 4 | I59: =+CONCATENATE(F59," ",G59," ",H59) | K59: =+IFERROR(VLOOKUP($J59,'11 FORMULAS'!$B$51:$C$53,2,0),"") | L59: =+IFERROR(VLOOKUP($J59,'11 FORMULAS'!$B$51:$D$53,3,0),"") | N59: =+IFERROR(VLOOKUP($M59,'11 FORMULAS'!$B$54:$C$55,2,0),"") | S59: =+IFERROR($K59+$N59,"") | T59: =IF($L59='11 FORMULAS'!$D$51,$C$8-($C$8*$S$8),$C$8) -> 0.6 | U59: =IF($L59='11 FORMULAS'!$D$53,$D$56-($D$56*$S$56),$D$56)
E60: 5 | I60: =+CONCATENATE(F60," ",G60," ",H60) | K60: =+IFERROR(VLOOKUP($J60,'11 FORMULAS'!$B$51:$C$53,2,0),"") | L60: =+IFERROR(VLOOKUP($J60,'11 FORMULAS'!$B$51:$D$53,3,0),"") | N60: =+IFERROR(VLOOKUP($M60,'11 FORMULAS'!$B$54:$C$55,2,0),"") | S60: =+IFERROR($K60+$N60,"") | T60: =IF($L60='11 FORMULAS'!$D$51,$C$8-($C$8*$S$8),$C$8) -> 0.6 | U60: =IF($L60='11 FORMULAS'!$D$53,$D$56-($D$56*$S$56),$D$56)
E61: 6 | I61: =+CONCATENATE(F61," ",G61," ",H61) | K61: =+IFERROR(VLOOKUP($J61,'11 FORMULAS'!$B$51:$C$53,2,0),"") | L61: =+IFERROR(VLOOKUP($J61,'11 FORMULAS'!$B$51:$D$53,3,0),"") | N61: =+IFERROR(VLOOKUP($M61,'11 FORMULAS'!$B$54:$C$55,2,0),"") | S61: =+IFERROR($K61+$N61,"") | T61: =IF($L61='11 FORMULAS'!$D$51,$C$8-($C$8*$S$8),$C$8) -> 0.6 | U61: =IF($L61='11 FORMULAS'!$D$53,$D$56-($D$56*$S$56),$D$56)
B62: =+'2 CONTEXTO E IDENTIFICACIÓN'!J27 -> 0 | C62: =+'3 PROBABIL E IMPACTO INHERENTE'!E18 | D62: =+'3 PROBABIL E IMPACTO INHERENTE'!M18 | E62: 1 | I62: =+CONCATENATE(F62," ",G62," ",H62) | K62: =+IFERROR(VLOOKUP($J62,'11 FORMULAS'!$B$51:$C$53,2,0),"") | L62: =+IFERROR(VLOOKUP($J62,'11 FORMULAS'!$B$51:$D$53,3,0),"") | N62: =+IFERROR(VLOOKUP($M62,'11 FORMULAS'!$B$54:$C$55,2,0),"") | S62: =+IFERROR($K62+$N62,"") | T62: =IF($L62='11 FORMULAS'!$D$51,$C$8-($C$8*$S$8),$C$8) -> 0.6 | U62: =IF($L62='11 FORMULAS'!$D$53,$D$62-($D$62*$S$62),$D$62) | V62: =+IF(T67="","",T67) -> 0.6 | W62: =+IF(U67="","",U67)
E63: 2 | I63: =+CONCATENATE(F63," ",G63," ",H63) | K63: =+IFERROR(VLOOKUP($J63,'11 FORMULAS'!$B$51:$C$53,2,0),"") | L63: =+IFERROR(VLOOKUP($J63,'11 FORMULAS'!$B$51:$D$53,3,0),"") | N63: =+IFERROR(VLOOKUP($M63,'11 FORMULAS'!$B$54:$C$55,2,0),"") | S63: =+IFERROR($K63+$N63,"") | T63: =IF($L63='11 FORMULAS'!$D$51,$C$8-($C$8*$S$8),$C$8) -> 0.6 | U63: =IF($L63='11 FORMULAS'!$D$53,$D$62-($D$62*$S$62),$D$62)
E64: 3 | I64: =+CONCATENATE(F64," ",G64," ",H64) | K64: =+IFERROR(VLOOKUP($J64,'11 FORMULAS'!$B$51:$C$53,2,0),"") | L64: =+IFERROR(VLOOKUP($J64,'11 FORMULAS'!$B$51:$D$53,3,0),"") | N64: =+IFERROR(VLOOKUP($M64,'11 FORMULAS'!$B$54:$C$55,2,0),"") | S64: =+IFERROR($K64+$N64,"") | T64: =IF($L64='11 FORMULAS'!$D$51,$C$8-($C$8*$S$8),$C$8) -> 0.6 | U64: =IF($L64='11 FORMULAS'!$D$53,$D$62-($D$62*$S$62),$D$62)
E65: 4 | I65: =+CONCATENATE(F65," ",G65," ",H65) | K65: =+IFERROR(VLOOKUP($J65,'11 FORMULAS'!$B$51:$C$53,2,0),"") | L65: =+IFERROR(VLOOKUP($J65,'11 FORMULAS'!$B$51:$D$53,3,0),"") | N65: =+IFERROR(VLOOKUP($M65,'11 FORMULAS'!$B$54:$C$55,2,0),"") | S65: =+IFERROR($K65+$N65,"") | T65: =IF($L65='11 FORMULAS'!$D$51,$C$8-($C$8*$S$8),$C$8) -> 0.6 | U65: =IF($L65='11 FORMULAS'!$D$53,$D$62-($D$62*$S$62),$D$62)
E66: 5 | I66: =+CONCATENATE(F66," ",G66," ",H66) | K66: =+IFERROR(VLOOKUP($J66,'11 FORMULAS'!$B$51:$C$53,2,0),"") | L66: =+IFERROR(VLOOKUP($J66,'11 FORMULAS'!$B$51:$D$53,3,0),"") | N66: =+IFERROR(VLOOKUP($M66,'11 FORMULAS'!$B$54:$C$55,2,0),"") | S66: =+IFERROR($K66+$N66,"") | T66: =IF($L66='11 FORMULAS'!$D$51,$C$8-($C$8*$S$8),$C$8) -> 0.6 | U66: =IF($L66='11 FORMULAS'!$D$53,$D$62-($D$62*$S$62),$D$62)
E67: 6 | I67: =+CONCATENATE(F67," ",G67," ",H67) | K67: =+IFERROR(VLOOKUP($J67,'11 FORMULAS'!$B$51:$C$53,2,0),"") | L67: =+IFERROR(VLOOKUP($J67,'11 FORMULAS'!$B$51:$D$53,3,0),"") | N67: =+IFERROR(VLOOKUP($M67,'11 FORMULAS'!$B$54:$C$55,2,0),"") | S67: =+IFERROR($K67+$N67,"") | T67: =IF($L67='11 FORMULAS'!$D$51,$C$8-($C$8*$S$8),$C$8) -> 0.6 | U67: =IF($L67='11 FORMULAS'!$D$53,$D$62-($D$62*$S$62),$D$62)
A68: ='2 CONTEXTO E IDENTIFICACIÓN'!A16 -> R8 | B68: =+'2 CONTEXTO E IDENTIFICACIÓN'!J16 -> por a causa de | C68: =+'3 PROBABIL E IMPACTO INHERENTE'!E19 | D68: =+'3 PROBABIL E IMPACTO INHERENTE'!M19 | E68: 1 | I68: =+CONCATENATE(F68," ",G68," ",H68) | K68: =+IFERROR(VLOOKUP($J68,'11 FORMULAS'!$B$51:$C$53,2,0),"") | L68: =+IFERROR(VLOOKUP($J68,'11 FORMULAS'!$B$51:$D$53,3,0),"") | N68: =+IFERROR(VLOOKUP($M68,'11 FORMULAS'!$B$54:$C$55,2,0),"") | S68: =+IFERROR($K68+$N68,"") | T68: =IF($L68='11 FORMULAS'!$D$51,$C$8-($C$8*$S$8),$C$8) -> 0.6 | U68: =IF($L68='11 FORMULAS'!$D$53,$D$68-($D$68*$S$68),$D$68) | V68: =+IF(T73="","",T73) -> 0.6 | W68: =+IF(U73="","",U73)
E69: 2 | I69: =+CONCATENATE(F69," ",G69," ",H69) | K69: =+IFERROR(VLOOKUP($J69,'11 FORMULAS'!$B$51:$C$53,2,0),"") | L69: =+IFERROR(VLOOKUP($J69,'11 FORMULAS'!$B$51:$D$53,3,0),"") | N69: =+IFERROR(VLOOKUP($M69,'11 FORMULAS'!$B$54:$C$55,2,0),"") | S69: =+IFERROR($K69+$N69,"") | T69: =IF($L69='11 FORMULAS'!$D$51,$C$8-($C$8*$S$8),$C$8) -> 0.6 | U69: =IF($L69='11 FORMULAS'!$D$53,$D$68-($D$68*$S$68),$D$68)
E70: 3 | I70: =+CONCATENATE(F70," ",G70," ",H70) | K70: =+IFERROR(VLOOKUP($J70,'11 FORMULAS'!$B$51:$C$53,2,0),"") | L70: =+IFERROR(VLOOKUP($J70,'11 FORMULAS'!$B$51:$D$53,3,0),"") | N70: =+IFERROR(VLOOKUP($M70,'11 FORMULAS'!$B$54:$C$55,2,0),"") | S70: =+IFERROR($K70+$N70,"") | T70: =IF($L70='11 FORMULAS'!$D$51,$C$8-($C$8*$S$8),$C$8) -> 0.6 | U70: =IF($L70='11 FORMULAS'!$D$53,$D$68-($D$68*$S$68),$D$68)
E71: 4 | I71: =+CONCATENATE(F71," ",G71," ",H71) | K71: =+IFERROR(VLOOKUP($J71,'11 FORMULAS'!$B$51:$C$53,2,0),"") | L71: =+IFERROR(VLOOKUP($J71,'11 FORMULAS'!$B$51:$D$53,3,0),"") | N71: =+IFERROR(VLOOKUP($M71,'11 FORMULAS'!$B$54:$C$55,2,0),"") | S71: =+IFERROR($K71+$N71,"") | T71: =IF($L71='11 FORMULAS'!$D$51,$C$8-($C$8*$S$8),$C$8) -> 0.6 | U71: =IF($L71='11 FORMULAS'!$D$53,$D$68-($D$68*$S$68),$D$68)
E72: 5 | I72: =+CONCATENATE(F72," ",G72," ",H72) | K72: =+IFERROR(VLOOKUP($J72,'11 FORMULAS'!$B$51:$C$53,2,0),"") | L72: =+IFERROR(VLOOKUP($J72,'11 FORMULAS'!$B$51:$D$53,3,0),"") | N72: =+IFERROR(VLOOKUP($M72,'11 FORMULAS'!$B$54:$C$55,2,0),"") | S72: =+IFERROR($K72+$N72,"") | T72: =IF($L72='11 FORMULAS'!$D$51,$C$8-($C$8*$S$8),$C$8) -> 0.6 | U72: =IF($L72='11 FORMULAS'!$D$53,$D$68-($D$68*$S$68),$D$68)
E73: 6 | I73: =+CONCATENATE(F73," ",G73," ",H73) | K73: =+IFERROR(VLOOKUP($J73,'11 FORMULAS'!$B$51:$C$53,2,0),"") | L73: =+IFERROR(VLOOKUP($J73,'11 FORMULAS'!$B$51:$D$53,3,0),"") | N73: =+IFERROR(VLOOKUP($M73,'11 FORMULAS'!$B$54:$C$55,2,0),"") | S73: =+IFERROR($K73+$N73,"") | T73: =IF($L73='11 FORMULAS'!$D$51,$C$8-($C$8*$S$8),$C$8) -> 0.6 | U73: =IF($L73='11 FORMULAS'!$D$53,$D$68-($D$68*$S$68),$D$68)
A74: ='2 CONTEXTO E IDENTIFICACIÓN'!A17 -> R9 | B74: =+'2 CONTEXTO E IDENTIFICACIÓN'!J17 -> por a causa de | C74: =+'3 PROBABIL E IMPACTO INHERENTE'!E20 | D74: =+'3 PROBABIL E IMPACTO INHERENTE'!M20 | E74: 1 | I74: =+CONCATENATE(F74," ",G74," ",H74) | K74: =+IFERROR(VLOOKUP($J74,'11 FORMULAS'!$B$51:$C$53,2,0),"") | L74: =+IFERROR(VLOOKUP($J74,'11 FORMULAS'!$B$51:$D$53,3,0),"") | N74: =+IFERROR(VLOOKUP($M74,'11 FORMULAS'!$B$54:$C$55,2,0),"") | S74: =+IFERROR($K74+$N74,"") | T74: =IF($L74='11 FORMULAS'!$D$51,$C$8-($C$8*$S$8),$C$8) -> 0.6 | U74: =IF($L74='11 FORMULAS'!$D$53,$D$74-($D$74*$S$74),$D$74) | V74: =+IF(T79="","",T79) -> 0.6 | W74: =+IF(U79="","",U79)
E75: 2 | I75: =+CONCATENATE(F75," ",G75," ",H75) | K75: =+IFERROR(VLOOKUP($J75,'11 FORMULAS'!$B$51:$C$53,2,0),"") | L75: =+IFERROR(VLOOKUP($J75,'11 FORMULAS'!$B$51:$D$53,3,0),"") | N75: =+IFERROR(VLOOKUP($M75,'11 FORMULAS'!$B$54:$C$55,2,0),"") | S75: =+IFERROR($K75+$N75,"") | T75: =IF($L75='11 FORMULAS'!$D$51,$C$8-($C$8*$S$8),$C$8) -> 0.6 | U75: =IF($L75='11 FORMULAS'!$D$53,$D$74-($D$74*$S$74),$D$74)
E76: 3 | I76: =+CONCATENATE(F76," ",G76," ",H76) | K76: =+IFERROR(VLOOKUP($J76,'11 FORMULAS'!$B$51:$C$53,2,0),"") | L76: =+IFERROR(VLOOKUP($J76,'11 FORMULAS'!$B$51:$D$53,3,0),"") | N76: =+IFERROR(VLOOKUP($M76,'11 FORMULAS'!$B$54:$C$55,2,0),"") | S76: =+IFERROR($K76+$N76,"") | T76: =IF($L76='11 FORMULAS'!$D$51,$C$8-($C$8*$S$8),$C$8) -> 0.6 | U76: =IF($L76='11 FORMULAS'!$D$53,$D$74-($D$74*$S$74),$D$74)
E77: 4 | I77: =+CONCATENATE(F77," ",G77," ",H77) | K77: =+IFERROR(VLOOKUP($J77,'11 FORMULAS'!$B$51:$C$53,2,0),"") | L77: =+IFERROR(VLOOKUP($J77,'11 FORMULAS'!$B$51:$D$53,3,0),"") | N77: =+IFERROR(VLOOKUP($M77,'11 FORMULAS'!$B$54:$C$55,2,0),"") | S77: =+IFERROR($K77+$N77,"") | T77: =IF($L77='11 FORMULAS'!$D$51,$C$8-($C$8*$S$8),$C$8) -> 0.6 | U77: =IF($L77='11 FORMULAS'!$D$53,$D$74-($D$74*$S$74),$D$74)
E78: 5 | I78: =+CONCATENATE(F78," ",G78," ",H78) | K78: =+IFERROR(VLOOKUP($J78,'11 FORMULAS'!$B$51:$C$53,2,0),"") | L78: =+IFERROR(VLOOKUP($J78,'11 FORMULAS'!$B$51:$D$53,3,0),"") | N78: =+IFERROR(VLOOKUP($M78,'11 FORMULAS'!$B$54:$C$55,2,0),"") | S78: =+IFERROR($K78+$N78,"") | T78: =IF($L78='11 FORMULAS'!$D$51,$C$8-($C$8*$S$8),$C$8) -> 0.6 | U78: =IF($L78='11 FORMULAS'!$D$53,$D$74-($D$74*$S$74),$D$74)
E79: 6 | I79: =+CONCATENATE(F79," ",G79," ",H79) | K79: =+IFERROR(VLOOKUP($J79,'11 FORMULAS'!$B$51:$C$53,2,0),"") | L79: =+IFERROR(VLOOKUP($J79,'11 FORMULAS'!$B$51:$D$53,3,0),"") | N79: =+IFERROR(VLOOKUP($M79,'11 FORMULAS'!$B$54:$C$55,2,0),"") | S79: =+IFERROR($K79+$N79,"") | T79: =IF($L79='11 FORMULAS'!$D$51,$C$8-($C$8*$S$8),$C$8) -> 0.6 | U79: =IF($L79='11 FORMULAS'!$D$53,$D$74-($D$74*$S$74),$D$74)
A80: ='2 CONTEXTO E IDENTIFICACIÓN'!A18 -> R10 | B80: =+'2 CONTEXTO E IDENTIFICACIÓN'!J18 -> por a causa de | C80: =+'3 PROBABIL E IMPACTO INHERENTE'!E21 | D80: =+'3 PROBABIL E IMPACTO INHERENTE'!M21 | E80: 1 | I80: =+CONCATENATE(F80," ",G80," ",H80) | K80: =+IFERROR(VLOOKUP($J80,'11 FORMULAS'!$B$51:$C$53,2,0),"") | L80: =+IFERROR(VLOOKUP($J80,'11 FORMULAS'!$B$51:$D$53,3,0),"") | N80: =+IFERROR(VLOOKUP($M80,'11 FORMULAS'!$B$54:$C$55,2,0),"") | S80: =+IFERROR($K80+$N80,"") | T80: =IF($L80='11 FORMULAS'!$D$51,$C$8-($C$8*$S$8),$C$8) -> 0.6 | U80: =IF($L80='11 FORMULAS'!$D$53,$D$80-($D$80*$S$80),$D$80) | V80: =+IF(T85="","",T85) -> 0.6 | W80: =+IF(U85="","",U85)
E81: 2 | I81: =+CONCATENATE(F81," ",G81," ",H81) | K81: =+IFERROR(VLOOKUP($J81,'11 FORMULAS'!$B$51:$C$53,2,0),"") | L81: =+IFERROR(VLOOKUP($J81,'11 FORMULAS'!$B$51:$D$53,3,0),"") | N81: =+IFERROR(VLOOKUP($M81,'11 FORMULAS'!$B$54:$C$55,2,0),"") | S81: =+IFERROR($K81+$N81,"") | T81: =IF($L81='11 FORMULAS'!$D$51,$C$8-($C$8*$S$8),$C$8) -> 0.6 | U81: =IF($L81='11 FORMULAS'!$D$53,$D$80-($D$80*$S$80),$D$80)
E82: 3 | I82: =+CONCATENATE(F82," ",G82," ",H82) | K82: =+IFERROR(VLOOKUP($J82,'11 FORMULAS'!$B$51:$C$53,2,0),"") | L82: =+IFERROR(VLOOKUP($J82,'11 FORMULAS'!$B$51:$D$53,3,0),"") | N82: =+IFERROR(VLOOKUP($M82,'11 FORMULAS'!$B$54:$C$55,2,0),"") | S82: =+IFERROR($K82+$N82,"") | T82: =IF($L82='11 FORMULAS'!$D$51,$C$8-($C$8*$S$8),$C$8) -> 0.6 | U82: =IF($L82='11 FORMULAS'!$D$53,$D$80-($D$80*$S$80),$D$80)
E83: 4 | I83: =+CONCATENATE(F83," ",G83," ",H83) | K83: =+IFERROR(VLOOKUP($J83,'11 FORMULAS'!$B$51:$C$53,2,0),"") | L83: =+IFERROR(VLOOKUP($J83,'11 FORMULAS'!$B$51:$D$53,3,0),"") | N83: =+IFERROR(VLOOKUP($M83,'11 FORMULAS'!$B$54:$C$55,2,0),"") | S83: =+IFERROR($K83+$N83,"") | T83: =IF($L83='11 FORMULAS'!$D$51,$C$8-($C$8*$S$8),$C$8) -> 0.6 | U83: =IF($L83='11 FORMULAS'!$D$53,$D$80-($D$80*$S$80),$D$80)
E84: 5 | I84: =+CONCATENATE(F84," ",G84," ",H84) | K84: =+IFERROR(VLOOKUP($J84,'11 FORMULAS'!$B$51:$C$53,2,0),"") | L84: =+IFERROR(VLOOKUP($J84,'11 FORMULAS'!$B$51:$D$53,3,0),"") | N84: =+IFERROR(VLOOKUP($M84,'11 FORMULAS'!$B$54:$C$55,2,0),"") | S84: =+IFERROR($K84+$N84,"") | T84: =IF($L84='11 FORMULAS'!$D$51,$C$8-($C$8*$S$8),$C$8) -> 0.6 | U84: =IF($L84='11 FORMULAS'!$D$53,$D$80-($D$80*$S$80),$D$80)
E85: 6 | I85: =+CONCATENATE(F85," ",G85," ",H85) | K85: =+IFERROR(VLOOKUP($J85,'11 FORMULAS'!$B$51:$C$53,2,0),"") | L85: =+IFERROR(VLOOKUP($J85,'11 FORMULAS'!$B$51:$D$53,3,0),"") | N85: =+IFERROR(VLOOKUP($M85,'11 FORMULAS'!$B$54:$C$55,2,0),"") | S85: =+IFERROR($K85+$N85,"") | T85: =IF($L85='11 FORMULAS'!$D$51,$C$8-($C$8*$S$8),$C$8) -> 0.6 | U85: =IF($L85='11 FORMULAS'!$D$53,$D$80-($D$80*$S$80),$D$80)
A86: ='2 CONTEXTO E IDENTIFICACIÓN'!A19 -> R11 | B86: =+'2 CONTEXTO E IDENTIFICACIÓN'!J19 -> por a causa de | C86: =+'3 PROBABIL E IMPACTO INHERENTE'!E22 | D86: =+'3 PROBABIL E IMPACTO INHERENTE'!M22 | E86: 1 | I86: =+CONCATENATE(F86," ",G86," ",H86) | K86: =+IFERROR(VLOOKUP($J86,'11 FORMULAS'!$B$51:$C$53,2,0),"") | L86: =+IFERROR(VLOOKUP($J86,'11 FORMULAS'!$B$51:$D$53,3,0),"") | N86: =+IFERROR(VLOOKUP($M86,'11 FORMULAS'!$B$54:$C$55,2,0),"") | S86: =+IFERROR($K86+$N86,"") | T86: =IF($L86='11 FORMULAS'!$D$51,$C$8-($C$8*$S$8),$C$8) -> 0.6 | U86: =IF($L86='11 FORMULAS'!$D$53,$D$86-($D$86*$S$86),$D$86) | V86: =+IF(T91="","",T91) -> 0.6 | W86: =+IF(U91="","",U91)
E87: 2 | I87: =+CONCATENATE(F87," ",G87," ",H87) | K87: =+IFERROR(VLOOKUP($J87,'11 FORMULAS'!$B$51:$C$53,2,0),"") | L87: =+IFERROR(VLOOKUP($J87,'11 FORMULAS'!$B$51:$D$53,3,0),"") | N87: =+IFERROR(VLOOKUP($M87,'11 FORMULAS'!$B$54:$C$55,2,0),"") | S87: =+IFERROR($K87+$N87,"") | T87: =IF($L87='11 FORMULAS'!$D$51,$C$8-($C$8*$S$8),$C$8) -> 0.6 | U87: =IF($L87='11 FORMULAS'!$D$53,$D$86-($D$86*$S$86),$D$86)
E88: 3 | I88: =+CONCATENATE(F88," ",G88," ",H88) | K88: =+IFERROR(VLOOKUP($J88,'11 FORMULAS'!$B$51:$C$53,2,0),"") | L88: =+IFERROR(VLOOKUP($J88,'11 FORMULAS'!$B$51:$D$53,3,0),"") | N88: =+IFERROR(VLOOKUP($M88,'11 FORMULAS'!$B$54:$C$55,2,0),"") | S88: =+IFERROR($K88+$N88,"") | T88: =IF($L88='11 FORMULAS'!$D$51,$C$8-($C$8*$S$8),$C$8) -> 0.6 | U88: =IF($L88='11 FORMULAS'!$D$53,$D$86-($D$86*$S$86),$D$86)
E89: 4 | I89: =+CONCATENATE(F89," ",G89," ",H89) | K89: =+IFERROR(VLOOKUP($J89,'11 FORMULAS'!$B$51:$C$53,2,0),"") | L89: =+IFERROR(VLOOKUP($J89,'11 FORMULAS'!$B$51:$D$53,3,0),"") | N89: =+IFERROR(VLOOKUP($M89,'11 FORMULAS'!$B$54:$C$55,2,0),"") | S89: =+IFERROR($K89+$N89,"") | T89: =IF($L89='11 FORMULAS'!$D$51,$C$8-($C$8*$S$8),$C$8) -> 0.6 | U89: =IF($L89='11 FORMULAS'!$D$53,$D$86-($D$86*$S$86),$D$86)
E90: 5 | I90: =+CONCATENATE(F90," ",G90," ",H90) | K90: =+IFERROR(VLOOKUP($J90,'11 FORMULAS'!$B$51:$C$53,2,0),"") | L90: =+IFERROR(VLOOKUP($J90,'11 FORMULAS'!$B$51:$D$53,3,0),"") | N90: =+IFERROR(VLOOKUP($M90,'11 FORMULAS'!$B$54:$C$55,2,0),"") | S90: =+IFERROR($K90+$N90,"") | T90: =IF($L90='11 FORMULAS'!$D$51,$C$8-($C$8*$S$8),$C$8) -> 0.6 | U90: =IF($L90='11 FORMULAS'!$D$53,$D$86-($D$86*$S$86),$D$86)
E91: 6 | I91: =+CONCATENATE(F91," ",G91," ",H91) | K91: =+IFERROR(VLOOKUP($J91,'11 FORMULAS'!$B$51:$C$53,2,0),"") | L91: =+IFERROR(VLOOKUP($J91,'11 FORMULAS'!$B$51:$D$53,3,0),"") | N91: =+IFERROR(VLOOKUP($M91,'11 FORMULAS'!$B$54:$C$55,2,0),"") | S91: =+IFERROR($K91+$N91,"") | T91: =IF($L91='11 FORMULAS'!$D$51,$C$8-($C$8*$S$8),$C$8) -> 0.6 | U91: =IF($L91='11 FORMULAS'!$D$53,$D$86-($D$86*$S$86),$D$86)
A92: ='2 CONTEXTO E IDENTIFICACIÓN'!A20 -> R12 | B92: =+'2 CONTEXTO E IDENTIFICACIÓN'!J20 -> por a causa de | C92: =+'3 PROBABIL E IMPACTO INHERENTE'!E23 | D92: =+'3 PROBABIL E IMPACTO INHERENTE'!M23 | E92: 1 | I92: =+CONCATENATE(F92," ",G92," ",H92) | K92: =+IFERROR(VLOOKUP($J92,'11 FORMULAS'!$B$51:$C$53,2,0),"") | L92: =+IFERROR(VLOOKUP($J92,'11 FORMULAS'!$B$51:$D$53,3,0),"") | N92: =+IFERROR(VLOOKUP($M92,'11 FORMULAS'!$B$54:$C$55,2,0),"") | S92: =+IFERROR($K92+$N92,"") | T92: =IF($L92='11 FORMULAS'!$D$51,$C$8-($C$8*$S$8),$C$8) -> 0.6 | U92: =IF($L92='11 FORMULAS'!$D$53,D92-(D92*S92),D92) | V92: =+IF(T97="","",T97) -> 0.6 | W92: =+IF(U97="","",U97) -> 0
E93: 2 | I93: =+CONCATENATE(F93," ",G93," ",H93) | K93: =+IFERROR(VLOOKUP($J93,'11 FORMULAS'!$B$51:$C$53,2,0),"") | L93: =+IFERROR(VLOOKUP($J93,'11 FORMULAS'!$B$51:$D$53,3,0),"") | N93: =+IFERROR(VLOOKUP($M93,'11 FORMULAS'!$B$54:$C$55,2,0),"") | S93: =+IFERROR($K93+$N93,"") | T93: =IF($L93='11 FORMULAS'!$D$51,$C$8-($C$8*$S$8),$C$8) -> 0.6 | U93: =IF($L93='11 FORMULAS'!$D$53,D93-(D93*S93),D93) -> 0
E94: 3 | I94: =+CONCATENATE(F94," ",G94," ",H94) | K94: =+IFERROR(VLOOKUP($J94,'11 FORMULAS'!$B$51:$C$53,2,0),"") | L94: =+IFERROR(VLOOKUP($J94,'11 FORMULAS'!$B$51:$D$53,3,0),"") | N94: =+IFERROR(VLOOKUP($M94,'11 FORMULAS'!$B$54:$C$55,2,0),"") | S94: =+IFERROR($K94+$N94,"") | T94: =IF($L94='11 FORMULAS'!$D$51,$C$8-($C$8*$S$8),$C$8) -> 0.6 | U94: =IF($L94='11 FORMULAS'!$D$53,D94-(D94*S94),D94) -> 0
E95: 4 | I95: =+CONCATENATE(F95," ",G95," ",H95) | K95: =+IFERROR(VLOOKUP($J95,'11 FORMULAS'!$B$51:$C$53,2,0),"") | L95: =+IFERROR(VLOOKUP($J95,'11 FORMULAS'!$B$51:$D$53,3,0),"") | N95: =+IFERROR(VLOOKUP($M95,'11 FORMULAS'!$B$54:$C$55,2,0),"") | S95: =+IFERROR($K95+$N95,"") | T95: =IF($L95='11 FORMULAS'!$D$51,$C$8-($C$8*$S$8),$C$8) -> 0.6 | U95: =IF($L95='11 FORMULAS'!$D$53,D95-(D95*S95),D95) -> 0
E96: 5 | I96: =+CONCATENATE(F96," ",G96," ",H96) | K96: =+IFERROR(VLOOKUP($J96,'11 FORMULAS'!$B$51:$C$53,2,0),"") | L96: =+IFERROR(VLOOKUP($J96,'11 FORMULAS'!$B$51:$D$53,3,0),"") | N96: =+IFERROR(VLOOKUP($M96,'11 FORMULAS'!$B$54:$C$55,2,0),"") | S96: =+IFERROR($K96+$N96,"") | T96: =IF($L96='11 FORMULAS'!$D$51,$C$8-($C$8*$S$8),$C$8) -> 0.6 | U96: =IF($L96='11 FORMULAS'!$D$53,D96-(D96*S96),D96) -> 0
E97: 6 | I97: =+CONCATENATE(F97," ",G97," ",H97) | K97: =+IFERROR(VLOOKUP($J97,'11 FORMULAS'!$B$51:$C$53,2,0),"") | L97: =+IFERROR(VLOOKUP($J97,'11 FORMULAS'!$B$51:$D$53,3,0),"") | N97: =+IFERROR(VLOOKUP($M97,'11 FORMULAS'!$B$54:$C$55,2,0),"") | S97: =+IFERROR($K97+$N97,"") | T97: =IF($L97='11 FORMULAS'!$D$51,$C$8-($C$8*$S$8),$C$8) -> 0.6 | U97: =IF($L97='11 FORMULAS'!$D$53,D97-(D97*S97),D97) -> 0
A98: ='2 CONTEXTO E IDENTIFICACIÓN'!A21 -> R13 | B98: =+'2 CONTEXTO E IDENTIFICACIÓN'!J21 -> por a causa de | C98: =+'3 PROBABIL E IMPACTO INHERENTE'!E24 | D98: =+'3 PROBABIL E IMPACTO INHERENTE'!M24 | E98: 1 | I98: =+CONCATENATE(F98," ",G98," ",H98) | K98: =+IFERROR(VLOOKUP($J98,'11 FORMULAS'!$B$51:$C$53,2,0),"") | L98: =+IFERROR(VLOOKUP($J98,'11 FORMULAS'!$B$51:$D$53,3,0),"") | N98: =+IFERROR(VLOOKUP($M98,'11 FORMULAS'!$B$54:$C$55,2,0),"") | S98: =+IFERROR($K98+$N98,"") | T98: =IF($L98='11 FORMULAS'!$D$51,$C$8-($C$8*$S$8),$C$8) -> 0.6 | U98: =IF($L98='11 FORMULAS'!$D$53,D98-(D98*S98),D98) | V98: =+IF(T103="","",T103) -> 0.6 | W98: =+IF(U103="","",U103) -> 0
E99: 2 | I99: =+CONCATENATE(F99," ",G99," ",H99) | K99: =+IFERROR(VLOOKUP($J99,'11 FORMULAS'!$B$51:$C$53,2,0),"") | L99: =+IFERROR(VLOOKUP($J99,'11 FORMULAS'!$B$51:$D$53,3,0),"") | N99: =+IFERROR(VLOOKUP($M99,'11 FORMULAS'!$B$54:$C$55,2,0),"") | S99: =+IFERROR($K99+$N99,"") | T99: =IF($L99='11 FORMULAS'!$D$51,$C$8-($C$8*$S$8),$C$8) -> 0.6 | U99: =IF($L99='11 FORMULAS'!$D$53,D99-(D99*S99),D99) -> 0
E100: 3 | I100: =+CONCATENATE(F100," ",G100," ",H100) | K100: =+IFERROR(VLOOKUP($J100,'11 FORMULAS'!$B$51:$C$53,2,0),"") | L100: =+IFERROR(VLOOKUP($J100,'11 FORMULAS'!$B$51:$D$53,3,0),"") | N100: =+IFERROR(VLOOKUP($M100,'11 FORMULAS'!$B$54:$C$55,2,0),"") | S100: =+IFERROR($K100+$N100,"") | T100: =IF($L100='11 FORMULAS'!$D$51,$C$8-($C$8*$S$8),$C$8) -> 0.6 | U100: =IF($L100='11 FORMULAS'!$D$53,D100-(D100*S100),D100) -> 0
...

Sheet 6 MAPA CALOR RESIDUAL
B1: =+'2 CONTEXTO E IDENTIFICACIÓN'!A1 -> MAPA DE RIESGOS | G1: =+'2 CONTEXTO E IDENTIFICACIÓN'!$I$4 -> Elaboración o Actualización: | H1: ='2 CONTEXTO E IDENTIFICACIÓN'!J4 -> 9 de diciembre de 2025
C2: =+'2 CONTEXTO E IDENTIFICACIÓN'!A2 -> VERSIÓN: | D2: ='2 CONTEXTO E IDENTIFICACIÓN'!B2 -> 1 | G2: =+'2 CONTEXTO E IDENTIFICACIÓN'!$E$5 -> Vigencia: 2026 | H2: ='2 CONTEXTO E IDENTIFICACIÓN'!G5 -> 1 de enero de 2026 | I2: Al | J2: ='2 CONTEXTO E IDENTIFICACIÓN'!J5 -> 31 de diciembre de 2026
A4: ENTIDAD: | B4: ='2 CONTEXTO E IDENTIFICACIÓN'!B4 -> SUPERSOLIDARIA
A5: PROCESO: | B5: ='2 CONTEXTO E IDENTIFICACIÓN'!F4 -> GEGI
I6: MAPA DE CALOR RIESGO RESIDUAL | T6: Impacto
E7: CALIFICACIÓN RIESGO RESIDUAL | K7: Impacto | T7: 0.2 | U7: 0.4 | V7: 0.6 | W7: 0.8 | X7: 1
A8: No. Riesgo | B8: RIESGO | C8: Probabilidad Residual | D8: Probabilidad Residual | E8: Probabilidad | F8: Impacto | G8: Severidad (Nivel de Riesgo) | K8: Leve | L8: Menor | M8: Moderado | N8: Mayor | O8: Catastrófico | T8: Leve | U8: Menor | V8: Moderado | W8: Mayor | X8: Catastrófico
A9: ='2 CONTEXTO E IDENTIFICACIÓN'!A9 -> GEGI-1 | B9: =+'2 CONTEXTO E IDENTIFICACIÓN'!J9 -> Posibilidad de afectación reputacional porpor insatisfacción de los grupos de valor a causa de una orientación inadecuada en la prestación del servicio | C9: =+'5 VALORACIÓN DEL CONTROL'!T13 -> 0.6 | D9: =+'5 VALORACIÓN DEL CONTROL'!U13 -> 0.4 | E9: =+IF(C9=0,"",IF(C9<=$R$13,$S$13,IF(C9<=$R$12,$S$12,IF(C9<=$R$11,$S$11,IF(C9<=$R$10,$S$10,IF(C9<=$R$9,$S$9,"")))))) -> Media | F9: =+IF(D9=0,"",IF(D9<=$T$7,$T$8,IF(D9<=$U$7,$U$8,IF(D9<=$V$7,$V$8,IF(D9<=$W$7,$W$8,IF(D9<=$X$7,$X$8,"")))))) -> Menor | G9: =+IF(E9=$S$9,IF(F9=$T$8,$T$9,IF(F9=$U$8,$U$9,IF(F9=$V$8,$V$9,IF(F9=$W$8,$W$9,IF(F9=$X$8,$X$9))))),IF(E9=$S$10,IF(F9=$T$8,$T$10,IF(F9=$U$8,$U$10,IF(F9=$V$8,$V$10,IF(F9=$W$8,$W$10,IF(F9=$X$8,$X$10))))),IF(E9=$S$11,IF(F9=$T$8,$T$11,IF(F9=$U$8,$U$11,IF(F9=$V$8,$V$11,IF(F9=$W$8,$W$11,IF(F9=$X$8,$X$11))))),IF(E9=$S$12,IF(F9=$T$8,$T$12,IF(F9=$U$8,$U$12,IF(F9=$V$8,$V$12,IF(F9=$W$8,$W$12,IF(F9=$X$8,$X$12))))),IF(E9=$S$13,IF(F9=$T$8,$T$13,IF(F9=$U$8,$U$13,IF(F9=$V$8,$V$13,IF(F9=$W$8,$W$13,IF(F9=$X$8,$X$13))))),""))))) -> Moderado | I9: Probabilidad | J9: Muy Alta | K9: =+IF(AND(E9=$S$9,F9=$T$8),A9,"")&" "&IF(AND(E10=$S$9,F10=$T$8),A10,"")&" "&IF(AND(E11=$S$9,F11=$T$8),A11,"")&" "&IF(AND(E12=$S$9,F12=$T$8),A12,"")&" "&IF(AND(E13=$S$9,F13=$T$8),A13,"")&" "&IF(AND(E14=$S$9,F14=$T$8),A14,"")&" "&IF(AND(E15=$S$9,F15=$T$8),A15,"")&" "&IF(AND(E16=$S$9,F16=$T$8),A16,"")&" "&IF(AND(E17=$S$9,F17=$T$8),A17,"")&" "&IF(AND(E18=$S$9,F18=$T$8),A18,"")&" "&IF(AND(E19=$S$9,F19=$T$8),A19,"")&" "&IF(AND(E20=$S$9,F20=$T$8),A20,"")&" "&IF(AND(E21=$S$9,F21=$T$8),A21,"")&" "&IF(AND(E22=$S$9,F22=$T$8),A22,"")&" "&IF(AND(E23=$S$9,F23=$T$8),A23,"")&" "&IF(AND(E24=$S$9,F24=$T$8),A24,"")&" "&IF(AND(E25=$S$9,F25=$T$8),A25,"")&" "&IF(AND(E26=$S$9,F26=$T$8),A26,"")&" "&IF(AND(E27=$S$9,F27=$T$8),A27,"")&" "&IF(AND(E28=$S$9,F28=$T$8),A28,"") | L9: =+IF(AND(E9=$S$9,F9=$U$8),A9,"")&" "&IF(AND(E10=$S$9,F10=$U$8),A10,"")&" "&IF(AND(E11=$S$9,F11=$U$8),A11,"")&" "&IF(AND(E12=$S$9,F12=$U$8),A12,"")&" "&IF(AND(E13=$S$9,F13=$U$8),A13,"")&" "&IF(AND(E14=$S$9,F14=$U$8),A14,"")&" "&IF(AND(E15=$S$9,F15=$U$8),A15,"")&" "&IF(AND(E16=$S$9,F16=$U$8),A16,"")&" "&IF(AND(E17=$S$9,F17=$U$8),A17,"")&" "&IF(AND(E18=$S$9,F18=$U$8),A18,"")&" "&IF(AND(E19=$S$9,F19=$U$8),A19,"")&" "&IF(AND(E20=$S$9,F20=$U$8),A20,"")&" "&IF(AND(E21=$S$9,F21=$U$8),A21,"")&" "&IF(AND(E22=$S$9,F22=$U$8),A22,"")&" "&IF(AND(E23=$S$9,F23=$U$8),A23,"")&" "&IF(AND(E24=$S$9,F24=$U$8),A24,"")&" "&IF(AND(E25=$S$9,F25=$U$8),A25,"")&" "&IF(AND(E26=$S$9,F26=$U$8),A26,"")&" "&IF(AND(E27=$S$9,F27=$U$8),A27,"")&" "&IF(AND(E28=$S$9,F28=$U$8),A28,"") | M9: =+IF(AND(E9=$S$9,F9=$V$8),A9,"")&" "&IF(AND(E10=$S$9,F10=$V$8),A10,"")&" "&IF(AND(E11=$S$9,F11=$V$8),A11,"")&" "&IF(AND(E12=$S$9,F12=$V$8),A12,"")&" "&IF(AND(E13=$S$9,F13=$V$8),A13,"")&" "&IF(AND(E14=$S$9,F14=$V$8),A14,"")&" "&IF(AND(E15=$S$9,F15=$V$8),A15,"")&" "&IF(AND(E16=$S$9,F16=$V$8),A16,"")&" "&IF(AND(E17=$S$9,F17=$V$8),A17,"")&" "&IF(AND(E18=$S$9,F18=$V$8),A18,"")&" "&IF(AND(E19=$S$9,F19=$V$8),A19,"")&" "&IF(AND(E20=$S$9,F20=$V$8),A20,"")&" "&IF(AND(E21=$S$9,F21=$V$8),A21,"")&" "&IF(AND(E22=$S$9,F22=$V$8),A22,"")&" "&IF(AND(E23=$S$9,F23=$V$8),A23,"")&" "&IF(AND(E24=$S$9,F24=$V$8),A24,"")&" "&IF(AND(E25=$S$9,F25=$V$8),A25,"")&" "&IF(AND(E26=$S$9,F26=$V$8),A26,"")&" "&IF(AND(E27=$S$9,F27=$V$8),A27,"")&" "&IF(AND(E28=$S$9,F28=$V$8),A28,"") | N9: =+IF(AND(E9=$S$9,F9=$W$8),A9,"")&" "&IF(AND(E10=$S$9,F10=$W$8),A10,"")&" "&IF(AND(E11=$S$9,F11=$W$8),A11,"")&" "&IF(AND(E12=$S$9,F12=$W$8),A12,"")&" "&IF(AND(E13=$S$9,F13=$W$8),A13,"")&" "&IF(AND(E14=$S$9,F14=$W$8),A14,"")&" "&IF(AND(E15=$S$9,F15=$W$8),A15,"")&" "&IF(AND(E16=$S$9,F16=$W$8),A16,"")&" "&IF(AND(E17=$S$9,F17=$W$8),A17,"")&" "&IF(AND(E18=$S$9,F18=$W$8),A18,"")&" "&IF(AND(E19=$S$9,F19=$W$8),A19,"")&" "&IF(AND(E20=$S$9,F20=$W$8),A20,"")&" "&IF(AND(E21=$S$9,F21=$W$8),A21,"")&" "&IF(AND(E22=$S$9,F22=$W$8),A22,"")&" "&IF(AND(E23=$S$9,F23=$W$8),A23,"")&" "&IF(AND(E24=$S$9,F24=$W$8),A24,"")&" "&IF(AND(E25=$S$9,F25=$W$8),A25,"")&" "&IF(AND(E26=$S$9,F26=$W$8),A26,"")&" "&IF(AND(E27=$S$9,F27=$W$8),A27,"")&" "&IF(AND(E28=$S$9,F28=$W$8),A28,"") | O9: =+IF(AND(E9=$S$9,F9=$X$8),A9,"")&" "&IF(AND(E10=$S$9,F10=$X$8),A10,"")&" "&IF(AND(E11=$S$9,F11=$X$8),A11,"")&" "&IF(AND(E12=$S$9,F12=$X$8),A12,"")&" "&IF(AND(E13=$S$9,F13=$X$8),A13,"")&" "&IF(AND(E14=$S$9,F14=$X$8),A14,"")&" "&IF(AND(E15=$S$9,F15=$X$8),A15,"")&" "&IF(AND(E16=$S$9,F16=$X$8),A16,"")&" "&IF(AND(E17=$S$9,F17=$X$8),A17,"")&" "&IF(AND(E18=$S$9,F18=$X$8),A18,"")&" "&IF(AND(E19=$S$9,F19=$X$8),A19,"")&" "&IF(AND(E20=$S$9,F20=$X$8),A20,"")&" "&IF(AND(E21=$S$9,F21=$X$8),A21,"")&" "&IF(AND(E22=$S$9,F22=$X$8),A22,"")&" "&IF(AND(E23=$S$9,F23=$X$8),A23,"")&" "&IF(AND(E24=$S$9,F24=$X$8),A24,"")&" "&IF(AND(E25=$S$9,F25=$X$8),A25,"")&" "&IF(AND(E26=$S$9,F26=$X$8),A26,"")&" "&IF(AND(E27=$S$9,F27=$X$8),A27,"")&" "&IF(AND(E28=$S$9,F28=$X$8),A28,"") | Q9: Probabilidad | R9: 1 | S9: Muy Alta | T9: Alto | U9: Alto | V9: Alto | W9: Alto | X9: Extremo
A10: ='2 CONTEXTO E IDENTIFICACIÓN'!A11 -> GEGI-10 | B10: =+'2 CONTEXTO E IDENTIFICACIÓN'!J10 -> Posibilidad de afectación reputacional porinsatisfacción de los grupos de valor y/o sanciones de entes de control a causa de incumplimiento de los términos de ley para la gestión de solicitudes. | C10: =+'5 VALORACIÓN DEL CONTROL'!T19 -> 0.6 | D10: =+'5 VALORACIÓN DEL CONTROL'!U19 -> 1 | E10: =+IF(C10=0,"",IF(C10<=$R$13,$S$13,IF(C10<=$R$12,$S$12,IF(C10<=$R$11,$S$11,IF(C10<=$R$10,$S$10,IF(C10<=$R$9,$S$9,"")))))) -> Media | F10: =+IF(D10=0,"",IF(D10<=$T$7,$T$8,IF(D10<=$U$7,$U$8,IF(D10<=$V$7,$V$8,IF(D10<=$W$7,$W$8,IF(D10<=$X$7,$X$8,"")))))) -> Catastrófico | G10: =+IF(E10=$S$9,IF(F10=$T$8,$T$9,IF(F10=$U$8,$U$9,IF(F10=$V$8,$V$9,IF(F10=$W$8,$W$9,IF(F10=$X$8,$X$9))))),IF(E10=$S$10,IF(F10=$T$8,$T$10,IF(F10=$U$8,$U$10,IF(F10=$V$8,$V$10,IF(F10=$W$8,$W$10,IF(F10=$X$8,$X$10))))),IF(E10=$S$11,IF(F10=$T$8,$T$11,IF(F10=$U$8,$U$11,IF(F10=$V$8,$V$11,IF(F10=$W$8,$W$11,IF(F10=$X$8,$X$11))))),IF(E10=$S$12,IF(F10=$T$8,$T$12,IF(F10=$U$8,$U$12,IF(F10=$V$8,$V$12,IF(F10=$W$8,$W$12,IF(F10=$X$8,$X$12))))),IF(E10=$S$13,IF(F10=$T$8,$T$13,IF(F10=$U$8,$U$13,IF(F10=$V$8,$V$13,IF(F10=$W$8,$W$13,IF(F10=$X$8,$X$13))))),""))))) -> Extremo | J10: Alta | K10: =+IF(AND(E9=$S$10,F9=$T$8),A9,"")&" "&IF(AND(E10=$S$10,F10=$T$8),A10,"")&" "&IF(AND(E11=$S$10,F11=$T$8),A11,"")&" "&IF(AND(E12=$S$10,F12=$T$8),A12,"")&" "&IF(AND(E13=$S$10,F13=$T$8),A13,"")&" "&IF(AND(E14=$S$10,F14=$T$8),A14,"")&" "&IF(AND(E15=$S$10,F15=$T$8),A15,"")&" "&IF(AND(E16=$S$10,F16=$T$8),A16,"")&" "&IF(AND(E17=$S$10,F17=$T$8),A17,"")&" "&IF(AND(E18=$S$10,F18=$T$8),A18,"")&" "&IF(AND(E19=$S$10,F19=$T$8),A19,"")&" "&IF(AND(E20=$S$10,F20=$T$8),A20,"")&" "&IF(AND(E21=$S$10,F21=$T$8),A21,"")&" "&IF(AND(E22=$S$10,F22=$T$8),A22,"")&" "&IF(AND(E23=$S$10,F23=$T$8),A23,"")&" "&IF(AND(E24=$S$10,F24=$T$8),A24,"")&" "&IF(AND(E25=$S$10,F25=$T$8),A25,"")&" "&IF(AND(E26=$S$10,F26=$T$8),A26,"")&" "&IF(AND(E27=$S$10,F27=$T$8),A27,"")&" "&IF(AND(E28=$S$10,F28=$T$8),A28,"") | L10: =+IF(AND(E9=$S$10,F9=$U$8),A9,"")&" "&IF(AND(E10=$S$10,F10=$U$8),A10,"")&" "&IF(AND(E11=$S$10,F11=$U$8),A11,"")&" "&IF(AND(E12=$S$10,F12=$U$8),A12,"")&" "&IF(AND(E13=$S$10,F13=$U$8),A13,"")&" "&IF(AND(E14=$S$10,F14=$U$8),A14,"")&" "&IF(AND(E15=$S$10,F15=$U$8),A15,"")&" "&IF(AND(E16=$S$10,F16=$U$8),A16,"")&" "&IF(AND(E17=$S$10,F17=$U$8),A17,"")&" "&IF(AND(E18=$S$10,F18=$U$8),A18,"")&" "&IF(AND(E19=$S$10,F19=$U$8),A19,"")&" "&IF(AND(E20=$S$10,F20=$U$8),A20,"")&" "&IF(AND(E21=$S$10,F21=$U$8),A21,"")&" "&IF(AND(E22=$S$10,F22=$U$8),A22,"")&" "&IF(AND(E23=$S$10,F23=$U$8),A23,"")&" "&IF(AND(E24=$S$10,F24=$U$8),A24,"")&" "&IF(AND(E25=$S$10,F25=$U$8),A25,"")&" "&IF(AND(E26=$S$10,F26=$U$8),A26,"")&" "&IF(AND(E27=$S$10,F27=$U$8),A27,"")&" "&IF(AND(E28=$S$10,F28=$U$8),A28,"") | M10: =+IF(AND(E9=$S$10,F9=$V$8),A9,"")&" "&IF(AND(E10=$S$10,F10=$V$8),A10,"")&" "&IF(AND(E11=$S$10,F11=$V$8),A11,"")&" "&IF(AND(E12=$S$10,F12=$V$8),A12,"")&" "&IF(AND(E13=$S$10,F13=$V$8),A13,"")&" "&IF(AND(E14=$S$10,F14=$V$8),A14,"")&" "&IF(AND(E15=$S$10,F15=$V$8),A15,"")&" "&IF(AND(E16=$S$10,F16=$V$8),A16,"")&" "&IF(AND(E17=$S$10,F17=$V$8),A17,"")&" "&IF(AND(E18=$S$10,F18=$V$8),A18,"")&" "&IF(AND(E19=$S$10,F19=$V$8),A19,"")&" "&IF(AND(E20=$S$10,F20=$V$8),A20,"")&" "&IF(AND(E21=$S$10,F21=$V$8),A21,"")&" "&IF(AND(E22=$S$10,F22=$V$8),A22,"")&" "&IF(AND(E23=$S$10,F23=$V$8),A23,"")&" "&IF(AND(E24=$S$10,F24=$V$8),A24,"")&" "&IF(AND(E25=$S$10,F25=$V$8),A25,"")&" "&IF(AND(E26=$S$10,F26=$V$8),A26,"")&" "&IF(AND(E27=$S$10,F27=$V$8),A27,"")&" "&IF(AND(E28=$S$10,F28=$V$8),A28,"") | N10: =+IF(AND(E9=$S$10,F9=$W$8),A9,"")&" "&IF(AND(E10=$S$10,F10=$W$8),A10,"")&" "&IF(AND(E11=$S$10,F11=$W$8),A11,"")&" "&IF(AND(E12=$S$10,F12=$W$8),A12,"")&" "&IF(AND(E13=$S$10,F13=$W$8),A13,"")&" "&IF(AND(E14=$S$10,F14=$W$8),A14,"")&" "&IF(AND(E15=$S$10,F15=$W$8),A15,"")&" "&IF(AND(E16=$S$10,F16=$W$8),A16,"")&" "&IF(AND(E17=$S$10,F17=$W$8),A17,"")&" "&IF(AND(E18=$S$10,F18=$W$8),A18,"")&" "&IF(AND(E19=$S$10,F19=$W$8),A19,"")&" "&IF(AND(E20=$S$10,F20=$W$8),A20,"")&" "&IF(AND(E21=$S$10,F21=$W$8),A21,"")&" "&IF(AND(E22=$S$10,F22=$W$8),A22,"")&" "&IF(AND(E23=$S$10,F23=$W$8),A23,"")&" "&IF(AND(E24=$S$10,F24=$W$8),A24,"")&" "&IF(AND(E25=$S$10,F25=$W$8),A25,"")&" "&IF(AND(E26=$S$10,F26=$W$8),A26,"")&" "&IF(AND(E27=$S$10,F27=$W$8),A27,"")&" "&IF(AND(E28=$S$10,F28=$W$8),A28,"") | O10: =+IF(AND(E9=$S$10,F9=$X$8),A9,"")&" "&IF(AND(E10=$S$10,F10=$X$8),A10,"")&" "&IF(AND(E11=$S$10,F11=$X$8),A11,"")&" "&IF(AND(E12=$S$10,F12=$X$8),A12,"")&" "&IF(AND(E13=$S$10,F13=$X$8),A13,"")&" "&IF(AND(E14=$S$10,F14=$X$8),A14,"")&" "&IF(AND(E15=$S$10,F15=$X$8),A15,"")&" "&IF(AND(E16=$S$10,F16=$X$8),A16,"")&" "&IF(AND(E17=$S$10,F17=$X$8),A17,"")&" "&IF(AND(E18=$S$10,F18=$X$8),A18,"")&" "&IF(AND(E19=$S$10,F19=$X$8),A19,"")&" "&IF(AND(E20=$S$10,F20=$X$8),A20,"")&" "&IF(AND(E21=$S$10,F21=$X$8),A21,"")&" "&IF(AND(E22=$S$10,F22=$X$8),A22,"")&" "&IF(AND(E23=$S$10,F23=$X$8),A23,"")&" "&IF(AND(E24=$S$10,F24=$X$8),A24,"")&" "&IF(AND(E25=$S$10,F25=$X$8),A25,"")&" "&IF(AND(E26=$S$10,F26=$X$8),A26,"")&" "&IF(AND(E27=$S$10,F27=$X$8),A27,"")&" "&IF(AND(E28=$S$10,F28=$X$8),A28,"") | R10: 0.8 | S10: Alta | T10: Moderado | U10: Moderado | V10: Alto | W10: Alto | X10: Extremo
A11: ='2 CONTEXTO E IDENTIFICACIÓN'!A12 -> GEGI-13 | B11: =+'2 CONTEXTO E IDENTIFICACIÓN'!J11 -> Posibilidad de afectación reputacional porfalta de comunicación y credibilidad en la SES a causa de la publicación de información emitida sin la correcta divulgación al interior de la entidad. | C11: =+'5 VALORACIÓN DEL CONTROL'!T25 -> 0.6 | D11: =+'5 VALORACIÓN DEL CONTROL'!U25 -> 0.2 | E11: =+IF(C11=0,"",IF(C11<=$R$13,$S$13,IF(C11<=$R$12,$S$12,IF(C11<=$R$11,$S$11,IF(C11<=$R$10,$S$10,IF(C11<=$R$9,$S$9,"")))))) -> Media | F11: =+IF(D11=0,"",IF(D11<=$T$7,$T$8,IF(D11<=$U$7,$U$8,IF(D11<=$V$7,$V$8,IF(D11<=$W$7,$W$8,IF(D11<=$X$7,$X$8,"")))))) -> Leve | G11: =+IF(E11=$S$9,IF(F11=$T$8,$T$9,IF(F11=$U$8,$U$9,IF(F11=$V$8,$V$9,IF(F11=$W$8,$W$9,IF(F11=$X$8,$X$9))))),IF(E11=$S$10,IF(F11=$T$8,$T$10,IF(F11=$U$8,$U$10,IF(F11=$V$8,$V$10,IF(F11=$W$8,$W$10,IF(F11=$X$8,$X$10))))),IF(E11=$S$11,IF(F11=$T$8,$T$11,IF(F11=$U$8,$U$11,IF(F11=$V$8,$V$11,IF(F11=$W$8,$W$11,IF(F11=$X$8,$X$11))))),IF(E11=$S$12,IF(F11=$T$8,$T$12,IF(F11=$U$8,$U$12,IF(F11=$V$8,$V$12,IF(F11=$W$8,$W$12,IF(F11=$X$8,$X$12))))),IF(E11=$S$13,IF(F11=$T$8,$T$13,IF(F11=$U$8,$U$13,IF(F11=$V$8,$V$13,IF(F11=$W$8,$W$13,IF(F11=$X$8,$X$13))))),""))))) -> Moderado | J11: Media | K11: =+IF(AND(E9=$S$11,F9=$T$8),A9,"")&" "&IF(AND(E10=$S$11,F10=$T$8),A10,"")&" "&IF(AND(E11=$S$11,F11=$T$8),A11,"")&" "&IF(AND(E12=$S$11,F12=$T$8),A12,"")&" "&IF(AND(E13=$S$11,F13=$T$8),A13,"")&" "&IF(AND(E14=$S$11,F14=$T$8),A14,"")&" "&IF(AND(E15=$S$11,F15=$T$8),A15,"")&" "&IF(AND(E16=$S$11,F16=$T$8),A16,"")&" "&IF(AND(E17=$S$11,F17=$T$8),A17,"")&" "&IF(AND(E18=$S$11,F18=$T$8),A18,"")&" "&IF(AND(E19=$S$11,F19=$T$8),A19,"")&" "&IF(AND(E20=$S$11,F20=$T$8),A20,"")&" "&IF(AND(E21=$S$11,F21=$T$8),A21,"")&" "&IF(AND(E22=$S$11,F22=$T$8),A22,"")&" "&IF(AND(E23=$S$11,F23=$T$8),A23,"")&" "&IF(AND(E24=$S$11,F24=$T$8),A24,"")&" "&IF(AND(E25=$S$11,F25=$T$8),A25,"")&" "&IF(AND(E26=$S$11,F26=$T$8),A26,"")&" "&IF(AND(E27=$S$11,F27=$T$8),A27,"")&" "&IF(AND(E28=$S$11,F28=$T$8),A28,"") -> GEGI-13 GEGI-12 R8 | L11: =+IF(AND(E9=$S$11,F9=$U$8),A9,"")&" "&IF(AND(E10=$S$11,F10=$U$8),A10,"")&" "&IF(AND(E11=$S$11,F11=$U$8),A11,"")&" "&IF(AND(E12=$S$11,F12=$U$8),A12,"")&" "&IF(AND(E13=$S$11,F13=$U$8),A13,"")&" "&IF(AND(E14=$S$11,F14=$U$8),A14,"")&" "&IF(AND(E15=$S$11,F15=$U$8),A15,"")&" "&IF(AND(E16=$S$11,F16=$U$8),A16,"")&" "&IF(AND(E17=$S$11,F17=$U$8),A17,"")&" "&IF(AND(E18=$S$11,F18=$U$8),A18,"")&" "&IF(AND(E19=$S$11,F19=$U$8),A19,"")&" "&IF(AND(E20=$S$11,F20=$U$8),A20,"")&" "&IF(AND(E21=$S$11,F21=$U$8),A21,"")&" "&IF(AND(E22=$S$11,F22=$U$8),A22,"")&" "&IF(AND(E23=$S$11,F23=$U$8),A23,"")&" "&IF(AND(E24=$S$11,F24=$U$8),A24,"")&" "&IF(AND(E25=$S$11,F25=$U$8),A25,"")&" "&IF(AND(E26=$S$11,F26=$U$8),A26,"")&" "&IF(AND(E27=$S$11,F27=$U$8),A27,"")&" "&IF(AND(E28=$S$11,F28=$U$8),A28,"") -> GEGI-1 GEGI-15 | M11: =+IF(AND(E9=$S$11,F9=$V$8),A9,"")&" "&IF(AND(E10=$S$11,F10=$V$8),A10,"")&" "&IF(AND(E11=$S$11,F11=$V$8),A11,"")&" "&IF(AND(E12=$S$11,F12=$V$8),A12,"")&" "&IF(AND(E13=$S$11,F13=$V$8),A13,"")&" "&IF(AND(E14=$S$11,F14=$V$8),A14,"")&" "&IF(AND(E15=$S$11,F15=$V$8),A15,"")&" "&IF(AND(E16=$S$11,F16=$V$8),A16,"")&" "&IF(AND(E17=$S$11,F17=$V$8),A17,"")&" "&IF(AND(E18=$S$11,F18=$V$8),A18,"")&" "&IF(AND(E19=$S$11,F19=$V$8),A19,"")&" "&IF(AND(E20=$S$11,F20=$V$8),A20,"")&" "&IF(AND(E21=$S$11,F21=$V$8),A21,"")&" "&IF(AND(E22=$S$11,F22=$V$8),A22,"")&" "&IF(AND(E23=$S$11,F23=$V$8),A23,"")&" "&IF(AND(E24=$S$11,F24=$V$8),A24,"")&" "&IF(AND(E25=$S$11,F25=$V$8),A25,"")&" "&IF(AND(E26=$S$11,F26=$V$8),A26,"")&" "&IF(AND(E27=$S$11,F27=$V$8),A27,"")&" "&IF(AND(E28=$S$11,F28=$V$8),A28,"") -> GEGI-14 | N11: =+IF(AND(E9=$S$11,F9=$W$8),A9,"")&" "&IF(AND(E10=$S$11,F10=$W$8),A10,"")&" "&IF(AND(E11=$S$11,F11=$W$8),A11,"")&" "&IF(AND(E12=$S$11,F12=$W$8),A12,"")&" "&IF(AND(E13=$S$11,F13=$W$8),A13,"")&" "&IF(AND(E14=$S$11,F14=$W$8),A14,"")&" "&IF(AND(E15=$S$11,F15=$W$8),A15,"")&" "&IF(AND(E16=$S$11,F16=$W$8),A16,"")&" "&IF(AND(E17=$S$11,F17=$W$8),A17,"")&" "&IF(AND(E18=$S$11,F18=$W$8),A18,"")&" "&IF(AND(E19=$S$11,F19=$W$8),A19,"")&" "&IF(AND(E20=$S$11,F20=$W$8),A20,"")&" "&IF(AND(E21=$S$11,F21=$W$8),A21,"")&" "&IF(AND(E22=$S$11,F22=$W$8),A22,"")&" "&IF(AND(E23=$S$11,F23=$W$8),A23,"")&" "&IF(AND(E24=$S$11,F24=$W$8),A24,"")&" "&IF(AND(E25=$S$11,F25=$W$8),A25,"")&" "&IF(AND(E26=$S$11,F26=$W$8),A26,"")&" "&IF(AND(E27=$S$11,F27=$W$8),A27,"")&" "&IF(AND(E28=$S$11,F28=$W$8),A28,"") | O11: =+IF(AND(E9=$S$11,F9=$X$8),A9,"")&" "&IF(AND(E10=$S$11,F10=$X$8),A10,"")&" "&IF(AND(E11=$S$11,F11=$X$8),A11,"")&" "&IF(AND(E12=$S$11,F12=$X$8),A12,"")&" "&IF(AND(E13=$S$11,F13=$X$8),A13,"")&" "&IF(AND(E14=$S$11,F14=$X$8),A14,"")&" "&IF(AND(E15=$S$11,F15=$X$8),A15,"")&" "&IF(AND(E16=$S$11,F16=$X$8),A16,"")&" "&IF(AND(E17=$S$11,F17=$X$8),A17,"")&" "&IF(AND(E18=$S$11,F18=$X$8),A18,"")&" "&IF(AND(E19=$S$11,F19=$X$8),A19,"")&" "&IF(AND(E20=$S$11,F20=$X$8),A20,"")&" "&IF(AND(E21=$S$11,F21=$X$8),A21,"")&" "&IF(AND(E22=$S$11,F22=$X$8),A22,"")&" "&IF(AND(E23=$S$11,F23=$X$8),A23,"")&" "&IF(AND(E24=$S$11,F24=$X$8),A24,"")&" "&IF(AND(E25=$S$11,F25=$X$8),A25,"")&" "&IF(AND(E26=$S$11,F26=$X$8),A26,"")&" "&IF(AND(E27=$S$11,F27=$X$8),A27,"")&" "&IF(AND(E28=$S$11,F28=$X$8),A28,"") -> GEGI-10 | R11: 0.6 | S11: Media | T11: Moderado | U11: Moderado | V11: Moderado | W11: Alto | X11: Extremo
A12: ='2 CONTEXTO E IDENTIFICACIÓN'!A13 -> GEGI-14 | B12: =+'2 CONTEXTO E IDENTIFICACIÓN'!J12 -> Posibilidad de afectación económica y reputacional porafectación a los asistentes a actividades organizadas por la SES a causa de falta de planeación previa a la ejecución de las actividades organizadas con 100 o hasta 500 personas. | C12: =+'5 VALORACIÓN DEL CONTROL'!T31 -> 0.6 | D12: =+'5 VALORACIÓN DEL CONTROL'!U31 -> 0.6 | E12: =+IF(C12=0,"",IF(C12<=$R$13,$S$13,IF(C12<=$R$12,$S$12,IF(C12<=$R$11,$S$11,IF(C12<=$R$10,$S$10,IF(C12<=$R$9,$S$9,"")))))) -> Media | F12: =+IF(D12=0,"",IF(D12<=$T$7,$T$8,IF(D12<=$U$7,$U$8,IF(D12<=$V$7,$V$8,IF(D12<=$W$7,$W$8,IF(D12<=$X$7,$X$8,"")))))) -> Moderado | G12: =+IF(E12=$S$9,IF(F12=$T$8,$T$9,IF(F12=$U$8,$U$9,IF(F12=$V$8,$V$9,IF(F12=$W$8,$W$9,IF(F12=$X$8,$X$9))))),IF(E12=$S$10,IF(F12=$T$8,$T$10,IF(F12=$U$8,$U$10,IF(F12=$V$8,$V$10,IF(F12=$W$8,$W$10,IF(F12=$X$8,$X$10))))),IF(E12=$S$11,IF(F12=$T$8,$T$11,IF(F12=$U$8,$U$11,IF(F12=$V$8,$V$11,IF(F12=$W$8,$W$11,IF(F12=$X$8,$X$11))))),IF(E12=$S$12,IF(F12=$T$8,$T$12,IF(F12=$U$8,$U$12,IF(F12=$V$8,$V$12,IF(F12=$W$8,$W$12,IF(F12=$X$8,$X$12))))),IF(E12=$S$13,IF(F12=$T$8,$T$13,IF(F12=$U$8,$U$13,IF(F12=$V$8,$V$13,IF(F12=$W$8,$W$13,IF(F12=$X$8,$X$13))))),""))))) -> Moderado | J12: Baja | K12: =+IF(AND(E9=$S$12,F9=$T$8),A9,"")&" "&IF(AND(E10=$S$12,F10=$T$8),A10,"")&" "&IF(AND(E11=$S$12,F11=$T$8),A11,"")&" "&IF(AND(E12=$S$12,F12=$T$8),A12,"")&" "&IF(AND(E13=$S$12,F13=$T$8),A13,"")&" "&IF(AND(E14=$S$12,F14=$T$8),A14,"")&" "&IF(AND(E15=$S$12,F15=$T$8),A15,"")&" "&IF(AND(E16=$S$12,F16=$T$8),A16,"")&" "&IF(AND(E17=$S$12,F17=$T$8),A17,"")&" "&IF(AND(E18=$S$12,F18=$T$8),A18,"")&" "&IF(AND(E19=$S$12,F19=$T$8),A19,"")&" "&IF(AND(E20=$S$12,F20=$T$8),A20,"")&" "&IF(AND(E21=$S$12,F21=$T$8),A21,"")&" "&IF(AND(E22=$S$12,F22=$T$8),A22,"")&" "&IF(AND(E23=$S$12,F23=$T$8),A23,"")&" "&IF(AND(E24=$S$12,F24=$T$8),A24,"")&" "&IF(AND(E25=$S$12,F25=$T$8),A25,"")&" "&IF(AND(E26=$S$12,F26=$T$8),A26,"")&" "&IF(AND(E27=$S$12,F27=$T$8),A27,"")&" "&IF(AND(E28=$S$12,F28=$T$8),A28,"") | L12: =+IF(AND(E9=$S$12,F9=$U$8),A9,"")&" "&IF(AND(E10=$S$12,F10=$U$8),A10,"")&" "&IF(AND(E11=$S$12,F11=$U$8),A11,"")&" "&IF(AND(E12=$S$12,F12=$U$8),A12,"")&" "&IF(AND(E13=$S$12,F13=$U$8),A13,"")&" "&IF(AND(E14=$S$12,F14=$U$8),A14,"")&" "&IF(AND(E15=$S$12,F15=$U$8),A15,"")&" "&IF(AND(E16=$S$12,F16=$U$8),A16,"")&" "&IF(AND(E17=$S$12,F17=$U$8),A17,"")&" "&IF(AND(E18=$S$12,F18=$U$8),A18,"")&" "&IF(AND(E19=$S$12,F19=$U$8),A19,"")&" "&IF(AND(E20=$S$12,F20=$U$8),A20,"")&" "&IF(AND(E21=$S$12,F21=$U$8),A21,"")&" "&IF(AND(E22=$S$12,F22=$U$8),A22,"")&" "&IF(AND(E23=$S$12,F23=$U$8),A23,"")&" "&IF(AND(E24=$S$12,F24=$U$8),A24,"")&" "&IF(AND(E25=$S$12,F25=$U$8),A25,"")&" "&IF(AND(E26=$S$12,F26=$U$8),A26,"")&" "&IF(AND(E27=$S$12,F27=$U$8),A27,"")&" "&IF(AND(E28=$S$12,F28=$U$8),A28,"") | M12: =+IF(AND(E9=$S$12,F9=$V$8),A9,"")&" "&IF(AND(E10=$S$12,F10=$V$8),A10,"")&" "&IF(AND(E11=$S$12,F11=$V$8),A11,"")&" "&IF(AND(E12=$S$12,F12=$V$8),A12,"")&" "&IF(AND(E13=$S$12,F13=$V$8),A13,"")&" "&IF(AND(E14=$S$12,F14=$V$8),A14,"")&" "&IF(AND(E15=$S$12,F15=$V$8),A15,"")&" "&IF(AND(E16=$S$12,F16=$V$8),A16,"")&" "&IF(AND(E17=$S$12,F17=$V$8),A17,"")&" "&IF(AND(E18=$S$12,F18=$V$8),A18,"")&" "&IF(AND(E19=$S$12,F19=$V$8),A19,"")&" "&IF(AND(E20=$S$12,F20=$V$8),A20,"")&" "&IF(AND(E21=$S$12,F21=$V$8),A21,"")&" "&IF(AND(E22=$S$12,F22=$V$8),A22,"")&" "&IF(AND(E23=$S$12,F23=$V$8),A23,"")&" "&IF(AND(E24=$S$12,F24=$V$8),A24,"")&" "&IF(AND(E25=$S$12,F25=$V$8),A25,"")&" "&IF(AND(E26=$S$12,F26=$V$8),A26,"")&" "&IF(AND(E27=$S$12,F27=$V$8),A27,"")&" "&IF(AND(E28=$S$12,F28=$V$8),A28,"") | N12: =+IF(AND(E9=$S$12,F9=$W$8),A9,"")&" "&IF(AND(E10=$S$12,F10=$W$8),A10,"")&" "&IF(AND(E11=$S$12,F11=$W$8),A11,"")&" "&IF(AND(E12=$S$12,F12=$W$8),A12,"")&" "&IF(AND(E13=$S$12,F13=$W$8),A13,"")&" "&IF(AND(E14=$S$12,F14=$W$8),A14,"")&" "&IF(AND(E15=$S$12,F15=$W$8),A15,"")&" "&IF(AND(E16=$S$12,F16=$W$8),A16,"")&" "&IF(AND(E17=$S$12,F17=$W$8),A17,"")&" "&IF(AND(E18=$S$12,F18=$W$8),A18,"")&" "&IF(AND(E19=$S$12,F19=$W$8),A19,"")&" "&IF(AND(E20=$S$12,F20=$W$8),A20,"")&" "&IF(AND(E21=$S$12,F21=$W$8),A21,"")&" "&IF(AND(E22=$S$12,F22=$W$8),A22,"")&" "&IF(AND(E23=$S$12,F23=$W$8),A23,"")&" "&IF(AND(E24=$S$12,F24=$W$8),A24,"")&" "&IF(AND(E25=$S$12,F25=$W$8),A25,"")&" "&IF(AND(E26=$S$12,F26=$W$8),A26,"")&" "&IF(AND(E27=$S$12,F27=$W$8),A27,"")&" "&IF(AND(E28=$S$12,F28=$W$8),A28,"") | O12: =+IF(AND(E9=$S$12,F9=$X$8),A9,"")&" "&IF(AND(E10=$S$12,F10=$X$8),A10,"")&" "&IF(AND(E11=$S$12,F11=$X$8),A11,"")&" "&IF(AND(E12=$S$12,F12=$X$8),A12,"")&" "&IF(AND(E13=$S$12,F13=$X$8),A13,"")&" "&IF(AND(E14=$S$12,F14=$X$8),A14,"")&" "&IF(AND(E15=$S$12,F15=$X$8),A15,"")&" "&IF(AND(E16=$S$12,F16=$X$8),A16,"")&" "&IF(AND(E17=$S$12,F17=$X$8),A17,"")&" "&IF(AND(E18=$S$12,F18=$X$8),A18,"")&" "&IF(AND(E19=$S$12,F19=$X$8),A19,"")&" "&IF(AND(E20=$S$12,F20=$X$8),A20,"")&" "&IF(AND(E21=$S$12,F21=$X$8),A21,"")&" "&IF(AND(E22=$S$12,F22=$X$8),A22,"")&" "&IF(AND(E23=$S$12,F23=$X$8),A23,"")&" "&IF(AND(E24=$S$12,F24=$X$8),A24,"")&" "&IF(AND(E25=$S$12,F25=$X$8),A25,"")&" "&IF(AND(E26=$S$12,F26=$X$8),A26,"")&" "&IF(AND(E27=$S$12,F27=$X$8),A27,"")&" "&IF(AND(E28=$S$12,F28=$X$8),A28,"") | R12: 0.4 | S12: Baja | T12: Bajo | U12: Moderado | V12: Moderado | W12: Alto | X12: Extremo
A13: ='2 CONTEXTO E IDENTIFICACIÓN'!A14 -> GEGI-15 | B13: =+'2 CONTEXTO E IDENTIFICACIÓN'!J10 -> Posibilidad de afectación reputacional porinsatisfacción de los grupos de valor y/o sanciones de entes de control a causa de incumplimiento de los términos de ley para la gestión de solicitudes. | C13: =+'5 VALORACIÓN DEL CONTROL'!T37 -> 0.6 | D13: =+'5 VALORACIÓN DEL CONTROL'!U37 -> 0.4 | E13: =+IF(C13=0,"",IF(C13<=$R$13,$S$13,IF(C13<=$R$12,$S$12,IF(C13<=$R$11,$S$11,IF(C13<=$R$10,$S$10,IF(C13<=$R$9,$S$9,"")))))) -> Media | F13: =+IF(D13=0,"",IF(D13<=$T$7,$T$8,IF(D13<=$U$7,$U$8,IF(D13<=$V$7,$V$8,IF(D13<=$W$7,$W$8,IF(D13<=$X$7,$X$8,"")))))) -> Menor | G13: =+IF(E13=$S$9,IF(F13=$T$8,$T$9,IF(F13=$U$8,$U$9,IF(F13=$V$8,$V$9,IF(F13=$W$8,$W$9,IF(F13=$X$8,$X$9))))),IF(E13=$S$10,IF(F13=$T$8,$T$10,IF(F13=$U$8,$U$10,IF(F13=$V$8,$V$10,IF(F13=$W$8,$W$10,IF(F13=$X$8,$X$10))))),IF(E13=$S$11,IF(F13=$T$8,$T$11,IF(F13=$U$8,$U$11,IF(F13=$V$8,$V$11,IF(F13=$W$8,$W$11,IF(F13=$X$8,$X$11))))),IF(E13=$S$12,IF(F13=$T$8,$T$12,IF(F13=$U$8,$U$12,IF(F13=$V$8,$V$12,IF(F13=$W$8,$W$12,IF(F13=$X$8,$X$12))))),IF(E13=$S$13,IF(F13=$T$8,$T$13,IF(F13=$U$8,$U$13,IF(F13=$V$8,$V$13,IF(F13=$W$8,$W$13,IF(F13=$X$8,$X$13))))),""))))) -> Moderado | J13: Muy Baja | K13: =+IF(AND(E9=$S$13,F9=$T$8),A9,"")&" "&IF(AND(E10=$S$13,F10=$T$8),A10,"")&" "&IF(AND(E11=$S$13,F11=$T$8),A11,"")&" "&IF(AND(E12=$S$13,F12=$T$8),A12,"")&" "&IF(AND(E13=$S$13,F13=$T$8),A13,"")&" "&IF(AND(E14=$S$13,F14=$T$8),A14,"")&" "&IF(AND(E15=$S$13,F15=$T$8),A15,"")&" "&IF(AND(E16=$S$13,F16=$T$8),A16,"")&" "&IF(AND(E17=$S$13,F17=$T$8),A17,"")&" "&IF(AND(E18=$S$13,F18=$T$8),A18,"")&" "&IF(AND(E19=$S$13,F19=$T$8),A19,"")&" "&IF(AND(E20=$S$13,F20=$T$8),A20,"")&" "&IF(AND(E21=$S$13,F21=$T$8),A21,"")&" "&IF(AND(E22=$S$13,F22=$T$8),A22,"")&" "&IF(AND(E23=$S$13,F23=$T$8),A23,"")&" "&IF(AND(E24=$S$13,F24=$T$8),A24,"")&" "&IF(AND(E25=$S$13,F25=$T$8),A25,"")&" "&IF(AND(E26=$S$13,F26=$T$8),A26,"")&" "&IF(AND(E27=$S$13,F27=$T$8),A27,"")&" "&IF(AND(E28=$S$13,F28=$T$8),A28,"") | L13: =+IF(AND(E9=$S$13,F9=$U$8),A9,"")&" "&IF(AND(E10=$S$13,F10=$U$8),A10,"")&" "&IF(AND(E11=$S$13,F11=$U$8),A11,"")&" "&IF(AND(E12=$S$13,F12=$U$8),A12,"")&" "&IF(AND(E13=$S$13,F13=$U$8),A13,"")&" "&IF(AND(E14=$S$13,F14=$U$8),A14,"")&" "&IF(AND(E15=$S$13,F15=$U$8),A15,"")&" "&IF(AND(E16=$S$13,F16=$U$8),A16,"")&" "&IF(AND(E17=$S$13,F17=$U$8),A17,"")&" "&IF(AND(E18=$S$13,F18=$U$8),A18,"")&" "&IF(AND(E19=$S$13,F19=$U$8),A19,"")&" "&IF(AND(E20=$S$13,F20=$U$8),A20,"")&" "&IF(AND(E21=$S$13,F21=$U$8),A21,"")&" "&IF(AND(E22=$S$13,F22=$U$8),A22,"")&" "&IF(AND(E23=$S$13,F23=$U$8),A23,"")&" "&IF(AND(E24=$S$13,F24=$U$8),A24,"")&" "&IF(AND(E25=$S$13,F25=$U$8),A25,"")&" "&IF(AND(E26=$S$13,F26=$U$8),A26,"")&" "&IF(AND(E27=$S$13,F27=$U$8),A27,"")&" "&IF(AND(E28=$S$13,F28=$U$8),A28,"") | M13: =+IF(AND(E9=$S$13,F9=$V$8),A9,"")&" "&IF(AND(E10=$S$13,F10=$V$8),A10,"")&" "&IF(AND(E11=$S$13,F11=$V$8),A11,"")&" "&IF(AND(E12=$S$13,F12=$V$8),A12,"")&" "&IF(AND(E13=$S$13,F13=$V$8),A13,"")&" "&IF(AND(E14=$S$13,F14=$V$8),A14,"")&" "&IF(AND(E15=$S$13,F15=$V$8),A15,"")&" "&IF(AND(E16=$S$13,F16=$V$8),A16,"")&" "&IF(AND(E17=$S$13,F17=$V$8),A17,"")&" "&IF(AND(E18=$S$13,F18=$V$8),A18,"")&" "&IF(AND(E19=$S$13,F19=$V$8),A19,"")&" "&IF(AND(E20=$S$13,F20=$V$8),A20,"")&" "&IF(AND(E21=$S$13,F21=$V$8),A21,"")&" "&IF(AND(E22=$S$13,F22=$V$8),A22,"")&" "&IF(AND(E23=$S$13,F23=$V$8),A23,"")&" "&IF(AND(E24=$S$13,F24=$V$8),A24,"")&" "&IF(AND(E25=$S$13,F25=$V$8),A25,"")&" "&IF(AND(E26=$S$13,F26=$V$8),A26,"")&" "&IF(AND(E27=$S$13,F27=$V$8),A27,"")&" "&IF(AND(E28=$S$13,F28=$V$8),A28,"") | N13: =+IF(AND(E9=$S$13,F9=$W$8),A9,"")&" "&IF(AND(E10=$S$13,F10=$W$8),A10,"")&" "&IF(AND(E11=$S$13,F11=$W$8),A11,"")&" "&IF(AND(E12=$S$13,F12=$W$8),A12,"")&" "&IF(AND(E13=$S$13,F13=$W$8),A13,"")&" "&IF(AND(E14=$S$13,F14=$W$8),A14,"")&" "&IF(AND(E15=$S$13,F15=$W$8),A15,"")&" "&IF(AND(E16=$S$13,F16=$W$8),A16,"")&" "&IF(AND(E17=$S$13,F17=$W$8),A17,"")&" "&IF(AND(E18=$S$13,F18=$W$8),A18,"")&" "&IF(AND(E19=$S$13,F19=$W$8),A19,"")&" "&IF(AND(E20=$S$13,F20=$W$8),A20,"")&" "&IF(AND(E21=$S$13,F21=$W$8),A21,"")&" "&IF(AND(E22=$S$13,F22=$W$8),A22,"")&" "&IF(AND(E23=$S$13,F23=$W$8),A23,"")&" "&IF(AND(E24=$S$13,F24=$W$8),A24,"")&" "&IF(AND(E25=$S$13,F25=$W$8),A25,"")&" "&IF(AND(E26=$S$13,F26=$W$8),A26,"")&" "&IF(AND(E27=$S$13,F27=$W$8),A27,"")&" "&IF(AND(E28=$S$13,F28=$W$8),A28,"") | O13: =+IF(AND(E9=$S$13,F9=$X$8),A9,"")&" "&IF(AND(E10=$S$13,F10=$X$8),A10,"")&" "&IF(AND(E11=$S$13,F11=$X$8),A11,"")&" "&IF(AND(E12=$S$13,F12=$X$8),A12,"")&" "&IF(AND(E13=$S$13,F13=$X$8),A13,"")&" "&IF(AND(E14=$S$13,F14=$X$8),A14,"")&" "&IF(AND(E15=$S$13,F15=$X$8),A15,"")&" "&IF(AND(E16=$S$13,F16=$X$8),A16,"")&" "&IF(AND(E17=$S$13,F17=$X$8),A17,"")&" "&IF(AND(E18=$S$13,F18=$X$8),A18,"")&" "&IF(AND(E19=$S$13,F19=$X$8),A19,"")&" "&IF(AND(E20=$S$13,F20=$X$8),A20,"")&" "&IF(AND(E21=$S$13,F21=$X$8),A21,"")&" "&IF(AND(E22=$S$13,F22=$X$8),A22,"")&" "&IF(AND(E23=$S$13,F23=$X$8),A23,"")&" "&IF(AND(E24=$S$13,F24=$X$8),A24,"")&" "&IF(AND(E25=$S$13,F25=$X$8),A25,"")&" "&IF(AND(E26=$S$13,F26=$X$8),A26,"")&" "&IF(AND(E27=$S$13,F27=$X$8),A27,"")&" "&IF(AND(E28=$S$13,F28=$X$8),A28,"") | R13: 0.2 | S13: Muy Baja | T13: Bajo | U13: Bajo | V13: Moderado | W13: Alto | X13: Extremo
A14: ='2 CONTEXTO E IDENTIFICACIÓN'!A15 -> GEGI-12 | B14: =+'2 CONTEXTO E IDENTIFICACIÓN'!J11 -> Posibilidad de afectación reputacional porfalta de comunicación y credibilidad en la SES a causa de la publicación de información emitida sin la correcta divulgación al interior de la entidad. | C14: =+'5 VALORACIÓN DEL CONTROL'!T43 -> 0.6 | D14: =+'5 VALORACIÓN DEL CONTROL'!U43 -> 0.2 | E14: =+IF(C14=0,"",IF(C14<=$R$13,$S$13,IF(C14<=$R$12,$S$12,IF(C14<=$R$11,$S$11,IF(C14<=$R$10,$S$10,IF(C14<=$R$9,$S$9,"")))))) -> Media | F14: =+IF(D14=0,"",IF(D14<=$T$7,$T$8,IF(D14<=$U$7,$U$8,IF(D14<=$V$7,$V$8,IF(D14<=$W$7,$W$8,IF(D14<=$X$7,$X$8,"")))))) -> Leve | G14: =+IF(E14=$S$9,IF(F14=$T$8,$T$9,IF(F14=$U$8,$U$9,IF(F14=$V$8,$V$9,IF(F14=$W$8,$W$9,IF(F14=$X$8,$X$9))))),IF(E14=$S$10,IF(F14=$T$8,$T$10,IF(F14=$U$8,$U$10,IF(F14=$V$8,$V$10,IF(F14=$W$8,$W$10,IF(F14=$X$8,$X$10))))),IF(E14=$S$11,IF(F14=$T$8,$T$11,IF(F14=$U$8,$U$11,IF(F14=$V$8,$V$11,IF(F14=$W$8,$W$11,IF(F14=$X$8,$X$11))))),IF(E14=$S$12,IF(F14=$T$8,$T$12,IF(F14=$U$8,$U$12,IF(F14=$V$8,$V$12,IF(F14=$W$8,$W$12,IF(F14=$X$8,$X$12))))),IF(E14=$S$13,IF(F14=$T$8,$T$13,IF(F14=$U$8,$U$13,IF(F14=$V$8,$V$13,IF(F14=$W$8,$W$13,IF(F14=$X$8,$X$13))))),""))))) -> Moderado
A15: ='2 CONTEXTO E IDENTIFICACIÓN'!A16 -> R8 | C15: =+'5 VALORACIÓN DEL CONTROL'!T49 -> 0.6 | D15: =+'5 VALORACIÓN DEL CONTROL'!U49 -> 0.2 | E15: =+IF(C15=0,"",IF(C15<=$R$13,$S$13,IF(C15<=$R$12,$S$12,IF(C15<=$R$11,$S$11,IF(C15<=$R$10,$S$10,IF(C15<=$R$9,$S$9,"")))))) -> Media | F15: =+IF(D15=0,"",IF(D15<=$T$7,$T$8,IF(D15<=$U$7,$U$8,IF(D15<=$V$7,$V$8,IF(D15<=$W$7,$W$8,IF(D15<=$X$7,$X$8,"")))))) -> Leve | G15: =+IF(E15=$S$9,IF(F15=$T$8,$T$9,IF(F15=$U$8,$U$9,IF(F15=$V$8,$V$9,IF(F15=$W$8,$W$9,IF(F15=$X$8,$X$9))))),IF(E15=$S$10,IF(F15=$T$8,$T$10,IF(F15=$U$8,$U$10,IF(F15=$V$8,$V$10,IF(F15=$W$8,$W$10,IF(F15=$X$8,$X$10))))),IF(E15=$S$11,IF(F15=$T$8,$T$11,IF(F15=$U$8,$U$11,IF(F15=$V$8,$V$11,IF(F15=$W$8,$W$11,IF(F15=$X$8,$X$11))))),IF(E15=$S$12,IF(F15=$T$8,$T$12,IF(F15=$U$8,$U$12,IF(F15=$V$8,$V$12,IF(F15=$W$8,$W$12,IF(F15=$X$8,$X$12))))),IF(E15=$S$13,IF(F15=$T$8,$T$13,IF(F15=$U$8,$U$13,IF(F15=$V$8,$V$13,IF(F15=$W$8,$W$13,IF(F15=$X$8,$X$13))))),""))))) -> Moderado | T15: NIVELES DE RIESGO
A16: ='2 CONTEXTO E IDENTIFICACIÓN'!A17 -> R9 | C16: =+'5 VALORACIÓN DEL CONTROL'!T55 -> 0.6 | D16: =+'5 VALORACIÓN DEL CONTROL'!U55 | E16: =+IF(C16=0,"",IF(C16<=$R$13,$S$13,IF(C16<=$R$12,$S$12,IF(C16<=$R$11,$S$11,IF(C16<=$R$10,$S$10,IF(C16<=$R$9,$S$9,"")))))) -> Media | F16: =+IF(D16=0,"",IF(D16<=$T$7,$T$8,IF(D16<=$U$7,$U$8,IF(D16<=$V$7,$V$8,IF(D16<=$W$7,$W$8,IF(D16<=$X$7,$X$8,"")))))) | G16: =+IF(E16=$S$9,IF(F16=$T$8,$T$9,IF(F16=$U$8,$U$9,IF(F16=$V$8,$V$9,IF(F16=$W$8,$W$9,IF(F16=$X$8,$X$9))))),IF(E16=$S$10,IF(F16=$T$8,$T$10,IF(F16=$U$8,$U$10,IF(F16=$V$8,$V$10,IF(F16=$W$8,$W$10,IF(F16=$X$8,$X$10))))),IF(E16=$S$11,IF(F16=$T$8,$T$11,IF(F16=$U$8,$U$11,IF(F16=$V$8,$V$11,IF(F16=$W$8,$W$11,IF(F16=$X$8,$X$11))))),IF(E16=$S$12,IF(F16=$T$8,$T$12,IF(F16=$U$8,$U$12,IF(F16=$V$8,$V$12,IF(F16=$W$8,$W$12,IF(F16=$X$8,$X$12))))),IF(E16=$S$13,IF(F16=$T$8,$T$13,IF(F16=$U$8,$U$13,IF(F16=$V$8,$V$13,IF(F16=$W$8,$W$13,IF(F16=$X$8,$X$13))))),""))))) -> FALSE | T16: Extremo
